Workbook

Sheet Estimates
E1: USA 2026 LAWN FALL SOLUTIONS CALCULATOR
S3: Additional Rebates & Bonus Unlocks:
D4: NAME YOUR DRAFT ORDER HERE: | R4: Spend Requirement: | S4: $5k+ | U4: $22k+ | V4: $55k+ | W4: $110k+ | X4: $165k+
D5: Description: | R5: Tier Rebate: | S5: 0.02 | U5: 0.03 | V5: 0.04 | W5: 0.05 | X5: 0.06
D6: Dist/DSR: | S6: =AND($L$41+$L$69>=5000,$L$41+$L$69<22000) -> FALSE | U6: =AND($L$41+$L$69>=22000,$L$41+$L$69<55000) -> FALSE | V6: =AND($L$41+$L$69>=55000,$L$41+$L$69<110000) -> FALSE | W6: =AND($L$41+$L$69>=110000,$L$41+$L$69<165000) -> FALSE | X6: =$L$41+$L$69>=165000 -> TRUE
D7: Envu Horizon ID: | R7: Product: | S7: Dismiss NXT (Warm and Cool) (8+ bottles) | V7: Scion (16+ bottles)
D8: Last Updated:
D9: Created For: | S9: =IF(S11=0,"n/a",S11) -> n/a | V9: =IF(V11=0,"n/a",V11) -> n/a
Q10: October Bonus: | R10: YES | S10: Spend < $55k = 1.0%; Spend > $55k = 2.0%
A11: ZM ADD | J11: HIDE | M11: HIDE | N11: HIDE | O11: HIDE | S11: =IF( L41+L69>5000, IF( AND( L41+L69<55000, SUMIFS(H15:H40,E15:E40,"*Dismiss**NXT*") + SUMIFS(H45:H68,E45:E68,"*Dismiss**NXT*")>=8 ), 0.01, IF( AND( L41+L69>=55000, SUMIFS(H15:H40,E15:E40,"*Dismiss**NXT*") + SUMIFS(H45:H68,E45:E68,"*Dismiss**NXT*")>=8 ), 0.02, "n/a" ) ), "n/a" ) -> n/a | V11: =IF( L41+L69>5000, IF( AND( L41+L69<55000, SUMIFS(H15:H40,E15:E40,"*Scion*") + SUMIFS(H45:H68,E45:E68,"*Scion*")>=16 ), 0.01, IF( AND( L41+L69>=55000, SUMIFS(H15:H40,E15:E40,"*Scion*") + SUMIFS(H45:H68,E45:E68,"*Scion*")>=16 ), 0.02, "n/a" ) ), "n/a" ) -> n/a | W11: =IF( AND( L41>=5000, L41<50000, SUMIFS(H18:H40,E18:E40,"*Resilia*")>=4 ), 0.01, IF( AND( L41>=50000, SUMIFS(H18:H40,E18:E40,"*Resilia*")>=4 ), 0.02, "n/a" ) ) -> n/a
A12: SKU Code | B12: RELEVANT | D12: REBATE FINDER. (Minimum Program Purchase to receive rebates is $5,000) | E12: PRODUCT NAME | F12: UNIT SIZE | G12: CATEGORY | H12: # UNITS | I12: ORIGINAL PRICE | J12: INSEASON SUBTOTAL | K12: EOP PRICE/ UNIT* | L12: INVOICE SUBTOTAL must be a minimum of $5,000 across NOW/FALL program to receive rebates | M12: REBATE TIERS AVAILABLE | N12: REBATE TIERS QUALIFIED | O12: QUALIFIED REBATE PER UNIT | P12: VOLUME BUY REBATES**† | Q12: ENVU EXTRAS + TIER REBATES | R12: NET PRICE/UNIT (all NOW rebates) | S12: TOTAL AFTER REBATE | T12: USE RATE / 1,000 FT2 | U12: USE RATE / ACRE | V12: TOTAL ACRES TREATED | W12: COST/ ACRE | X12: COST/ 1,000 FT2
A15: D00000903-1 | B15: =H15>0 -> FALSE | D15: {=IFERROR( _xlfn.TEXTJOIN( "; ", TRUE, _xlfn._xlws.FILTER( TEXT(PRICING[Rebate $],"$#,##0.00") & " off on " & IF( (PRICING[Min Qty]="") + (PRICING[Min Qty]=0), "1 unit", PRICING[Min Qty] & " units" ), (PRICING[SKU]=$A15) * (PRICING[Rebate $]<>"") ) ), "n/a" )} -> $0.00 off on 1-15 units | E15: =_xlfn.XLOOKUP(A15, PRICING[SKU], PRICING[Product], "") -> Altus® | F15: =_xlfn.XLOOKUP(A15, PRICING[SKU], PRICING[Size], "") -> 64 oz | G15: =IF(_xlfn.XLOOKUP(A15,PRICING[SKU],PRICING[Indication])="I","Insecticide", IF(_xlfn.XLOOKUP(A15,PRICING[SKU],PRICING[Indication])="H","Herbicide", IF(_xlfn.XLOOKUP(A15,PRICING[SKU],PRICING[Indication])="F","Fungicide", IF(_xlfn.XLOOKUP(A15,PRICING[SKU],PRICING[Indication])="PGR","PGR","")))) -> Insecticide | I15: =INDEX(PRICING[2026 In-Season Price],MATCH(A15,PRICING[SKU],0)) -> 471.04 | J15: =IF(H15*I15= 0,"",ROUND(H15*I15,2)) | K15: =INDEX(PRICING[NOW Price],MATCH(A15,PRICING[SKU],0)) -> 471.04 | L15: =IF(H15*K15= 0,"",ROUND(H15*K15,2)) | M15: =INDEX(Rebate_Lookup[Instances],MATCH(A15,Rebate_Lookup[SKU CODE],0)) -> 1 | N15: =IF(H15="","",INDEX(Rebate_Lookup[Qualified Rebate Tier],MATCH(A15,Rebate_Lookup[SKU CODE],0))) | O15: =IF(OR(H15="",N15=""),"", IF(N15=1,INDEX(Rebate_Lookup[REB_MOQ_1],MATCH(A15,Rebate_Lookup[SKU CODE],0)), IF(N15=2,INDEX(Rebate_Lookup[REB_MOQ_2],MATCH(A15,Rebate_Lookup[SKU CODE],0)), IF(N15=3,INDEX(Rebate_Lookup[REB_MOQ_3],MATCH(A15,Rebate_Lookup[SKU CODE],0)), IF(N15=4,INDEX(Rebate_Lookup[REB_MOQ_4],MATCH(A15,Rebate_Lookup[SKU CODE],0)), "#err"))))) | P15: =IF(L41>5000,IF(OR(O15=0,O15=""),"",ROUND(H15*O15,2)),"") | Q15: =IF( H15>0, IF( ISNUMBER(SEARCH("*Specticle**FLO*",E15)), IF( AND(_xlfn.XLOOKUP(A15,PRICING[SKU],PRICING[October Bonus],FALSE),$R$10="YES"), ROUND(L15*$G$86,2), "N/A" ), IFERROR(IF(_xlfn.XLOOKUP(A15,PRICING[SKU],PRICING[October Bonus],FALSE),ROUND(L15*SUM($G$83:$G$86),2),ROUND(L15*SUM($G$83:$G$85),2)),"") ), "" ) | R15: =IFERROR(ROUND((L15-SUM(P15:Q15))/H15,2),"") | S15: =IF(AND(H15<>"",H15>0), ROUND(H15*R15,2),"") | T15: {=IF(OR(H15="",H15=0), ROUND(_xlfn.XLOOKUP(1,(PRICING[SKU]=A15)*(PRICING[Set]=1),PRICING[Standard Use Rate (oz/M)]),2),ROUND( _xlfn.XLOOKUP( 1, (PRICING[SKU]=A15)* (PRICING[Set]=IF( _xlfn.XLOOKUP(A15,Rebate_Lookup[SKU CODE],Rebate_Lookup[MOQ_2])=0, 1, IF( AND( _xlfn.XLOOKUP(A15,Rebate_Lookup[SKU CODE],Rebate_Lookup[MOQ_3])=0, H15>=_xlfn.XLOOKUP(A15,Rebate_Lookup[SKU CODE],Rebate_Lookup[MOQ_2]) ), 2, IF( AND( H15>=_xlfn.XLOOKUP(A15,Rebate_Lookup[SKU CODE],Rebate_Lookup[MOQ_1]), H15<_xlfn.XLOOKUP(A15,Rebate_Lookup[SKU CODE],Rebate_Lookup[MOQ_2]) ), 1, IF( AND( H15>=_xlfn.XLOOKUP(A15,Rebate_Lookup[SKU CODE],Rebate_Lookup[MOQ_2]), OR( _xlfn.XLOOKUP(A15,Rebate_Lookup[SKU CODE],Rebate_Lookup[MOQ_3])=0, H15<_xlfn.XLOOKUP(A15,Rebate_Lookup[SKU CODE],Rebate_Lookup[MOQ_3]) ) ), 2, IF( OR( AND( _xlfn.XLOOKUP(A15,Rebate_Lookup[SKU CODE],Rebate_Lookup[MOQ_4])=0, H15>=_xlfn.XLOOKUP(A15,Rebate_Lookup[SKU CODE],Rebate_Lookup[MOQ_3]) ), AND( _xlfn.XLOOKUP(A15,Rebate_Lookup[SKU CODE],Rebate_Lookup[MOQ_4])>0, H15>=_xlfn.XLOOKUP(A15,Rebate_Lookup[SKU CODE],Rebate_Lookup[MOQ_3]), H15<_xlfn.XLOOKUP(A15,Rebate_Lookup[SKU CODE],Rebate_Lookup[MOQ_4]) ) ), 3, IF( AND( _xlfn.XLOOKUP(A15,Rebate_Lookup[SKU CODE],Rebate_Lookup[MOQ_4])>0, H15>=_xlfn.XLOOKUP(A15,Rebate_Lookup[SKU CODE],Rebate_Lookup[MOQ_4]) ), 4, 1 ) ) ) ) ) )), PRICING[Standard Use Rate (oz/M)] ), 2 ))} -> 0.32 | U15: =ROUND(T15*43.56,2) -> 13.94 | V15: =IF(AND(TRIM(U15)<>"",TRIM(H15)<>""),ROUND(H15*INDEX(PRICING[Package Ounces],MATCH(A15,PRICING[SKU],0))/U15,2),"") | W15: =IF(H15<>0,ROUND(S15/V15,2),0) -> 0 | X15: =ROUND(W15/43.56,2) -> 0
A16: D00000903-2 | B16: =H16>0 -> FALSE | D16: {=IFERROR( _xlfn.TEXTJOIN( "; ", TRUE, _xlfn._xlws.FILTER( TEXT(PRICING[Rebate $],"$#,##0.00") & " off on " & IF( (PRICING[Min Qty]="") + (PRICING[Min Qty]=0), "1 unit", PRICING[Min Qty] & " units" ), (PRICING[SKU]=$A16) * (PRICING[Rebate $]<>"") ) ), "n/a" )} -> $0.00 off on 16-31 units | E16: =_xlfn.XLOOKUP(A16, PRICING[SKU], PRICING[Product], "") -> Altus® | F16: =_xlfn.XLOOKUP(A16, PRICING[SKU], PRICING[Size], "") -> 64 oz | G16: =IF(_xlfn.XLOOKUP(A16,PRICING[SKU],PRICING[Indication])="I","Insecticide", IF(_xlfn.XLOOKUP(A16,PRICING[SKU],PRICING[Indication])="H","Herbicide", IF(_xlfn.XLOOKUP(A16,PRICING[SKU],PRICING[Indication])="F","Fungicide", IF(_xlfn.XLOOKUP(A16,PRICING[SKU],PRICING[Indication])="PGR","PGR","")))) -> Insecticide | I16: =INDEX(PRICING[2026 In-Season Price],MATCH(A16,PRICING[SKU],0)) -> 471.04 | J16: =IF(H16*I16= 0,"",ROUND(H16*I16,2)) | K16: =INDEX(PRICING[NOW Price],MATCH(A16,PRICING[SKU],0)) -> 447.36 | L16: =IF(H16*K16= 0,"",ROUND(H16*K16,2)) | M16: =INDEX(Rebate_Lookup[Instances],MATCH(A16,Rebate_Lookup[SKU CODE],0)) -> 1 | N16: =IF(H16="","",INDEX(Rebate_Lookup[Qualified Rebate Tier],MATCH(A16,Rebate_Lookup[SKU CODE],0))) | O16: =IF(OR(H16="",N16=""),"", IF(N16=1,INDEX(Rebate_Lookup[REB_MOQ_1],MATCH(A16,Rebate_Lookup[SKU CODE],0)), IF(N16=2,INDEX(Rebate_Lookup[REB_MOQ_2],MATCH(A16,Rebate_Lookup[SKU CODE],0)), IF(N16=3,INDEX(Rebate_Lookup[REB_MOQ_3],MATCH(A16,Rebate_Lookup[SKU CODE],0)), IF(N16=4,INDEX(Rebate_Lookup[REB_MOQ_4],MATCH(A16,Rebate_Lookup[SKU CODE],0)), "#err"))))) | P16: =IF(L41>5000,IF(OR(O16=0,O16=""),"",ROUND(H16*O16,2)),"") | Q16: =IF( H16>0, IF( ISNUMBER(SEARCH("*Specticle**FLO*",E16)), IF( AND(_xlfn.XLOOKUP(A16,PRICING[SKU],PRICING[October Bonus],FALSE),$R$10="YES"), ROUND(L16*$G$86,2), "N/A" ), IFERROR(IF(_xlfn.XLOOKUP(A16,PRICING[SKU],PRICING[October Bonus],FALSE),ROUND(L16*SUM($G$83:$G$86),2),ROUND(L16*SUM($G$83:$G$85),2)),"") ), "" ) | R16: =IFERROR(ROUND((L16-SUM(P16:Q16))/H16,2),"") | S16: =IF(AND(H16<>"",H16>0), ROUND(H16*R16,2),"") | T16: {=IF(OR(H16="",H16=0), ROUND(_xlfn.XLOOKUP(1,(PRICING[SKU]=A16)*(PRICING[Set]=1),PRICING[Standard Use Rate (oz/M)]),2),ROUND( _xlfn.XLOOKUP( 1, (PRICING[SKU]=A16)* (PRICING[Set]=IF( _xlfn.XLOOKUP(A16,Rebate_Lookup[SKU CODE],Rebate_Lookup[MOQ_2])=0, 1, IF( AND( _xlfn.XLOOKUP(A16,Rebate_Lookup[SKU CODE],Rebate_Lookup[MOQ_3])=0, H16>=_xlfn.XLOOKUP(A16,Rebate_Lookup[SKU CODE],Rebate_Lookup[MOQ_2]) ), 2, IF( AND( H16>=_xlfn.XLOOKUP(A16,Rebate_Lookup[SKU CODE],Rebate_Lookup[MOQ_1]), H16<_xlfn.XLOOKUP(A16,Rebate_Lookup[SKU CODE],Rebate_Lookup[MOQ_2]) ), 1, IF( AND( H16>=_xlfn.XLOOKUP(A16,Rebate_Lookup[SKU CODE],Rebate_Lookup[MOQ_2]), OR( _xlfn.XLOOKUP(A16,Rebate_Lookup[SKU CODE],Rebate_Lookup[MOQ_3])=0, H16<_xlfn.XLOOKUP(A16,Rebate_Lookup[SKU CODE],Rebate_Lookup[MOQ_3]) ) ), 2, IF( OR( AND( _xlfn.XLOOKUP(A16,Rebate_Lookup[SKU CODE],Rebate_Lookup[MOQ_4])=0, H16>=_xlfn.XLOOKUP(A16,Rebate_Lookup[SKU CODE],Rebate_Lookup[MOQ_3]) ), AND( _xlfn.XLOOKUP(A16,Rebate_Lookup[SKU CODE],Rebate_Lookup[MOQ_4])>0, H16>=_xlfn.XLOOKUP(A16,Rebate_Lookup[SKU CODE],Rebate_Lookup[MOQ_3]), H16<_xlfn.XLOOKUP(A16,Rebate_Lookup[SKU CODE],Rebate_Lookup[MOQ_4]) ) ), 3, IF( AND( _xlfn.XLOOKUP(A16,Rebate_Lookup[SKU CODE],Rebate_Lookup[MOQ_4])>0, H16>=_xlfn.XLOOKUP(A16,Rebate_Lookup[SKU CODE],Rebate_Lookup[MOQ_4]) ), 4, 1 ) ) ) ) ) )), PRICING[Standard Use Rate (oz/M)] ), 2 ))} -> 0.32 | U16: =ROUND(T16*43.56,2) -> 13.94 | V16: =IF(AND(TRIM(U16)<>"",TRIM(H16)<>""),ROUND(H16*INDEX(PRICING[Package Ounces],MATCH(A16,PRICING[SKU],0))/U16,2),"") | W16: =IF(H16<>0,ROUND(S16/V16,2),0) -> 0 | X16: =ROUND(W16/43.56,2) -> 0
A17: D00000903-3 | B17: =H17>0 -> FALSE | D17: {=IFERROR( _xlfn.TEXTJOIN( "; ", TRUE, _xlfn._xlws.FILTER( TEXT(PRICING[Rebate $],"$#,##0.00") & " off on " & IF( (PRICING[Min Qty]="") + (PRICING[Min Qty]=0), "1 unit", PRICING[Min Qty] & " units" ), (PRICING[SKU]=$A17) * (PRICING[Rebate $]<>"") ) ), "n/a" )} -> $0.00 off on 32+ units | E17: =_xlfn.XLOOKUP(A17, PRICING[SKU], PRICING[Product], "") -> Altus® | F17: =_xlfn.XLOOKUP(A17, PRICING[SKU], PRICING[Size], "") -> 64 oz | G17: =IF(_xlfn.XLOOKUP(A17,PRICING[SKU],PRICING[Indication])="I","Insecticide", IF(_xlfn.XLOOKUP(A17,PRICING[SKU],PRICING[Indication])="H","Herbicide", IF(_xlfn.XLOOKUP(A17,PRICING[SKU],PRICING[Indication])="F","Fungicide", IF(_xlfn.XLOOKUP(A17,PRICING[SKU],PRICING[Indication])="PGR","PGR","")))) -> Insecticide | I17: =INDEX(PRICING[2026 In-Season Price],MATCH(A17,PRICING[SKU],0)) -> 471.04 | J17: =IF(H17*I17= 0,"",ROUND(H17*I17,2)) | K17: =INDEX(PRICING[NOW Price],MATCH(A17,PRICING[SKU],0)) -> 423.68 | L17: =IF(H17*K17= 0,"",ROUND(H17*K17,2)) | M17: =INDEX(Rebate_Lookup[Instances],MATCH(A17,Rebate_Lookup[SKU CODE],0)) -> 1 | N17: =IF(H17="","",INDEX(Rebate_Lookup[Qualified Rebate Tier],MATCH(A17,Rebate_Lookup[SKU CODE],0))) | O17: =IF(OR(H17="",N17=""),"", IF(N17=1,INDEX(Rebate_Lookup[REB_MOQ_1],MATCH(A17,Rebate_Lookup[SKU CODE],0)), IF(N17=2,INDEX(Rebate_Lookup[REB_MOQ_2],MATCH(A17,Rebate_Lookup[SKU CODE],0)), IF(N17=3,INDEX(Rebate_Lookup[REB_MOQ_3],MATCH(A17,Rebate_Lookup[SKU CODE],0)), IF(N17=4,INDEX(Rebate_Lookup[REB_MOQ_4],MATCH(A17,Rebate_Lookup[SKU CODE],0)), "#err"))))) | P17: =IF(L41>5000,IF(OR(O17=0,O17=""),"",ROUND(H17*O17,2)),"") | Q17: =IF( H17>0, IF( ISNUMBER(SEARCH("*Specticle**FLO*",E17)), IF( AND(_xlfn.XLOOKUP(A17,PRICING[SKU],PRICING[October Bonus],FALSE),$R$10="YES"), ROUND(L17*$G$86,2), "N/A" ), IFERROR(IF(_xlfn.XLOOKUP(A17,PRICING[SKU],PRICING[October Bonus],FALSE),ROUND(L17*SUM($G$83:$G$86),2),ROUND(L17*SUM($G$83:$G$85),2)),"") ), "" ) | R17: =IFERROR(ROUND((L17-SUM(P17:Q17))/H17,2),"") | S17: =IF(AND(H17<>"",H17>0), ROUND(H17*R17,2),"") | T17: {=IF(OR(H17="",H17=0), ROUND(_xlfn.XLOOKUP(1,(PRICING[SKU]=A17)*(PRICING[Set]=1),PRICING[Standard Use Rate (oz/M)]),2),ROUND( _xlfn.XLOOKUP( 1, (PRICING[SKU]=A17)* (PRICING[Set]=IF( _xlfn.XLOOKUP(A17,Rebate_Lookup[SKU CODE],Rebate_Lookup[MOQ_2])=0, 1, IF( AND( _xlfn.XLOOKUP(A17,Rebate_Lookup[SKU CODE],Rebate_Lookup[MOQ_3])=0, H17>=_xlfn.XLOOKUP(A17,Rebate_Lookup[SKU CODE],Rebate_Lookup[MOQ_2]) ), 2, IF( AND( H17>=_xlfn.XLOOKUP(A17,Rebate_Lookup[SKU CODE],Rebate_Lookup[MOQ_1]), H17<_xlfn.XLOOKUP(A17,Rebate_Lookup[SKU CODE],Rebate_Lookup[MOQ_2]) ), 1, IF( AND( H17>=_xlfn.XLOOKUP(A17,Rebate_Lookup[SKU CODE],Rebate_Lookup[MOQ_2]), OR( _xlfn.XLOOKUP(A17,Rebate_Lookup[SKU CODE],Rebate_Lookup[MOQ_3])=0, H17<_xlfn.XLOOKUP(A17,Rebate_Lookup[SKU CODE],Rebate_Lookup[MOQ_3]) ) ), 2, IF( OR( AND( _xlfn.XLOOKUP(A17,Rebate_Lookup[SKU CODE],Rebate_Lookup[MOQ_4])=0, H17>=_xlfn.XLOOKUP(A17,Rebate_Lookup[SKU CODE],Rebate_Lookup[MOQ_3]) ), AND( _xlfn.XLOOKUP(A17,Rebate_Lookup[SKU CODE],Rebate_Lookup[MOQ_4])>0, H17>=_xlfn.XLOOKUP(A17,Rebate_Lookup[SKU CODE],Rebate_Lookup[MOQ_3]), H17<_xlfn.XLOOKUP(A17,Rebate_Lookup[SKU CODE],Rebate_Lookup[MOQ_4]) ) ), 3, IF( AND( _xlfn.XLOOKUP(A17,Rebate_Lookup[SKU CODE],Rebate_Lookup[MOQ_4])>0, H17>=_xlfn.XLOOKUP(A17,Rebate_Lookup[SKU CODE],Rebate_Lookup[MOQ_4]) ), 4, 1 ) ) ) ) ) )), PRICING[Standard Use Rate (oz/M)] ), 2 ))} -> 0.32 | U17: =ROUND(T17*43.56,2) -> 13.94 | V17: =IF(AND(TRIM(U17)<>"",TRIM(H17)<>""),ROUND(H17*INDEX(PRICING[Package Ounces],MATCH(A17,PRICING[SKU],0))/U17,2),"") | W17: =IF(H17<>0,ROUND(S17/V17,2),0) -> 0 | X17: =ROUND(W17/43.56,2) -> 0
A18: D00001204 | B18: =H18>0 -> FALSE | D18: {=IFERROR( _xlfn.TEXTJOIN( "; ", TRUE, _xlfn._xlws.FILTER( TEXT(PRICING[Rebate $],"$#,##0.00") & " off on " & IF( (PRICING[Min Qty]="") + (PRICING[Min Qty]=0), "1 unit", PRICING[Min Qty] & " units" ), (PRICING[SKU]=$A18) * (PRICING[Rebate $]<>"") * (PRICING[Rebate $]<>0) ) ), "n/a" )} -> $5.00 off on 16+ units | E18: =_xlfn.XLOOKUP(A18, PRICING[SKU], PRICING[Product], "") -> Celsius® WG | F18: =_xlfn.XLOOKUP(A18, PRICING[SKU], PRICING[Size], "") -> 10 oz | G18: =IF(_xlfn.XLOOKUP(A18,PRICING[SKU],PRICING[Indication])="I","Insecticide", IF(_xlfn.XLOOKUP(A18,PRICING[SKU],PRICING[Indication])="H","Herbicide", IF(_xlfn.XLOOKUP(A18,PRICING[SKU],PRICING[Indication])="F","Fungicide", IF(_xlfn.XLOOKUP(A18,PRICING[SKU],PRICING[Indication])="PGR","PGR","")))) -> Herbicide | I18: =INDEX(PRICING[2026 In-Season Price],MATCH(A18,PRICING[SKU],0)) -> 137.2 | J18: =IF(H18*I18= 0,"",ROUND(H18*I18,2)) | K18: =INDEX(PRICING[NOW Price],MATCH(A18,PRICING[SKU],0)) -> 133.2 | L18: =IF(H18*K18= 0,"",ROUND(H18*K18,2)) | M18: =INDEX(Rebate_Lookup[Instances],MATCH(A18,Rebate_Lookup[SKU CODE],0)) -> 2 | N18: =IF(H18="","",INDEX(Rebate_Lookup[Qualified Rebate Tier],MATCH(A18,Rebate_Lookup[SKU CODE],0))) | O18: =IF(OR(H18="",N18=""),"", IF(N18=1,INDEX(Rebate_Lookup[REB_MOQ_1],MATCH(A18,Rebate_Lookup[SKU CODE],0)), IF(N18=2,INDEX(Rebate_Lookup[REB_MOQ_2],MATCH(A18,Rebate_Lookup[SKU CODE],0)), IF(N18=3,INDEX(Rebate_Lookup[REB_MOQ_3],MATCH(A18,Rebate_Lookup[SKU CODE],0)), IF(N18=4,INDEX(Rebate_Lookup[REB_MOQ_4],MATCH(A18,Rebate_Lookup[SKU CODE],0)), "#err"))))) | P18: =IF(L41>5000,IF(OR(O18=0,O18=""),"",ROUND(H18*O18,2)),"") | Q18: =IF( H18>0, IF( ISNUMBER(SEARCH("*Specticle**FLO*",E18)), IF( AND(_xlfn.XLOOKUP(A18,PRICING[SKU],PRICING[October Bonus],FALSE),$R$10="YES"), ROUND(L18*$G$86,2), "N/A" ), IFERROR(IF(_xlfn.XLOOKUP(A18,PRICING[SKU],PRICING[October Bonus],FALSE),ROUND(L18*SUM($G$83:$G$86),2),ROUND(L18*SUM($G$83:$G$85),2)),"") ), "" ) | R18: =IFERROR(ROUND((L18-SUM(P18:Q18))/H18,2),"") | S18: =IF(AND(H18<>"",H18>0), ROUND(H18*R18,2),"") | T18: {=IF(OR(H18="",H18=0), ROUND(_xlfn.XLOOKUP(1,(PRICING[SKU]=A18)*(PRICING[Set]=1),PRICING[Standard Use Rate (oz/M)]),2),ROUND( _xlfn.XLOOKUP( 1, (PRICING[SKU]=A18)* (PRICING[Set]=IF( _xlfn.XLOOKUP(A18,Rebate_Lookup[SKU CODE],Rebate_Lookup[MOQ_2])=0, 1, IF( AND( _xlfn.XLOOKUP(A18,Rebate_Lookup[SKU CODE],Rebate_Lookup[MOQ_3])=0, H18>=_xlfn.XLOOKUP(A18,Rebate_Lookup[SKU CODE],Rebate_Lookup[MOQ_2]) ), 2, IF( AND( H18>=_xlfn.XLOOKUP(A18,Rebate_Lookup[SKU CODE],Rebate_Lookup[MOQ_1]), H18<_xlfn.XLOOKUP(A18,Rebate_Lookup[SKU CODE],Rebate_Lookup[MOQ_2]) ), 1, IF( AND( H18>=_xlfn.XLOOKUP(A18,Rebate_Lookup[SKU CODE],Rebate_Lookup[MOQ_2]), OR( _xlfn.XLOOKUP(A18,Rebate_Lookup[SKU CODE],Rebate_Lookup[MOQ_3])=0, H18<_xlfn.XLOOKUP(A18,Rebate_Lookup[SKU CODE],Rebate_Lookup[MOQ_3]) ) ), 2, IF( OR( AND( _xlfn.XLOOKUP(A18,Rebate_Lookup[SKU CODE],Rebate_Lookup[MOQ_4])=0, H18>=_xlfn.XLOOKUP(A18,Rebate_Lookup[SKU CODE],Rebate_Lookup[MOQ_3]) ), AND( _xlfn.XLOOKUP(A18,Rebate_Lookup[SKU CODE],Rebate_Lookup[MOQ_4])>0, H18>=_xlfn.XLOOKUP(A18,Rebate_Lookup[SKU CODE],Rebate_Lookup[MOQ_3]), H18<_xlfn.XLOOKUP(A18,Rebate_Lookup[SKU CODE],Rebate_Lookup[MOQ_4]) ) ), 3, IF( AND( _xlfn.XLOOKUP(A18,Rebate_Lookup[SKU CODE],Rebate_Lookup[MOQ_4])>0, H18>=_xlfn.XLOOKUP(A18,Rebate_Lookup[SKU CODE],Rebate_Lookup[MOQ_4]) ), 4, 1 ) ) ) ) ) )), PRICING[Standard Use Rate (oz/M)] ), 2 ))} -> 0.08 | U18: =ROUND(T18*43.56,2) -> 3.48 | V18: =IF(AND(TRIM(U18)<>"",TRIM(H18)<>""),ROUND(H18*INDEX(PRICING[Package Ounces],MATCH(A18,PRICING[SKU],0))/U18,2),"") | W18: =IF(H18<>0,ROUND(S18/V18,2),0) -> 0 | X18: =ROUND(W18/43.56,2) -> 0
A19: D00000911 | B19: =H19>0 -> FALSE | D19: {=IFERROR( _xlfn.TEXTJOIN( "; ", TRUE, _xlfn._xlws.FILTER( TEXT(PRICING[Rebate $],"$#,##0.00") & " off on " & IF( (PRICING[Min Qty]="") + (PRICING[Min Qty]=0), "1 unit", PRICING[Min Qty] & " units" ), (PRICING[SKU]=$A19) * (PRICING[Rebate $]<>"") * (PRICING[Rebate $]<>0) ) ), "n/a" )} -> $7.00 off on 16+ units | E19: =_xlfn.XLOOKUP(A19, PRICING[SKU], PRICING[Product], "") -> Celsius® XTRA | F19: =_xlfn.XLOOKUP(A19, PRICING[SKU], PRICING[Size], "") -> 10 oz | G19: =IF(_xlfn.XLOOKUP(A19,PRICING[SKU],PRICING[Indication])="I","Insecticide", IF(_xlfn.XLOOKUP(A19,PRICING[SKU],PRICING[Indication])="H","Herbicide", IF(_xlfn.XLOOKUP(A19,PRICING[SKU],PRICING[Indication])="F","Fungicide", IF(_xlfn.XLOOKUP(A19,PRICING[SKU],PRICING[Indication])="PGR","PGR","")))) -> Herbicide | I19: =INDEX(PRICING[2026 In-Season Price],MATCH(A19,PRICING[SKU],0)) -> 165.3 | J19: =IF(H19*I19= 0,"",ROUND(H19*I19,2)) | K19: =INDEX(PRICING[NOW Price],MATCH(A19,PRICING[SKU],0)) -> 165.3 | L19: =IF(H19*K19= 0,"",ROUND(H19*K19,2)) | M19: =INDEX(Rebate_Lookup[Instances],MATCH(A19,Rebate_Lookup[SKU CODE],0)) -> 2 | N19: =IF(H19="","",INDEX(Rebate_Lookup[Qualified Rebate Tier],MATCH(A19,Rebate_Lookup[SKU CODE],0))) | O19: =IF(OR(H19="",N19=""),"", IF(N19=1,INDEX(Rebate_Lookup[REB_MOQ_1],MATCH(A19,Rebate_Lookup[SKU CODE],0)), IF(N19=2,INDEX(Rebate_Lookup[REB_MOQ_2],MATCH(A19,Rebate_Lookup[SKU CODE],0)), IF(N19=3,INDEX(Rebate_Lookup[REB_MOQ_3],MATCH(A19,Rebate_Lookup[SKU CODE],0)), IF(N19=4,INDEX(Rebate_Lookup[REB_MOQ_4],MATCH(A19,Rebate_Lookup[SKU CODE],0)), "#err"))))) | P19: =IF(L41>5000,IF(OR(O19=0,O19=""),"",ROUND(H19*O19,2)),"") | Q19: =IF( H19>0, IF( ISNUMBER(SEARCH("*Specticle**FLO*",E19)), IF( AND(_xlfn.XLOOKUP(A19,PRICING[SKU],PRICING[October Bonus],FALSE),$R$10="YES"), ROUND(L19*$G$86,2), "N/A" ), IFERROR(IF(_xlfn.XLOOKUP(A19,PRICING[SKU],PRICING[October Bonus],FALSE),ROUND(L19*SUM($G$83:$G$86),2),ROUND(L19*SUM($G$83:$G$85),2)),"") ), "" ) | R19: =IFERROR(ROUND((L19-SUM(P19:Q19))/H19,2),"") | S19: =IF(AND(H19<>"",H19>0), ROUND(H19*R19,2),"") | T19: {=IF(OR(H19="",H19=0), ROUND(_xlfn.XLOOKUP(1,(PRICING[SKU]=A19)*(PRICING[Set]=1),PRICING[Standard Use Rate (oz/M)]),2),ROUND( _xlfn.XLOOKUP( 1, (PRICING[SKU]=A19)* (PRICING[Set]=IF( _xlfn.XLOOKUP(A19,Rebate_Lookup[SKU CODE],Rebate_Lookup[MOQ_2])=0, 1, IF( AND( _xlfn.XLOOKUP(A19,Rebate_Lookup[SKU CODE],Rebate_Lookup[MOQ_3])=0, H19>=_xlfn.XLOOKUP(A19,Rebate_Lookup[SKU CODE],Rebate_Lookup[MOQ_2]) ), 2, IF( AND( H19>=_xlfn.XLOOKUP(A19,Rebate_Lookup[SKU CODE],Rebate_Lookup[MOQ_1]), H19<_xlfn.XLOOKUP(A19,Rebate_Lookup[SKU CODE],Rebate_Lookup[MOQ_2]) ), 1, IF( AND( H19>=_xlfn.XLOOKUP(A19,Rebate_Lookup[SKU CODE],Rebate_Lookup[MOQ_2]), OR( _xlfn.XLOOKUP(A19,Rebate_Lookup[SKU CODE],Rebate_Lookup[MOQ_3])=0, H19<_xlfn.XLOOKUP(A19,Rebate_Lookup[SKU CODE],Rebate_Lookup[MOQ_3]) ) ), 2, IF( OR( AND( _xlfn.XLOOKUP(A19,Rebate_Lookup[SKU CODE],Rebate_Lookup[MOQ_4])=0, H19>=_xlfn.XLOOKUP(A19,Rebate_Lookup[SKU CODE],Rebate_Lookup[MOQ_3]) ), AND( _xlfn.XLOOKUP(A19,Rebate_Lookup[SKU CODE],Rebate_Lookup[MOQ_4])>0, H19>=_xlfn.XLOOKUP(A19,Rebate_Lookup[SKU CODE],Rebate_Lookup[MOQ_3]), H19<_xlfn.XLOOKUP(A19,Rebate_Lookup[SKU CODE],Rebate_Lookup[MOQ_4]) ) ), 3, IF( AND( _xlfn.XLOOKUP(A19,Rebate_Lookup[SKU CODE],Rebate_Lookup[MOQ_4])>0, H19>=_xlfn.XLOOKUP(A19,Rebate_Lookup[SKU CODE],Rebate_Lookup[MOQ_4]) ), 4, 1 ) ) ) ) ) )), PRICING[Standard Use Rate (oz/M)] ), 2 ))} -> 0.17 | U19: =ROUND(T19*43.56,2) -> 7.41 | V19: =IF(AND(TRIM(U19)<>"",TRIM(H19)<>""),ROUND(H19*INDEX(PRICING[Package Ounces],MATCH(A19,PRICING[SKU],0))/U19,2),"") | W19: =IF(H19<>0,ROUND(S19/V19,2),0) -> 0 | X19: =ROUND(W19/43.56,2) -> 0
A20: 11008409 | B20: =H20>0 -> FALSE | D20: {=IFERROR( _xlfn.TEXTJOIN( "; ", TRUE, _xlfn._xlws.FILTER( TEXT(PRICING[Rebate $],"$#,##0.00") & " off on " & IF( (PRICING[Min Qty]="") + (PRICING[Min Qty]=0), "1 unit", PRICING[Min Qty] & " units" ), (PRICING[SKU]=$A20) * (PRICING[Rebate $]<>"") * (PRICING[Rebate $]<>0) ) ), "n/a" )} -> $5.00 off on 1 unit | E20: =_xlfn.XLOOKUP(A20, PRICING[SKU], PRICING[Product], "") -> Dismiss® NXT Herbicide | F20: =_xlfn.XLOOKUP(A20, PRICING[SKU], PRICING[Size], "") -> 10 oz | G20: =IF(_xlfn.XLOOKUP(A20,PRICING[SKU],PRICING[Indication])="I","Insecticide", IF(_xlfn.XLOOKUP(A20,PRICING[SKU],PRICING[Indication])="H","Herbicide", IF(_xlfn.XLOOKUP(A20,PRICING[SKU],PRICING[Indication])="F","Fungicide", IF(_xlfn.XLOOKUP(A20,PRICING[SKU],PRICING[Indication])="PGR","PGR","")))) -> Herbicide | I20: =INDEX(PRICING[2026 In-Season Price],MATCH(A20,PRICING[SKU],0)) -> 99.1 | J20: =IF(H20*I20= 0,"",ROUND(H20*I20,2)) | K20: =INDEX(PRICING[NOW Price],MATCH(A20,PRICING[SKU],0)) -> 94.3 | L20: =IF(H20*K20= 0,"",ROUND(H20*K20,2)) | M20: =INDEX(Rebate_Lookup[Instances],MATCH(A20,Rebate_Lookup[SKU CODE],0)) -> 1 | N20: =IF(H20="","",INDEX(Rebate_Lookup[Qualified Rebate Tier],MATCH(A20,Rebate_Lookup[SKU CODE],0))) | O20: =IF(OR(H20="",N20=""),"", IF(N20=1,INDEX(Rebate_Lookup[REB_MOQ_1],MATCH(A20,Rebate_Lookup[SKU CODE],0)), IF(N20=2,INDEX(Rebate_Lookup[REB_MOQ_2],MATCH(A20,Rebate_Lookup[SKU CODE],0)), IF(N20=3,INDEX(Rebate_Lookup[REB_MOQ_3],MATCH(A20,Rebate_Lookup[SKU CODE],0)), IF(N20=4,INDEX(Rebate_Lookup[REB_MOQ_4],MATCH(A20,Rebate_Lookup[SKU CODE],0)), "#err"))))) | P20: =IF(L41>5000,IF(OR(O20=0,O20=""),"",ROUND(H20*O20,2)),"") | Q20: =IF( H20>0, IF( ISNUMBER(SEARCH("*Specticle**FLO*",E20)), IF( AND(_xlfn.XLOOKUP(A20,PRICING[SKU],PRICING[October Bonus],FALSE),$R$10="YES"), ROUND(L20*$G$86,2), "N/A" ), IFERROR(IF(_xlfn.XLOOKUP(A20,PRICING[SKU],PRICING[October Bonus],FALSE),ROUND(L20*SUM($G$83:$G$86),2),ROUND(L20*SUM($G$83:$G$85),2)),"") ), "" ) | R20: =IFERROR(ROUND((L20-SUM(P20:Q20))/H20,2),"") | S20: =IF(AND(H20<>"",H20>0), ROUND(H20*R20,2),"") | T20: {=IF(OR(H20="",H20=0), ROUND(_xlfn.XLOOKUP(1,(PRICING[SKU]=A20)*(PRICING[Set]=1),PRICING[Standard Use Rate (oz/M)]),2),ROUND( _xlfn.XLOOKUP( 1, (PRICING[SKU]=A20)* (PRICING[Set]=IF( _xlfn.XLOOKUP(A20,Rebate_Lookup[SKU CODE],Rebate_Lookup[MOQ_2])=0, 1, IF( AND( _xlfn.XLOOKUP(A20,Rebate_Lookup[SKU CODE],Rebate_Lookup[MOQ_3])=0, H20>=_xlfn.XLOOKUP(A20,Rebate_Lookup[SKU CODE],Rebate_Lookup[MOQ_2]) ), 2, IF( AND( H20>=_xlfn.XLOOKUP(A20,Rebate_Lookup[SKU CODE],Rebate_Lookup[MOQ_1]), H20<_xlfn.XLOOKUP(A20,Rebate_Lookup[SKU CODE],Rebate_Lookup[MOQ_2]) ), 1, IF( AND( H20>=_xlfn.XLOOKUP(A20,Rebate_Lookup[SKU CODE],Rebate_Lookup[MOQ_2]), OR( _xlfn.XLOOKUP(A20,Rebate_Lookup[SKU CODE],Rebate_Lookup[MOQ_3])=0, H20<_xlfn.XLOOKUP(A20,Rebate_Lookup[SKU CODE],Rebate_Lookup[MOQ_3]) ) ), 2, IF( OR( AND( _xlfn.XLOOKUP(A20,Rebate_Lookup[SKU CODE],Rebate_Lookup[MOQ_4])=0, H20>=_xlfn.XLOOKUP(A20,Rebate_Lookup[SKU CODE],Rebate_Lookup[MOQ_3]) ), AND( _xlfn.XLOOKUP(A20,Rebate_Lookup[SKU CODE],Rebate_Lookup[MOQ_4])>0, H20>=_xlfn.XLOOKUP(A20,Rebate_Lookup[SKU CODE],Rebate_Lookup[MOQ_3]), H20<_xlfn.XLOOKUP(A20,Rebate_Lookup[SKU CODE],Rebate_Lookup[MOQ_4]) ) ), 3, IF( AND( _xlfn.XLOOKUP(A20,Rebate_Lookup[SKU CODE],Rebate_Lookup[MOQ_4])>0, H20>=_xlfn.XLOOKUP(A20,Rebate_Lookup[SKU CODE],Rebate_Lookup[MOQ_4]) ), 4, 1 ) ) ) ) ) )), PRICING[Standard Use Rate (oz/M)] ), 2 ))} -> 0.23 | U20: =ROUND(T20*43.56,2) -> 10.02 | V20: =IF(AND(TRIM(U20)<>"",TRIM(H20)<>""),ROUND(H20*INDEX(PRICING[Package Ounces],MATCH(A20,PRICING[SKU],0))/U20,2),"") | W20: =IF(H20<>0,ROUND(S20/V20,2),0) -> 0 | X20: =ROUND(W20/43.56,2) -> 0
A21: 11008589 | B21: =H21>0 -> FALSE | D21: {=IFERROR( _xlfn.TEXTJOIN( "; ", TRUE, _xlfn._xlws.FILTER( TEXT(PRICING[Rebate $],"$#,##0.00") & " off on " & IF( (PRICING[Min Qty]="") + (PRICING[Min Qty]=0), "1 unit", PRICING[Min Qty] & " units" ), (PRICING[SKU]=$A21) * (PRICING[Rebate $]<>"") * (PRICING[Rebate $]<>0) ) ), "n/a" )} -> $24.00 off on 1-3 units; $58.00 off on 4+ units | E21: =_xlfn.XLOOKUP(A21, PRICING[SKU], PRICING[Product], "") -> Dismiss® NXT Herbicide | F21: =_xlfn.XLOOKUP(A21, PRICING[SKU], PRICING[Size], "") -> 60 oz | G21: =IF(_xlfn.XLOOKUP(A21,PRICING[SKU],PRICING[Indication])="I","Insecticide", IF(_xlfn.XLOOKUP(A21,PRICING[SKU],PRICING[Indication])="H","Herbicide", IF(_xlfn.XLOOKUP(A21,PRICING[SKU],PRICING[Indication])="F","Fungicide", IF(_xlfn.XLOOKUP(A21,PRICING[SKU],PRICING[Indication])="PGR","PGR","")))) -> Herbicide | I21: =INDEX(PRICING[2026 In-Season Price],MATCH(A21,PRICING[SKU],0)) -> 528 | J21: =IF(H21*I21= 0,"",ROUND(H21*I21,2)) | K21: =INDEX(PRICING[NOW Price],MATCH(A21,PRICING[SKU],0)) -> 512.4 | L21: =IF(H21*K21= 0,"",ROUND(H21*K21,2)) | M21: =INDEX(Rebate_Lookup[Instances],MATCH(A21,Rebate_Lookup[SKU CODE],0)) -> 2 | N21: =IF(H21="","",INDEX(Rebate_Lookup[Qualified Rebate Tier],MATCH(A21,Rebate_Lookup[SKU CODE],0))) | O21: =IF(OR(H21="",N21=""),"", IF(N21=1,INDEX(Rebate_Lookup[REB_MOQ_1],MATCH(A21,Rebate_Lookup[SKU CODE],0)), IF(N21=2,INDEX(Rebate_Lookup[REB_MOQ_2],MATCH(A21,Rebate_Lookup[SKU CODE],0)), IF(N21=3,INDEX(Rebate_Lookup[REB_MOQ_3],MATCH(A21,Rebate_Lookup[SKU CODE],0)), IF(N21=4,INDEX(Rebate_Lookup[REB_MOQ_4],MATCH(A21,Rebate_Lookup[SKU CODE],0)), "#err"))))) | P21: =IF(L41>5000,IF(OR(O21=0,O21=""),"",ROUND(H21*O21,2)),"") | Q21: =IF( H21>0, IF( ISNUMBER(SEARCH("*Specticle**FLO*",E21)), IF( AND(_xlfn.XLOOKUP(A21,PRICING[SKU],PRICING[October Bonus],FALSE),$R$10="YES"), ROUND(L21*$G$86,2), "N/A" ), IFERROR(IF(_xlfn.XLOOKUP(A21,PRICING[SKU],PRICING[October Bonus],FALSE),ROUND(L21*SUM($G$83:$G$86),2),ROUND(L21*SUM($G$83:$G$85),2)),"") ), "" ) | R21: =IFERROR(ROUND((L21-SUM(P21:Q21))/H21,2),"") | S21: =IF(AND(H21<>"",H21>0), ROUND(H21*R21,2),"") | T21: {=IF(OR(H21="",H21=0), ROUND(_xlfn.XLOOKUP(1,(PRICING[SKU]=A21)*(PRICING[Set]=1),PRICING[Standard Use Rate (oz/M)]),2),ROUND( _xlfn.XLOOKUP( 1, (PRICING[SKU]=A21)* (PRICING[Set]=IF( _xlfn.XLOOKUP(A21,Rebate_Lookup[SKU CODE],Rebate_Lookup[MOQ_2])=0, 1, IF( AND( _xlfn.XLOOKUP(A21,Rebate_Lookup[SKU CODE],Rebate_Lookup[MOQ_3])=0, H21>=_xlfn.XLOOKUP(A21,Rebate_Lookup[SKU CODE],Rebate_Lookup[MOQ_2]) ), 2, IF( AND( H21>=_xlfn.XLOOKUP(A21,Rebate_Lookup[SKU CODE],Rebate_Lookup[MOQ_1]), H21<_xlfn.XLOOKUP(A21,Rebate_Lookup[SKU CODE],Rebate_Lookup[MOQ_2]) ), 1, IF( AND( H21>=_xlfn.XLOOKUP(A21,Rebate_Lookup[SKU CODE],Rebate_Lookup[MOQ_2]), OR( _xlfn.XLOOKUP(A21,Rebate_Lookup[SKU CODE],Rebate_Lookup[MOQ_3])=0, H21<_xlfn.XLOOKUP(A21,Rebate_Lookup[SKU CODE],Rebate_Lookup[MOQ_3]) ) ), 2, IF( OR( AND( _xlfn.XLOOKUP(A21,Rebate_Lookup[SKU CODE],Rebate_Lookup[MOQ_4])=0, H21>=_xlfn.XLOOKUP(A21,Rebate_Lookup[SKU CODE],Rebate_Lookup[MOQ_3]) ), AND( _xlfn.XLOOKUP(A21,Rebate_Lookup[SKU CODE],Rebate_Lookup[MOQ_4])>0, H21>=_xlfn.XLOOKUP(A21,Rebate_Lookup[SKU CODE],Rebate_Lookup[MOQ_3]), H21<_xlfn.XLOOKUP(A21,Rebate_Lookup[SKU CODE],Rebate_Lookup[MOQ_4]) ) ), 3, IF( AND( _xlfn.XLOOKUP(A21,Rebate_Lookup[SKU CODE],Rebate_Lookup[MOQ_4])>0, H21>=_xlfn.XLOOKUP(A21,Rebate_Lookup[SKU CODE],Rebate_Lookup[MOQ_4]) ), 4, 1 ) ) ) ) ) )), PRICING[Standard Use Rate (oz/M)] ), 2 ))} -> 0.23 | U21: =ROUND(T21*43.56,2) -> 10.02 | V21: =IF(AND(TRIM(U21)<>"",TRIM(H21)<>""),ROUND(H21*INDEX(PRICING[Package Ounces],MATCH(A21,PRICING[SKU],0))/U21,2),"") | W21: =IF(H21<>0,ROUND(S21/V21,2),0) -> 0 | X21: =ROUND(W21/43.56,2) -> 0
A22: 11015390 | B22: =H22>0 -> FALSE | D22: {=IFERROR( _xlfn.TEXTJOIN( "; ", TRUE, _xlfn._xlws.FILTER( TEXT(PRICING[Rebate $],"$#,##0.00") & " off on " & IF( (PRICING[Min Qty]="") + (PRICING[Min Qty]=0), "1 unit", PRICING[Min Qty] & " units" ), (PRICING[SKU]=$A22) * (PRICING[Rebate $]<>"") * (PRICING[Rebate $]<>0) ) ), "n/a" )} -> $185.00 off on 4+ units | E22: =_xlfn.XLOOKUP(A22, PRICING[SKU], PRICING[Product], "") -> Durentis® Insecticide | F22: =_xlfn.XLOOKUP(A22, PRICING[SKU], PRICING[Size], "") -> 16 oz | G22: =IF(_xlfn.XLOOKUP(A22,PRICING[SKU],PRICING[Indication])="I","Insecticide", IF(_xlfn.XLOOKUP(A22,PRICING[SKU],PRICING[Indication])="H","Herbicide", IF(_xlfn.XLOOKUP(A22,PRICING[SKU],PRICING[Indication])="F","Fungicide", IF(_xlfn.XLOOKUP(A22,PRICING[SKU],PRICING[Indication])="PGR","PGR","")))) -> Insecticide | I22: =INDEX(PRICING[2026 In-Season Price],MATCH(A22,PRICING[SKU],0)) -> 658.72 | J22: =IF(H22*I22= 0,"",ROUND(H22*I22,2)) | K22: =INDEX(PRICING[NOW Price],MATCH(A22,PRICING[SKU],0)) -> 560.64 | L22: =IF(H22*K22= 0,"",ROUND(H22*K22,2)) | M22: =INDEX(Rebate_Lookup[Instances],MATCH(A22,Rebate_Lookup[SKU CODE],0)) -> 2 | N22: =IF(H22="","",INDEX(Rebate_Lookup[Qualified Rebate Tier],MATCH(A22,Rebate_Lookup[SKU CODE],0))) | O22: =IF(OR(H22="",N22=""),"", IF(N22=1,INDEX(Rebate_Lookup[REB_MOQ_1],MATCH(A22,Rebate_Lookup[SKU CODE],0)), IF(N22=2,INDEX(Rebate_Lookup[REB_MOQ_2],MATCH(A22,Rebate_Lookup[SKU CODE],0)), IF(N22=3,INDEX(Rebate_Lookup[REB_MOQ_3],MATCH(A22,Rebate_Lookup[SKU CODE],0)), IF(N22=4,INDEX(Rebate_Lookup[REB_MOQ_4],MATCH(A22,Rebate_Lookup[SKU CODE],0)), "#err"))))) | P22: =IF(L41>5000,IF(OR(O22=0,O22=""),"",ROUND(H22*O22,2)),"") | Q22: =IF( H22>0, IF( ISNUMBER(SEARCH("*Specticle**FLO*",E22)), IF( AND(_xlfn.XLOOKUP(A22,PRICING[SKU],PRICING[October Bonus],FALSE),$R$10="YES"), ROUND(L22*$G$86,2), "N/A" ), IFERROR(IF(_xlfn.XLOOKUP(A22,PRICING[SKU],PRICING[October Bonus],FALSE),ROUND(L22*SUM($G$83:$G$86),2),ROUND(L22*SUM($G$83:$G$85),2)),"") ), "" ) | R22: =IFERROR(ROUND((L22-SUM(P22:Q22))/H22,2),"") | S22: =IF(AND(H22<>"",H22>0), ROUND(H22*R22,2),"") | T22: {=IF(OR(H22="",H22=0), ROUND(_xlfn.XLOOKUP(1,(PRICING[SKU]=A22)*(PRICING[Set]=1),PRICING[Standard Use Rate (oz/M)]),2),ROUND( _xlfn.XLOOKUP( 1, (PRICING[SKU]=A22)* (PRICING[Set]=IF( _xlfn.XLOOKUP(A22,Rebate_Lookup[SKU CODE],Rebate_Lookup[MOQ_2])=0, 1, IF( AND( _xlfn.XLOOKUP(A22,Rebate_Lookup[SKU CODE],Rebate_Lookup[MOQ_3])=0, H22>=_xlfn.XLOOKUP(A22,Rebate_Lookup[SKU CODE],Rebate_Lookup[MOQ_2]) ), 2, IF( AND( H22>=_xlfn.XLOOKUP(A22,Rebate_Lookup[SKU CODE],Rebate_Lookup[MOQ_1]), H22<_xlfn.XLOOKUP(A22,Rebate_Lookup[SKU CODE],Rebate_Lookup[MOQ_2]) ), 1, IF( AND( H22>=_xlfn.XLOOKUP(A22,Rebate_Lookup[SKU CODE],Rebate_Lookup[MOQ_2]), OR( _xlfn.XLOOKUP(A22,Rebate_Lookup[SKU CODE],Rebate_Lookup[MOQ_3])=0, H22<_xlfn.XLOOKUP(A22,Rebate_Lookup[SKU CODE],Rebate_Lookup[MOQ_3]) ) ), 2, IF( OR( AND( _xlfn.XLOOKUP(A22,Rebate_Lookup[SKU CODE],Rebate_Lookup[MOQ_4])=0, H22>=_xlfn.XLOOKUP(A22,Rebate_Lookup[SKU CODE],Rebate_Lookup[MOQ_3]) ), AND( _xlfn.XLOOKUP(A22,Rebate_Lookup[SKU CODE],Rebate_Lookup[MOQ_4])>0, H22>=_xlfn.XLOOKUP(A22,Rebate_Lookup[SKU CODE],Rebate_Lookup[MOQ_3]), H22<_xlfn.XLOOKUP(A22,Rebate_Lookup[SKU CODE],Rebate_Lookup[MOQ_4]) ) ), 3, IF( AND( _xlfn.XLOOKUP(A22,Rebate_Lookup[SKU CODE],Rebate_Lookup[MOQ_4])>0, H22>=_xlfn.XLOOKUP(A22,Rebate_Lookup[SKU CODE],Rebate_Lookup[MOQ_4]) ), 4, 1 ) ) ) ) ) )), PRICING[Standard Use Rate (oz/M)] ), 2 ))} -> 0.06 | U22: =ROUND(T22*43.56,2) -> 2.61 | V22: =IF(AND(TRIM(U22)<>"",TRIM(H22)<>""),ROUND(H22*INDEX(PRICING[Package Ounces],MATCH(A22,PRICING[SKU],0))/U22,2),"") | W22: =IF(H22<>0,ROUND(S22/V22,2),0) -> 0 | X22: =ROUND(W22/43.56,2) -> 0
A23: 11015391 | B23: =H23>0 -> FALSE | D23: {=IFERROR( _xlfn.TEXTJOIN( "; ", TRUE, _xlfn._xlws.FILTER( TEXT(PRICING[Rebate $],"$#,##0.00") & " off on " & IF( (PRICING[Min Qty]="") + (PRICING[Min Qty]=0), "1 unit", PRICING[Min Qty] & " units" ), (PRICING[SKU]=$A23) * (PRICING[Rebate $]<>"") * (PRICING[Rebate $]<>0) ) ), "n/a" )} -> $482.00 off on 2-3 units; $650.00 off on 4+ units | E23: =_xlfn.XLOOKUP(A23, PRICING[SKU], PRICING[Product], "") -> Durentis® Insecticide | F23: =_xlfn.XLOOKUP(A23, PRICING[SKU], PRICING[Size], "") -> 64 oz | G23: =IF(_xlfn.XLOOKUP(A23,PRICING[SKU],PRICING[Indication])="I","Insecticide", IF(_xlfn.XLOOKUP(A23,PRICING[SKU],PRICING[Indication])="H","Herbicide", IF(_xlfn.XLOOKUP(A23,PRICING[SKU],PRICING[Indication])="F","Fungicide", IF(_xlfn.XLOOKUP(A23,PRICING[SKU],PRICING[Indication])="PGR","PGR","")))) -> Insecticide | I23: =INDEX(PRICING[2026 In-Season Price],MATCH(A23,PRICING[SKU],0)) -> 2470.4 | J23: =IF(H23*I23= 0,"",ROUND(H23*I23,2)) | K23: =INDEX(PRICING[NOW Price],MATCH(A23,PRICING[SKU],0)) -> 2100.48 | L23: =IF(H23*K23= 0,"",ROUND(H23*K23,2)) | M23: =INDEX(Rebate_Lookup[Instances],MATCH(A23,Rebate_Lookup[SKU CODE],0)) -> 3 | N23: =IF(H23="","",INDEX(Rebate_Lookup[Qualified Rebate Tier],MATCH(A23,Rebate_Lookup[SKU CODE],0))) | O23: =IF(OR(H23="",N23=""),"", IF(N23=1,INDEX(Rebate_Lookup[REB_MOQ_1],MATCH(A23,Rebate_Lookup[SKU CODE],0)), IF(N23=2,INDEX(Rebate_Lookup[REB_MOQ_2],MATCH(A23,Rebate_Lookup[SKU CODE],0)), IF(N23=3,INDEX(Rebate_Lookup[REB_MOQ_3],MATCH(A23,Rebate_Lookup[SKU CODE],0)), IF(N23=4,INDEX(Rebate_Lookup[REB_MOQ_4],MATCH(A23,Rebate_Lookup[SKU CODE],0)), "#err"))))) | P23: =IF(L41>5000,IF(OR(O23=0,O23=""),"",ROUND(H23*O23,2)),"") | Q23: =IF( H23>0, IF( ISNUMBER(SEARCH("*Specticle**FLO*",E23)), IF( AND(_xlfn.XLOOKUP(A23,PRICING[SKU],PRICING[October Bonus],FALSE),$R$10="YES"), ROUND(L23*$G$86,2), "N/A" ), IFERROR(IF(_xlfn.XLOOKUP(A23,PRICING[SKU],PRICING[October Bonus],FALSE),ROUND(L23*SUM($G$83:$G$86),2),ROUND(L23*SUM($G$83:$G$85),2)),"") ), "" ) | R23: =IFERROR(ROUND((L23-SUM(P23:Q23))/H23,2),"") | S23: =IF(AND(H23<>"",H23>0), ROUND(H23*R23,2),"") | T23: {=IF(OR(H23="",H23=0), ROUND(_xlfn.XLOOKUP(1,(PRICING[SKU]=A23)*(PRICING[Set]=1),PRICING[Standard Use Rate (oz/M)]),2),ROUND( _xlfn.XLOOKUP( 1, (PRICING[SKU]=A23)* (PRICING[Set]=IF( _xlfn.XLOOKUP(A23,Rebate_Lookup[SKU CODE],Rebate_Lookup[MOQ_2])=0, 1, IF( AND( _xlfn.XLOOKUP(A23,Rebate_Lookup[SKU CODE],Rebate_Lookup[MOQ_3])=0, H23>=_xlfn.XLOOKUP(A23,Rebate_Lookup[SKU CODE],Rebate_Lookup[MOQ_2]) ), 2, IF( AND( H23>=_xlfn.XLOOKUP(A23,Rebate_Lookup[SKU CODE],Rebate_Lookup[MOQ_1]), H23<_xlfn.XLOOKUP(A23,Rebate_Lookup[SKU CODE],Rebate_Lookup[MOQ_2]) ), 1, IF( AND( H23>=_xlfn.XLOOKUP(A23,Rebate_Lookup[SKU CODE],Rebate_Lookup[MOQ_2]), OR( _xlfn.XLOOKUP(A23,Rebate_Lookup[SKU CODE],Rebate_Lookup[MOQ_3])=0, H23<_xlfn.XLOOKUP(A23,Rebate_Lookup[SKU CODE],Rebate_Lookup[MOQ_3]) ) ), 2, IF( OR( AND( _xlfn.XLOOKUP(A23,Rebate_Lookup[SKU CODE],Rebate_Lookup[MOQ_4])=0, H23>=_xlfn.XLOOKUP(A23,Rebate_Lookup[SKU CODE],Rebate_Lookup[MOQ_3]) ), AND( _xlfn.XLOOKUP(A23,Rebate_Lookup[SKU CODE],Rebate_Lookup[MOQ_4])>0, H23>=_xlfn.XLOOKUP(A23,Rebate_Lookup[SKU CODE],Rebate_Lookup[MOQ_3]), H23<_xlfn.XLOOKUP(A23,Rebate_Lookup[SKU CODE],Rebate_Lookup[MOQ_4]) ) ), 3, IF( AND( _xlfn.XLOOKUP(A23,Rebate_Lookup[SKU CODE],Rebate_Lookup[MOQ_4])>0, H23>=_xlfn.XLOOKUP(A23,Rebate_Lookup[SKU CODE],Rebate_Lookup[MOQ_4]) ), 4, 1 ) ) ) ) ) )), PRICING[Standard Use Rate (oz/M)] ), 2 ))} -> 0.06 | U23: =ROUND(T23*43.56,2) -> 2.61 | V23: =IF(AND(TRIM(U23)<>"",TRIM(H23)<>""),ROUND(H23*INDEX(PRICING[Package Ounces],MATCH(A23,PRICING[SKU],0))/U23,2),"") | W23: =IF(H23<>0,ROUND(S23/V23,2),0) -> 0 | X23: =ROUND(W23/43.56,2) -> 0
A24: 11008464 | B24: =H24>0 -> FALSE | D24: {=IFERROR( _xlfn.TEXTJOIN( "; ", TRUE, _xlfn._xlws.FILTER( TEXT(PRICING[Rebate $],"$#,##0.00") & " off on " & IF( (PRICING[Min Qty]="") + (PRICING[Min Qty]=0), "1 unit", PRICING[Min Qty] & " units" ), (PRICING[SKU]=$A24) * (PRICING[Rebate $]<>"") * (PRICING[Rebate $]<>0) ) ), "n/a" )} -> $47.00 off on 8+ units | E24: =_xlfn.XLOOKUP(A24, PRICING[SKU], PRICING[Product], "") -> Echelon® 4SC Herbicide | F24: =_xlfn.XLOOKUP(A24, PRICING[SKU], PRICING[Size], "") -> 1 gal | G24: =IF(_xlfn.XLOOKUP(A24,PRICING[SKU],PRICING[Indication])="I","Insecticide", IF(_xlfn.XLOOKUP(A24,PRICING[SKU],PRICING[Indication])="H","Herbicide", IF(_xlfn.XLOOKUP(A24,PRICING[SKU],PRICING[Indication])="F","Fungicide", IF(_xlfn.XLOOKUP(A24,PRICING[SKU],PRICING[Indication])="PGR","PGR","")))) -> Herbicide | I24: =INDEX(PRICING[2026 In-Season Price],MATCH(A24,PRICING[SKU],0)) -> 464.64 | J24: =IF(H24*I24= 0,"",ROUND(H24*I24,2)) | K24: =INDEX(PRICING[NOW Price],MATCH(A24,PRICING[SKU],0)) -> 464.64 | L24: =IF(H24*K24= 0,"",ROUND(H24*K24,2)) | M24: =INDEX(Rebate_Lookup[Instances],MATCH(A24,Rebate_Lookup[SKU CODE],0)) -> 2 | N24: =IF(H24="","",INDEX(Rebate_Lookup[Qualified Rebate Tier],MATCH(A24,Rebate_Lookup[SKU CODE],0))) | O24: =IF(OR(H24="",N24=""),"", IF(N24=1,INDEX(Rebate_Lookup[REB_MOQ_1],MATCH(A24,Rebate_Lookup[SKU CODE],0)), IF(N24=2,INDEX(Rebate_Lookup[REB_MOQ_2],MATCH(A24,Rebate_Lookup[SKU CODE],0)), IF(N24=3,INDEX(Rebate_Lookup[REB_MOQ_3],MATCH(A24,Rebate_Lookup[SKU CODE],0)), IF(N24=4,INDEX(Rebate_Lookup[REB_MOQ_4],MATCH(A24,Rebate_Lookup[SKU CODE],0)), "#err"))))) | P24: =IF(L41>5000,IF(OR(O24=0,O24=""),"",ROUND(H24*O24,2)),"") | Q24: =IF( H24>0, IF( ISNUMBER(SEARCH("*Specticle**FLO*",E24)), IF( AND(_xlfn.XLOOKUP(A24,PRICING[SKU],PRICING[October Bonus],FALSE),$R$10="YES"), ROUND(L24*$G$86,2), "N/A" ), IFERROR(IF(_xlfn.XLOOKUP(A24,PRICING[SKU],PRICING[October Bonus],FALSE),ROUND(L24*SUM($G$83:$G$86),2),ROUND(L24*SUM($G$83:$G$85),2)),"") ), "" ) | R24: =IFERROR(ROUND((L24-SUM(P24:Q24))/H24,2),"") | S24: =IF(AND(H24<>"",H24>0), ROUND(H24*R24,2),"") | T24: {=IF(OR(H24="",H24=0), ROUND(_xlfn.XLOOKUP(1,(PRICING[SKU]=A24)*(PRICING[Set]=1),PRICING[Standard Use Rate (oz/M)]),2),ROUND( _xlfn.XLOOKUP( 1, (PRICING[SKU]=A24)* (PRICING[Set]=IF( _xlfn.XLOOKUP(A24,Rebate_Lookup[SKU CODE],Rebate_Lookup[MOQ_2])=0, 1, IF( AND( _xlfn.XLOOKUP(A24,Rebate_Lookup[SKU CODE],Rebate_Lookup[MOQ_3])=0, H24>=_xlfn.XLOOKUP(A24,Rebate_Lookup[SKU CODE],Rebate_Lookup[MOQ_2]) ), 2, IF( AND( H24>=_xlfn.XLOOKUP(A24,Rebate_Lookup[SKU CODE],Rebate_Lookup[MOQ_1]), H24<_xlfn.XLOOKUP(A24,Rebate_Lookup[SKU CODE],Rebate_Lookup[MOQ_2]) ), 1, IF( AND( H24>=_xlfn.XLOOKUP(A24,Rebate_Lookup[SKU CODE],Rebate_Lookup[MOQ_2]), OR( _xlfn.XLOOKUP(A24,Rebate_Lookup[SKU CODE],Rebate_Lookup[MOQ_3])=0, H24<_xlfn.XLOOKUP(A24,Rebate_Lookup[SKU CODE],Rebate_Lookup[MOQ_3]) ) ), 2, IF( OR( AND( _xlfn.XLOOKUP(A24,Rebate_Lookup[SKU CODE],Rebate_Lookup[MOQ_4])=0, H24>=_xlfn.XLOOKUP(A24,Rebate_Lookup[SKU CODE],Rebate_Lookup[MOQ_3]) ), AND( _xlfn.XLOOKUP(A24,Rebate_Lookup[SKU CODE],Rebate_Lookup[MOQ_4])>0, H24>=_xlfn.XLOOKUP(A24,Rebate_Lookup[SKU CODE],Rebate_Lookup[MOQ_3]), H24<_xlfn.XLOOKUP(A24,Rebate_Lookup[SKU CODE],Rebate_Lookup[MOQ_4]) ) ), 3, IF( AND( _xlfn.XLOOKUP(A24,Rebate_Lookup[SKU CODE],Rebate_Lookup[MOQ_4])>0, H24>=_xlfn.XLOOKUP(A24,Rebate_Lookup[SKU CODE],Rebate_Lookup[MOQ_4]) ), 4, 1 ) ) ) ) ) )), PRICING[Standard Use Rate (oz/M)] ), 2 ))} -> 0.55 | U24: =ROUND(T24*43.56,2) -> 23.96 | V24: =IF(AND(TRIM(U24)<>"",TRIM(H24)<>""),ROUND(H24*INDEX(PRICING[Package Ounces],MATCH(A24,PRICING[SKU],0))/U24,2),"") | W24: =IF(H24<>0,ROUND(S24/V24,2),0) -> 0 | X24: =ROUND(W24/43.56,2) -> 0
A25: 11008557 | B25: =H25>0 -> FALSE | D25: {=IFERROR( _xlfn.TEXTJOIN( "; ", TRUE, _xlfn._xlws.FILTER( TEXT(PRICING[Rebate $],"$#,##0.00") & " off on " & IF( (PRICING[Min Qty]="") + (PRICING[Min Qty]=0), "1 unit", PRICING[Min Qty] & " units" ), (PRICING[SKU]=$A25) * (PRICING[Rebate $]<>"") * (PRICING[Rebate $]<>0) ) ), "n/a" )} -> $395.00 off on 4+ units | E25: =_xlfn.XLOOKUP(A25, PRICING[SKU], PRICING[Product], "") -> Fame® SC Fungicide | F25: =_xlfn.XLOOKUP(A25, PRICING[SKU], PRICING[Size], "") -> 64 oz | G25: =IF(_xlfn.XLOOKUP(A25,PRICING[SKU],PRICING[Indication])="I","Insecticide", IF(_xlfn.XLOOKUP(A25,PRICING[SKU],PRICING[Indication])="H","Herbicide", IF(_xlfn.XLOOKUP(A25,PRICING[SKU],PRICING[Indication])="F","Fungicide", IF(_xlfn.XLOOKUP(A25,PRICING[SKU],PRICING[Indication])="PGR","PGR","")))) -> Fungicide | I25: =INDEX(PRICING[2026 In-Season Price],MATCH(A25,PRICING[SKU],0)) -> 1652.48 | J25: =IF(H25*I25= 0,"",ROUND(H25*I25,2)) | K25: =INDEX(PRICING[NOW Price],MATCH(A25,PRICING[SKU],0)) -> 1652.48 | L25: =IF(H25*K25= 0,"",ROUND(H25*K25,2)) | M25: =INDEX(Rebate_Lookup[Instances],MATCH(A25,Rebate_Lookup[SKU CODE],0)) -> 2 | N25: =IF(H25="","",INDEX(Rebate_Lookup[Qualified Rebate Tier],MATCH(A25,Rebate_Lookup[SKU CODE],0))) | O25: =IF(OR(H25="",N25=""),"", IF(N25=1,INDEX(Rebate_Lookup[REB_MOQ_1],MATCH(A25,Rebate_Lookup[SKU CODE],0)), IF(N25=2,INDEX(Rebate_Lookup[REB_MOQ_2],MATCH(A25,Rebate_Lookup[SKU CODE],0)), IF(N25=3,INDEX(Rebate_Lookup[REB_MOQ_3],MATCH(A25,Rebate_Lookup[SKU CODE],0)), IF(N25=4,INDEX(Rebate_Lookup[REB_MOQ_4],MATCH(A25,Rebate_Lookup[SKU CODE],0)), "#err"))))) | P25: =IF(L41>5000,IF(OR(O25=0,O25=""),"",ROUND(H25*O25,2)),"") | Q25: =IF( H25>0, IF( ISNUMBER(SEARCH("*Specticle**FLO*",E25)), IF( AND(_xlfn.XLOOKUP(A25,PRICING[SKU],PRICING[October Bonus],FALSE),$R$10="YES"), ROUND(L25*$G$86,2), "N/A" ), IFERROR(IF(_xlfn.XLOOKUP(A25,PRICING[SKU],PRICING[October Bonus],FALSE),ROUND(L25*SUM($G$83:$G$86),2),ROUND(L25*SUM($G$83:$G$85),2)),"") ), "" ) | R25: =IFERROR(ROUND((L25-SUM(P25:Q25))/H25,2),"") | S25: =IF(AND(H25<>"",H25>0), ROUND(H25*R25,2),"") | T25: {=IF(OR(H25="",H25=0), ROUND(_xlfn.XLOOKUP(1,(PRICING[SKU]=A25)*(PRICING[Set]=1),PRICING[Standard Use Rate (oz/M)]),2),ROUND( _xlfn.XLOOKUP( 1, (PRICING[SKU]=A25)* (PRICING[Set]=IF( _xlfn.XLOOKUP(A25,Rebate_Lookup[SKU CODE],Rebate_Lookup[MOQ_2])=0, 1, IF( AND( _xlfn.XLOOKUP(A25,Rebate_Lookup[SKU CODE],Rebate_Lookup[MOQ_3])=0, H25>=_xlfn.XLOOKUP(A25,Rebate_Lookup[SKU CODE],Rebate_Lookup[MOQ_2]) ), 2, IF( AND( H25>=_xlfn.XLOOKUP(A25,Rebate_Lookup[SKU CODE],Rebate_Lookup[MOQ_1]), H25<_xlfn.XLOOKUP(A25,Rebate_Lookup[SKU CODE],Rebate_Lookup[MOQ_2]) ), 1, IF( AND( H25>=_xlfn.XLOOKUP(A25,Rebate_Lookup[SKU CODE],Rebate_Lookup[MOQ_2]), OR( _xlfn.XLOOKUP(A25,Rebate_Lookup[SKU CODE],Rebate_Lookup[MOQ_3])=0, H25<_xlfn.XLOOKUP(A25,Rebate_Lookup[SKU CODE],Rebate_Lookup[MOQ_3]) ) ), 2, IF( OR( AND( _xlfn.XLOOKUP(A25,Rebate_Lookup[SKU CODE],Rebate_Lookup[MOQ_4])=0, H25>=_xlfn.XLOOKUP(A25,Rebate_Lookup[SKU CODE],Rebate_Lookup[MOQ_3]) ), AND( _xlfn.XLOOKUP(A25,Rebate_Lookup[SKU CODE],Rebate_Lookup[MOQ_4])>0, H25>=_xlfn.XLOOKUP(A25,Rebate_Lookup[SKU CODE],Rebate_Lookup[MOQ_3]), H25<_xlfn.XLOOKUP(A25,Rebate_Lookup[SKU CODE],Rebate_Lookup[MOQ_4]) ) ), 3, IF( AND( _xlfn.XLOOKUP(A25,Rebate_Lookup[SKU CODE],Rebate_Lookup[MOQ_4])>0, H25>=_xlfn.XLOOKUP(A25,Rebate_Lookup[SKU CODE],Rebate_Lookup[MOQ_4]) ), 4, 1 ) ) ) ) ) )), PRICING[Standard Use Rate (oz/M)] ), 2 ))} -> 0.36 | U25: =ROUND(T25*43.56,2) -> 15.68 | V25: =IF(AND(TRIM(U25)<>"",TRIM(H25)<>""),ROUND(H25*INDEX(PRICING[Package Ounces],MATCH(A25,PRICING[SKU],0))/U25,2),"") | W25: =IF(H25<>0,ROUND(S25/V25,2),0) -> 0 | X25: =ROUND(W25/43.56,2) -> 0
A26: 11009500 | B26: =H26>0 -> FALSE | D26: {=IFERROR( _xlfn.TEXTJOIN( "; ", TRUE, _xlfn._xlws.FILTER( TEXT(PRICING[Rebate $],"$#,##0.00") & " off on " & IF( (PRICING[Min Qty]="") + (PRICING[Min Qty]=0), "1 unit", PRICING[Min Qty] & " units" ), (PRICING[SKU]=$A26) * (PRICING[Rebate $]<>"") * (PRICING[Rebate $]<>0) ) ), "n/a" )} -> $1,290.00 off on 1-3 units; $1,390.00 off on 4+ units | E26: =_xlfn.XLOOKUP(A26, PRICING[SKU], PRICING[Product], "") -> Fame® SC Fungicide | F26: =_xlfn.XLOOKUP(A26, PRICING[SKU], PRICING[Size], "") -> 2.5 gal | G26: =IF(_xlfn.XLOOKUP(A26,PRICING[SKU],PRICING[Indication])="I","Insecticide", IF(_xlfn.XLOOKUP(A26,PRICING[SKU],PRICING[Indication])="H","Herbicide", IF(_xlfn.XLOOKUP(A26,PRICING[SKU],PRICING[Indication])="F","Fungicide", IF(_xlfn.XLOOKUP(A26,PRICING[SKU],PRICING[Indication])="PGR","PGR","")))) -> Fungicide | I26: =INDEX(PRICING[2026 In-Season Price],MATCH(A26,PRICING[SKU],0)) -> 7462.4 | J26: =IF(H26*I26= 0,"",ROUND(H26*I26,2)) | K26: =INDEX(PRICING[NOW Price],MATCH(A26,PRICING[SKU],0)) -> 7462.4 | L26: =IF(H26*K26= 0,"",ROUND(H26*K26,2)) | M26: =INDEX(Rebate_Lookup[Instances],MATCH(A26,Rebate_Lookup[SKU CODE],0)) -> 2 | N26: =IF(H26="","",INDEX(Rebate_Lookup[Qualified Rebate Tier],MATCH(A26,Rebate_Lookup[SKU CODE],0))) | O26: =IF(OR(H26="",N26=""),"", IF(N26=1,INDEX(Rebate_Lookup[REB_MOQ_1],MATCH(A26,Rebate_Lookup[SKU CODE],0)), IF(N26=2,INDEX(Rebate_Lookup[REB_MOQ_2],MATCH(A26,Rebate_Lookup[SKU CODE],0)), IF(N26=3,INDEX(Rebate_Lookup[REB_MOQ_3],MATCH(A26,Rebate_Lookup[SKU CODE],0)), IF(N26=4,INDEX(Rebate_Lookup[REB_MOQ_4],MATCH(A26,Rebate_Lookup[SKU CODE],0)), "#err"))))) | P26: =IF(L41>5000,IF(OR(O26=0,O26=""),"",ROUND(H26*O26,2)),"") | Q26: =IF( H26>0, IF( ISNUMBER(SEARCH("*Specticle**FLO*",E26)), IF( AND(_xlfn.XLOOKUP(A26,PRICING[SKU],PRICING[October Bonus],FALSE),$R$10="YES"), ROUND(L26*$G$86,2), "N/A" ), IFERROR(IF(_xlfn.XLOOKUP(A26,PRICING[SKU],PRICING[October Bonus],FALSE),ROUND(L26*SUM($G$83:$G$86),2),ROUND(L26*SUM($G$83:$G$85),2)),"") ), "" ) | R26: =IFERROR(ROUND((L26-SUM(P26:Q26))/H26,2),"") | S26: =IF(AND(H26<>"",H26>0), ROUND(H26*R26,2),"") | T26: {=IF(OR(H26="",H26=0), ROUND(_xlfn.XLOOKUP(1,(PRICING[SKU]=A26)*(PRICING[Set]=1),PRICING[Standard Use Rate (oz/M)]),2),ROUND( _xlfn.XLOOKUP( 1, (PRICING[SKU]=A26)* (PRICING[Set]=IF( _xlfn.XLOOKUP(A26,Rebate_Lookup[SKU CODE],Rebate_Lookup[MOQ_2])=0, 1, IF( AND( _xlfn.XLOOKUP(A26,Rebate_Lookup[SKU CODE],Rebate_Lookup[MOQ_3])=0, H26>=_xlfn.XLOOKUP(A26,Rebate_Lookup[SKU CODE],Rebate_Lookup[MOQ_2]) ), 2, IF( AND( H26>=_xlfn.XLOOKUP(A26,Rebate_Lookup[SKU CODE],Rebate_Lookup[MOQ_1]), H26<_xlfn.XLOOKUP(A26,Rebate_Lookup[SKU CODE],Rebate_Lookup[MOQ_2]) ), 1, IF( AND( H26>=_xlfn.XLOOKUP(A26,Rebate_Lookup[SKU CODE],Rebate_Lookup[MOQ_2]), OR( _xlfn.XLOOKUP(A26,Rebate_Lookup[SKU CODE],Rebate_Lookup[MOQ_3])=0, H26<_xlfn.XLOOKUP(A26,Rebate_Lookup[SKU CODE],Rebate_Lookup[MOQ_3]) ) ), 2, IF( OR( AND( _xlfn.XLOOKUP(A26,Rebate_Lookup[SKU CODE],Rebate_Lookup[MOQ_4])=0, H26>=_xlfn.XLOOKUP(A26,Rebate_Lookup[SKU CODE],Rebate_Lookup[MOQ_3]) ), AND( _xlfn.XLOOKUP(A26,Rebate_Lookup[SKU CODE],Rebate_Lookup[MOQ_4])>0, H26>=_xlfn.XLOOKUP(A26,Rebate_Lookup[SKU CODE],Rebate_Lookup[MOQ_3]), H26<_xlfn.XLOOKUP(A26,Rebate_Lookup[SKU CODE],Rebate_Lookup[MOQ_4]) ) ), 3, IF( AND( _xlfn.XLOOKUP(A26,Rebate_Lookup[SKU CODE],Rebate_Lookup[MOQ_4])>0, H26>=_xlfn.XLOOKUP(A26,Rebate_Lookup[SKU CODE],Rebate_Lookup[MOQ_4]) ), 4, 1 ) ) ) ) ) )), PRICING[Standard Use Rate (oz/M)] ), 2 ))} -> 0.36 | U26: =ROUND(T26*43.56,2) -> 15.68 | V26: =IF(AND(TRIM(U26)<>"",TRIM(H26)<>""),ROUND(H26*INDEX(PRICING[Package Ounces],MATCH(A26,PRICING[SKU],0))/U26,2),"") | W26: =IF(H26<>0,ROUND(S26/V26,2),0) -> 0 | X26: =ROUND(W26/43.56,2) -> 0
A27: 79545312 | B27: =H27>0 -> FALSE | D27: {=IFERROR( _xlfn.TEXTJOIN( "; ", TRUE, _xlfn._xlws.FILTER( TEXT(PRICING[Rebate $],"$#,##0.00") & " off on " & IF( (PRICING[Min Qty]="") + (PRICING[Min Qty]=0), "1 unit", PRICING[Min Qty] & " units" ), (PRICING[SKU]=$A27) * (PRICING[Rebate $]<>"") * (PRICING[Rebate $]<>0) ) ), "n/a" )} -> $40.00 off on 1-5 units; $65.00 off on 6+ units | E27: =_xlfn.XLOOKUP(A27, PRICING[SKU], PRICING[Product], "") -> Revolver® | F27: =_xlfn.XLOOKUP(A27, PRICING[SKU], PRICING[Size], "") -> 87 fl oz | G27: =IF(_xlfn.XLOOKUP(A27,PRICING[SKU],PRICING[Indication])="I","Insecticide", IF(_xlfn.XLOOKUP(A27,PRICING[SKU],PRICING[Indication])="H","Herbicide", IF(_xlfn.XLOOKUP(A27,PRICING[SKU],PRICING[Indication])="F","Fungicide", IF(_xlfn.XLOOKUP(A27,PRICING[SKU],PRICING[Indication])="PGR","PGR","")))) -> Herbicide | I27: =INDEX(PRICING[2026 In-Season Price],MATCH(A27,PRICING[SKU],0)) -> 832.59 | J27: =IF(H27*I27= 0,"",ROUND(H27*I27,2)) | K27: =INDEX(PRICING[NOW Price],MATCH(A27,PRICING[SKU],0)) -> 808.23 | L27: =IF(H27*K27= 0,"",ROUND(H27*K27,2)) | M27: =INDEX(Rebate_Lookup[Instances],MATCH(A27,Rebate_Lookup[SKU CODE],0)) -> 2 | N27: =IF(H27="","",INDEX(Rebate_Lookup[Qualified Rebate Tier],MATCH(A27,Rebate_Lookup[SKU CODE],0))) | O27: =IF(OR(H27="",N27=""),"", IF(N27=1,INDEX(Rebate_Lookup[REB_MOQ_1],MATCH(A27,Rebate_Lookup[SKU CODE],0)), IF(N27=2,INDEX(Rebate_Lookup[REB_MOQ_2],MATCH(A27,Rebate_Lookup[SKU CODE],0)), IF(N27=3,INDEX(Rebate_Lookup[REB_MOQ_3],MATCH(A27,Rebate_Lookup[SKU CODE],0)), IF(N27=4,INDEX(Rebate_Lookup[REB_MOQ_4],MATCH(A27,Rebate_Lookup[SKU CODE],0)), "#err"))))) | P27: =IF(L41>5000,IF(OR(O27=0,O27=""),"",ROUND(H27*O27,2)),"") | Q27: =IF( H27>0, IF( ISNUMBER(SEARCH("*Specticle**FLO*",E27)), IF( AND(_xlfn.XLOOKUP(A27,PRICING[SKU],PRICING[October Bonus],FALSE),$R$10="YES"), ROUND(L27*$G$86,2), "N/A" ), IFERROR(IF(_xlfn.XLOOKUP(A27,PRICING[SKU],PRICING[October Bonus],FALSE),ROUND(L27*SUM($G$83:$G$86),2),ROUND(L27*SUM($G$83:$G$85),2)),"") ), "" ) | R27: =IFERROR(ROUND((L27-SUM(P27:Q27))/H27,2),"") | S27: =IF(AND(H27<>"",H27>0), ROUND(H27*R27,2),"") | T27: {=IF(OR(H27="",H27=0), ROUND(_xlfn.XLOOKUP(1,(PRICING[SKU]=A27)*(PRICING[Set]=1),PRICING[Standard Use Rate (oz/M)]),2),ROUND( _xlfn.XLOOKUP( 1, (PRICING[SKU]=A27)* (PRICING[Set]=IF( _xlfn.XLOOKUP(A27,Rebate_Lookup[SKU CODE],Rebate_Lookup[MOQ_2])=0, 1, IF( AND( _xlfn.XLOOKUP(A27,Rebate_Lookup[SKU CODE],Rebate_Lookup[MOQ_3])=0, H27>=_xlfn.XLOOKUP(A27,Rebate_Lookup[SKU CODE],Rebate_Lookup[MOQ_2]) ), 2, IF( AND( H27>=_xlfn.XLOOKUP(A27,Rebate_Lookup[SKU CODE],Rebate_Lookup[MOQ_1]), H27<_xlfn.XLOOKUP(A27,Rebate_Lookup[SKU CODE],Rebate_Lookup[MOQ_2]) ), 1, IF( AND( H27>=_xlfn.XLOOKUP(A27,Rebate_Lookup[SKU CODE],Rebate_Lookup[MOQ_2]), OR( _xlfn.XLOOKUP(A27,Rebate_Lookup[SKU CODE],Rebate_Lookup[MOQ_3])=0, H27<_xlfn.XLOOKUP(A27,Rebate_Lookup[SKU CODE],Rebate_Lookup[MOQ_3]) ) ), 2, IF( OR( AND( _xlfn.XLOOKUP(A27,Rebate_Lookup[SKU CODE],Rebate_Lookup[MOQ_4])=0, H27>=_xlfn.XLOOKUP(A27,Rebate_Lookup[SKU CODE],Rebate_Lookup[MOQ_3]) ), AND( _xlfn.XLOOKUP(A27,Rebate_Lookup[SKU CODE],Rebate_Lookup[MOQ_4])>0, H27>=_xlfn.XLOOKUP(A27,Rebate_Lookup[SKU CODE],Rebate_Lookup[MOQ_3]), H27<_xlfn.XLOOKUP(A27,Rebate_Lookup[SKU CODE],Rebate_Lookup[MOQ_4]) ) ), 3, IF( AND( _xlfn.XLOOKUP(A27,Rebate_Lookup[SKU CODE],Rebate_Lookup[MOQ_4])>0, H27>=_xlfn.XLOOKUP(A27,Rebate_Lookup[SKU CODE],Rebate_Lookup[MOQ_4]) ), 4, 1 ) ) ) ) ) )), PRICING[Standard Use Rate (oz/M)] ), 2 ))} -> 0.4 | U27: =ROUND(T27*43.56,2) -> 17.42 | V27: =IF(AND(TRIM(U27)<>"",TRIM(H27)<>""),ROUND(H27*INDEX(PRICING[Package Ounces],MATCH(A27,PRICING[SKU],0))/U27,2),"") | W27: =IF(H27<>0,ROUND(S27/V27,2),0) -> 0 | X27: =ROUND(W27/43.56,2) -> 0
A28: 11009495 | B28: =H28>0 -> FALSE | D28: {=IFERROR( _xlfn.TEXTJOIN( "; ", TRUE, _xlfn._xlws.FILTER( TEXT(PRICING[Rebate $],"$#,##0.00") & " off on " & IF( (PRICING[Min Qty]="") + (PRICING[Min Qty]=0), "1 unit", PRICING[Min Qty] & " units" ), (PRICING[SKU]=$A28) * (PRICING[Rebate $]<>"") * (PRICING[Rebate $]<>0) ) ), "n/a" )} -> $1.65 off on 1-7 units; $26.65 off on 8+ units | E28: =_xlfn.XLOOKUP(A28, PRICING[SKU], PRICING[Product], "") -> Scion® with UVX Technology | F28: =_xlfn.XLOOKUP(A28, PRICING[SKU], PRICING[Size], "") -> 32 oz | G28: =IF(_xlfn.XLOOKUP(A28,PRICING[SKU],PRICING[Indication])="I","Insecticide", IF(_xlfn.XLOOKUP(A28,PRICING[SKU],PRICING[Indication])="H","Herbicide", IF(_xlfn.XLOOKUP(A28,PRICING[SKU],PRICING[Indication])="F","Fungicide", IF(_xlfn.XLOOKUP(A28,PRICING[SKU],PRICING[Indication])="PGR","PGR","")))) -> Insecticide | I28: =INDEX(PRICING[2026 In-Season Price],MATCH(A28,PRICING[SKU],0)) -> 164.53 | J28: =IF(H28*I28= 0,"",ROUND(H28*I28,2)) | K28: =INDEX(PRICING[NOW Price],MATCH(A28,PRICING[SKU],0)) -> 164.53 | L28: =IF(H28*K28= 0,"",ROUND(H28*K28,2)) | M28: =INDEX(Rebate_Lookup[Instances],MATCH(A28,Rebate_Lookup[SKU CODE],0)) -> 2 | N28: =IF(H28="","",INDEX(Rebate_Lookup[Qualified Rebate Tier],MATCH(A28,Rebate_Lookup[SKU CODE],0))) | O28: =IF(OR(H28="",N28=""),"", IF(N28=1,INDEX(Rebate_Lookup[REB_MOQ_1],MATCH(A28,Rebate_Lookup[SKU CODE],0)), IF(N28=2,INDEX(Rebate_Lookup[REB_MOQ_2],MATCH(A28,Rebate_Lookup[SKU CODE],0)), IF(N28=3,INDEX(Rebate_Lookup[REB_MOQ_3],MATCH(A28,Rebate_Lookup[SKU CODE],0)), IF(N28=4,INDEX(Rebate_Lookup[REB_MOQ_4],MATCH(A28,Rebate_Lookup[SKU CODE],0)), "#err"))))) | P28: =IF(L41>5000,IF(OR(O28=0,O28=""),"",ROUND(H28*O28,2)),"") | Q28: =IF( H28>0, IF( ISNUMBER(SEARCH("*Specticle**FLO*",E28)), IF( AND(_xlfn.XLOOKUP(A28,PRICING[SKU],PRICING[October Bonus],FALSE),$R$10="YES"), ROUND(L28*$G$86,2), "N/A" ), IFERROR(IF(_xlfn.XLOOKUP(A28,PRICING[SKU],PRICING[October Bonus],FALSE),ROUND(L28*SUM($G$83:$G$86),2),ROUND(L28*SUM($G$83:$G$85),2)),"") ), "" ) | R28: =IFERROR(ROUND((L28-SUM(P28:Q28))/H28,2),"") | S28: =IF(AND(H28<>"",H28>0), ROUND(H28*R28,2),"") | T28: {=IF(OR(H28="",H28=0), ROUND(_xlfn.XLOOKUP(1,(PRICING[SKU]=A28)*(PRICING[Set]=1),PRICING[Standard Use Rate (oz/M)]),2),ROUND( _xlfn.XLOOKUP( 1, (PRICING[SKU]=A28)* (PRICING[Set]=IF( _xlfn.XLOOKUP(A28,Rebate_Lookup[SKU CODE],Rebate_Lookup[MOQ_2])=0, 1, IF( AND( _xlfn.XLOOKUP(A28,Rebate_Lookup[SKU CODE],Rebate_Lookup[MOQ_3])=0, H28>=_xlfn.XLOOKUP(A28,Rebate_Lookup[SKU CODE],Rebate_Lookup[MOQ_2]) ), 2, IF( AND( H28>=_xlfn.XLOOKUP(A28,Rebate_Lookup[SKU CODE],Rebate_Lookup[MOQ_1]), H28<_xlfn.XLOOKUP(A28,Rebate_Lookup[SKU CODE],Rebate_Lookup[MOQ_2]) ), 1, IF( AND( H28>=_xlfn.XLOOKUP(A28,Rebate_Lookup[SKU CODE],Rebate_Lookup[MOQ_2]), OR( _xlfn.XLOOKUP(A28,Rebate_Lookup[SKU CODE],Rebate_Lookup[MOQ_3])=0, H28<_xlfn.XLOOKUP(A28,Rebate_Lookup[SKU CODE],Rebate_Lookup[MOQ_3]) ) ), 2, IF( OR( AND( _xlfn.XLOOKUP(A28,Rebate_Lookup[SKU CODE],Rebate_Lookup[MOQ_4])=0, H28>=_xlfn.XLOOKUP(A28,Rebate_Lookup[SKU CODE],Rebate_Lookup[MOQ_3]) ), AND( _xlfn.XLOOKUP(A28,Rebate_Lookup[SKU CODE],Rebate_Lookup[MOQ_4])>0, H28>=_xlfn.XLOOKUP(A28,Rebate_Lookup[SKU CODE],Rebate_Lookup[MOQ_3]), H28<_xlfn.XLOOKUP(A28,Rebate_Lookup[SKU CODE],Rebate_Lookup[MOQ_4]) ) ), 3, IF( AND( _xlfn.XLOOKUP(A28,Rebate_Lookup[SKU CODE],Rebate_Lookup[MOQ_4])>0, H28>=_xlfn.XLOOKUP(A28,Rebate_Lookup[SKU CODE],Rebate_Lookup[MOQ_4]) ), 4, 1 ) ) ) ) ) )), PRICING[Standard Use Rate (oz/M)] ), 2 ))} -> 0.65 | U28: =ROUND(T28*43.56,2) -> 28.31 | V28: =IF(AND(TRIM(U28)<>"",TRIM(H28)<>""),ROUND(H28*INDEX(PRICING[Package Ounces],MATCH(A28,PRICING[SKU],0))/U28,2),"") | W28: =IF(H28<>0,ROUND(S28/V28,2),0) -> 0 | X28: =ROUND(W28/43.56,2) -> 0
A29: 11008522 | B29: =H29>0 -> FALSE | D29: {=IFERROR( _xlfn.TEXTJOIN( "; ", TRUE, _xlfn._xlws.FILTER( TEXT(PRICING[Rebate $],"$#,##0.00") & " off on " & IF( (PRICING[Min Qty]="") + (PRICING[Min Qty]=0), "1 unit", PRICING[Min Qty] & " units" ), (PRICING[SKU]=$A29) * (PRICING[Rebate $]<>"") * (PRICING[Rebate $]<>0) ) ), "n/a" )} -> $32.00 off on 8+ units | E29: =_xlfn.XLOOKUP(A29, PRICING[SKU], PRICING[Product], "") -> Solitare® Herbicide | F29: =_xlfn.XLOOKUP(A29, PRICING[SKU], PRICING[Size], "") -> 4 lb | G29: =IF(_xlfn.XLOOKUP(A29,PRICING[SKU],PRICING[Indication])="I","Insecticide", IF(_xlfn.XLOOKUP(A29,PRICING[SKU],PRICING[Indication])="H","Herbicide", IF(_xlfn.XLOOKUP(A29,PRICING[SKU],PRICING[Indication])="F","Fungicide", IF(_xlfn.XLOOKUP(A29,PRICING[SKU],PRICING[Indication])="PGR","PGR","")))) -> Herbicide | I29: =INDEX(PRICING[2026 In-Season Price],MATCH(A29,PRICING[SKU],0)) -> 611.08 | J29: =IF(H29*I29= 0,"",ROUND(H29*I29,2)) | K29: =INDEX(PRICING[NOW Price],MATCH(A29,PRICING[SKU],0)) -> 611.08 | L29: =IF(H29*K29= 0,"",ROUND(H29*K29,2)) | M29: =INDEX(Rebate_Lookup[Instances],MATCH(A29,Rebate_Lookup[SKU CODE],0)) -> 2 | N29: =IF(H29="","",INDEX(Rebate_Lookup[Qualified Rebate Tier],MATCH(A29,Rebate_Lookup[SKU CODE],0))) | O29: =IF(OR(H29="",N29=""),"", IF(N29=1,INDEX(Rebate_Lookup[REB_MOQ_1],MATCH(A29,Rebate_Lookup[SKU CODE],0)), IF(N29=2,INDEX(Rebate_Lookup[REB_MOQ_2],MATCH(A29,Rebate_Lookup[SKU CODE],0)), IF(N29=3,INDEX(Rebate_Lookup[REB_MOQ_3],MATCH(A29,Rebate_Lookup[SKU CODE],0)), IF(N29=4,INDEX(Rebate_Lookup[REB_MOQ_4],MATCH(A29,Rebate_Lookup[SKU CODE],0)), "#err"))))) | P29: =IF(L41>5000,IF(OR(O29=0,O29=""),"",ROUND(H29*O29,2)),"") | Q29: =IF( H29>0, IF( ISNUMBER(SEARCH("*Specticle**FLO*",E29)), IF( AND(_xlfn.XLOOKUP(A29,PRICING[SKU],PRICING[October Bonus],FALSE),$R$10="YES"), ROUND(L29*$G$86,2), "N/A" ), IFERROR(IF(_xlfn.XLOOKUP(A29,PRICING[SKU],PRICING[October Bonus],FALSE),ROUND(L29*SUM($G$83:$G$86),2),ROUND(L29*SUM($G$83:$G$85),2)),"") ), "" ) | R29: =IFERROR(ROUND((L29-SUM(P29:Q29))/H29,2),"") | S29: =IF(AND(H29<>"",H29>0), ROUND(H29*R29,2),"") | T29: {=IF(OR(H29="",H29=0), ROUND(_xlfn.XLOOKUP(1,(PRICING[SKU]=A29)*(PRICING[Set]=1),PRICING[Standard Use Rate (oz/M)]),2),ROUND( _xlfn.XLOOKUP( 1, (PRICING[SKU]=A29)* (PRICING[Set]=IF( _xlfn.XLOOKUP(A29,Rebate_Lookup[SKU CODE],Rebate_Lookup[MOQ_2])=0, 1, IF( AND( _xlfn.XLOOKUP(A29,Rebate_Lookup[SKU CODE],Rebate_Lookup[MOQ_3])=0, H29>=_xlfn.XLOOKUP(A29,Rebate_Lookup[SKU CODE],Rebate_Lookup[MOQ_2]) ), 2, IF( AND( H29>=_xlfn.XLOOKUP(A29,Rebate_Lookup[SKU CODE],Rebate_Lookup[MOQ_1]), H29<_xlfn.XLOOKUP(A29,Rebate_Lookup[SKU CODE],Rebate_Lookup[MOQ_2]) ), 1, IF( AND( H29>=_xlfn.XLOOKUP(A29,Rebate_Lookup[SKU CODE],Rebate_Lookup[MOQ_2]), OR( _xlfn.XLOOKUP(A29,Rebate_Lookup[SKU CODE],Rebate_Lookup[MOQ_3])=0, H29<_xlfn.XLOOKUP(A29,Rebate_Lookup[SKU CODE],Rebate_Lookup[MOQ_3]) ) ), 2, IF( OR( AND( _xlfn.XLOOKUP(A29,Rebate_Lookup[SKU CODE],Rebate_Lookup[MOQ_4])=0, H29>=_xlfn.XLOOKUP(A29,Rebate_Lookup[SKU CODE],Rebate_Lookup[MOQ_3]) ), AND( _xlfn.XLOOKUP(A29,Rebate_Lookup[SKU CODE],Rebate_Lookup[MOQ_4])>0, H29>=_xlfn.XLOOKUP(A29,Rebate_Lookup[SKU CODE],Rebate_Lookup[MOQ_3]), H29<_xlfn.XLOOKUP(A29,Rebate_Lookup[SKU CODE],Rebate_Lookup[MOQ_4]) ) ), 3, IF( AND( _xlfn.XLOOKUP(A29,Rebate_Lookup[SKU CODE],Rebate_Lookup[MOQ_4])>0, H29>=_xlfn.XLOOKUP(A29,Rebate_Lookup[SKU CODE],Rebate_Lookup[MOQ_4]) ), 4, 1 ) ) ) ) ) )), PRICING[Standard Use Rate (oz/M)] ), 2 ))} -> 2 | U29: =ROUND(T29*43.56,2) -> 87.12 | V29: =IF(AND(TRIM(U29)<>"",TRIM(H29)<>""),ROUND(H29*INDEX(PRICING[Package Ounces],MATCH(A29,PRICING[SKU],0))/U29,2),"") | W29: =IF(H29<>0,ROUND(S29/V29,2),0) -> 0 | X29: =ROUND(W29/43.56,2) -> 0
A30: 11013862 | B30: =H30>0 -> FALSE | D30: {=IFERROR( _xlfn.TEXTJOIN( "; ", TRUE, _xlfn._xlws.FILTER( TEXT(PRICING[Rebate $],"$#,##0.00") & " off on " & IF( (PRICING[Min Qty]="") + (PRICING[Min Qty]=0), "1 unit", PRICING[Min Qty] & " units" ), (PRICING[SKU]=$A30) * (PRICING[Rebate $]<>"") * (PRICING[Rebate $]<>0) ) ), "n/a" )} -> $10.00 off on 1+ units | E30: =_xlfn.XLOOKUP(A30, PRICING[SKU], PRICING[Product], "") -> Solitare® WSL Herbicide | F30: =_xlfn.XLOOKUP(A30, PRICING[SKU], PRICING[Size], "") -> 2.5 gal | G30: =IF(_xlfn.XLOOKUP(A30,PRICING[SKU],PRICING[Indication])="I","Insecticide", IF(_xlfn.XLOOKUP(A30,PRICING[SKU],PRICING[Indication])="H","Herbicide", IF(_xlfn.XLOOKUP(A30,PRICING[SKU],PRICING[Indication])="F","Fungicide", IF(_xlfn.XLOOKUP(A30,PRICING[SKU],PRICING[Indication])="PGR","PGR","")))) -> Herbicide | I30: =INDEX(PRICING[2026 In-Season Price],MATCH(A30,PRICING[SKU],0)) -> 268.8 | J30: =IF(H30*I30= 0,"",ROUND(H30*I30,2)) | K30: =INDEX(PRICING[NOW Price],MATCH(A30,PRICING[SKU],0)) -> 268.8 | L30: =IF(H30*K30= 0,"",ROUND(H30*K30,2)) | M30: =INDEX(Rebate_Lookup[Instances],MATCH(A30,Rebate_Lookup[SKU CODE],0)) -> 1 | N30: =IF(H30="","",INDEX(Rebate_Lookup[Qualified Rebate Tier],MATCH(A30,Rebate_Lookup[SKU CODE],0))) | O30: =IF(OR(H30="",N30=""),"", IF(N30=1,INDEX(Rebate_Lookup[REB_MOQ_1],MATCH(A30,Rebate_Lookup[SKU CODE],0)), IF(N30=2,INDEX(Rebate_Lookup[REB_MOQ_2],MATCH(A30,Rebate_Lookup[SKU CODE],0)), IF(N30=3,INDEX(Rebate_Lookup[REB_MOQ_3],MATCH(A30,Rebate_Lookup[SKU CODE],0)), IF(N30=4,INDEX(Rebate_Lookup[REB_MOQ_4],MATCH(A30,Rebate_Lookup[SKU CODE],0)), "#err"))))) | P30: =IF(L41>5000,IF(OR(O30=0,O30=""),"",ROUND(H30*O30,2)),"") | Q30: =IF( H30>0, IF( ISNUMBER(SEARCH("*Specticle**FLO*",E30)), IF( AND(_xlfn.XLOOKUP(A30,PRICING[SKU],PRICING[October Bonus],FALSE),$R$10="YES"), ROUND(L30*$G$86,2), "N/A" ), IFERROR(IF(_xlfn.XLOOKUP(A30,PRICING[SKU],PRICING[October Bonus],FALSE),ROUND(L30*SUM($G$83:$G$86),2),ROUND(L30*SUM($G$83:$G$85),2)),"") ), "" ) | R30: =IFERROR(ROUND((L30-SUM(P30:Q30))/H30,2),"") | S30: =IF(AND(H30<>"",H30>0), ROUND(H30*R30,2),"") | T30: {=IF(OR(H30="",H30=0), ROUND(_xlfn.XLOOKUP(1,(PRICING[SKU]=A30)*(PRICING[Set]=1),PRICING[Standard Use Rate (oz/M)]),2),ROUND( _xlfn.XLOOKUP( 1, (PRICING[SKU]=A30)* (PRICING[Set]=IF( _xlfn.XLOOKUP(A30,Rebate_Lookup[SKU CODE],Rebate_Lookup[MOQ_2])=0, 1, IF( AND( _xlfn.XLOOKUP(A30,Rebate_Lookup[SKU CODE],Rebate_Lookup[MOQ_3])=0, H30>=_xlfn.XLOOKUP(A30,Rebate_Lookup[SKU CODE],Rebate_Lookup[MOQ_2]) ), 2, IF( AND( H30>=_xlfn.XLOOKUP(A30,Rebate_Lookup[SKU CODE],Rebate_Lookup[MOQ_1]), H30<_xlfn.XLOOKUP(A30,Rebate_Lookup[SKU CODE],Rebate_Lookup[MOQ_2]) ), 1, IF( AND( H30>=_xlfn.XLOOKUP(A30,Rebate_Lookup[SKU CODE],Rebate_Lookup[MOQ_2]), OR( _xlfn.XLOOKUP(A30,Rebate_Lookup[SKU CODE],Rebate_Lookup[MOQ_3])=0, H30<_xlfn.XLOOKUP(A30,Rebate_Lookup[SKU CODE],Rebate_Lookup[MOQ_3]) ) ), 2, IF( OR( AND( _xlfn.XLOOKUP(A30,Rebate_Lookup[SKU CODE],Rebate_Lookup[MOQ_4])=0, H30>=_xlfn.XLOOKUP(A30,Rebate_Lookup[SKU CODE],Rebate_Lookup[MOQ_3]) ), AND( _xlfn.XLOOKUP(A30,Rebate_Lookup[SKU CODE],Rebate_Lookup[MOQ_4])>0, H30>=_xlfn.XLOOKUP(A30,Rebate_Lookup[SKU CODE],Rebate_Lookup[MOQ_3]), H30<_xlfn.XLOOKUP(A30,Rebate_Lookup[SKU CODE],Rebate_Lookup[MOQ_4]) ) ), 3, IF( AND( _xlfn.XLOOKUP(A30,Rebate_Lookup[SKU CODE],Rebate_Lookup[MOQ_4])>0, H30>=_xlfn.XLOOKUP(A30,Rebate_Lookup[SKU CODE],Rebate_Lookup[MOQ_4]) ), 4, 1 ) ) ) ) ) )), PRICING[Standard Use Rate (oz/M)] ), 2 ))} -> 3.97 | U30: =ROUND(T30*43.56,2) -> 172.93 | V30: =IF(AND(TRIM(U30)<>"",TRIM(H30)<>""),ROUND(H30*INDEX(PRICING[Package Ounces],MATCH(A30,PRICING[SKU],0))/U30,2),"") | W30: =IF(H30<>0,ROUND(S30/V30,2),0) -> 0 | X30: =ROUND(W30/43.56,2) -> 0
A31: D00000991 | B31: =H31>0 -> FALSE | D31: {=IFERROR( _xlfn.TEXTJOIN( "; ", TRUE, _xlfn._xlws.FILTER( TEXT(PRICING[Rebate $],"$#,##0.00") & " off on " & IF( (PRICING[Min Qty]="") + (PRICING[Min Qty]=0), "1 unit", PRICING[Min Qty] & " units" ), (PRICING[SKU]=$A31) * (PRICING[Rebate $]<>"") * (PRICING[Rebate $]<>0) ) ), "n/a" )} -> n/a | E31: =_xlfn.XLOOKUP(A31, PRICING[SKU], PRICING[Product], "") -> Specticle® FLO | F31: =_xlfn.XLOOKUP(A31, PRICING[SKU], PRICING[Size], "") -> 18 oz | G31: =IF(_xlfn.XLOOKUP(A31,PRICING[SKU],PRICING[Indication])="I","Insecticide", IF(_xlfn.XLOOKUP(A31,PRICING[SKU],PRICING[Indication])="H","Herbicide", IF(_xlfn.XLOOKUP(A31,PRICING[SKU],PRICING[Indication])="F","Fungicide", IF(_xlfn.XLOOKUP(A31,PRICING[SKU],PRICING[Indication])="PGR","PGR","")))) -> Herbicide | I31: =INDEX(PRICING[2026 In-Season Price],MATCH(A31,PRICING[SKU],0)) -> 340.02 | J31: =IF(H31*I31= 0,"",ROUND(H31*I31,2)) | K31: =INDEX(PRICING[NOW Price],MATCH(A31,PRICING[SKU],0)) -> 340.02 | L31: =IF(H31*K31= 0,"",ROUND(H31*K31,2)) | M31: =INDEX(Rebate_Lookup[Instances],MATCH(A31,Rebate_Lookup[SKU CODE],0)) -> 1 | N31: =IF(H31="","",INDEX(Rebate_Lookup[Qualified Rebate Tier],MATCH(A31,Rebate_Lookup[SKU CODE],0))) | O31: =IF(OR(H31="",N31=""),"", IF(N31=1,INDEX(Rebate_Lookup[REB_MOQ_1],MATCH(A31,Rebate_Lookup[SKU CODE],0)), IF(N31=2,INDEX(Rebate_Lookup[REB_MOQ_2],MATCH(A31,Rebate_Lookup[SKU CODE],0)), IF(N31=3,INDEX(Rebate_Lookup[REB_MOQ_3],MATCH(A31,Rebate_Lookup[SKU CODE],0)), IF(N31=4,INDEX(Rebate_Lookup[REB_MOQ_4],MATCH(A31,Rebate_Lookup[SKU CODE],0)), "#err"))))) | P31: =IF(L41>5000,IF(OR(O31=0,O31=""),"",ROUND(H31*O31,2)),"") | Q31: =IF( H31>0, IF( ISNUMBER(SEARCH("*Specticle**FLO*",E31)), IF( AND(_xlfn.XLOOKUP(A31,PRICING[SKU],PRICING[October Bonus],FALSE),$R$10="YES"), ROUND(L31*$G$86,2), "N/A" ), IFERROR(IF(_xlfn.XLOOKUP(A31,PRICING[SKU],PRICING[October Bonus],FALSE),ROUND(L31*SUM($G$83:$G$86),2),ROUND(L31*SUM($G$83:$G$85),2)),"") ), "" ) | R31: =IFERROR(ROUND((L31-SUM(P31:Q31))/H31,2),"") | S31: =IF(AND(H31<>"",H31>0), ROUND(H31*R31,2),"") | T31: {=IF(OR(H31="",H31=0), ROUND(_xlfn.XLOOKUP(1,(PRICING[SKU]=A31)*(PRICING[Set]=1),PRICING[Standard Use Rate (oz/M)]),2),ROUND( _xlfn.XLOOKUP( 1, (PRICING[SKU]=A31)* (PRICING[Set]=IF( _xlfn.XLOOKUP(A31,Rebate_Lookup[SKU CODE],Rebate_Lookup[MOQ_2])=0, 1, IF( AND( _xlfn.XLOOKUP(A31,Rebate_Lookup[SKU CODE],Rebate_Lookup[MOQ_3])=0, H31>=_xlfn.XLOOKUP(A31,Rebate_Lookup[SKU CODE],Rebate_Lookup[MOQ_2]) ), 2, IF( AND( H31>=_xlfn.XLOOKUP(A31,Rebate_Lookup[SKU CODE],Rebate_Lookup[MOQ_1]), H31<_xlfn.XLOOKUP(A31,Rebate_Lookup[SKU CODE],Rebate_Lookup[MOQ_2]) ), 1, IF( AND( H31>=_xlfn.XLOOKUP(A31,Rebate_Lookup[SKU CODE],Rebate_Lookup[MOQ_2]), OR( _xlfn.XLOOKUP(A31,Rebate_Lookup[SKU CODE],Rebate_Lookup[MOQ_3])=0, H31<_xlfn.XLOOKUP(A31,Rebate_Lookup[SKU CODE],Rebate_Lookup[MOQ_3]) ) ), 2, IF( OR( AND( _xlfn.XLOOKUP(A31,Rebate_Lookup[SKU CODE],Rebate_Lookup[MOQ_4])=0, H31>=_xlfn.XLOOKUP(A31,Rebate_Lookup[SKU CODE],Rebate_Lookup[MOQ_3]) ), AND( _xlfn.XLOOKUP(A31,Rebate_Lookup[SKU CODE],Rebate_Lookup[MOQ_4])>0, H31>=_xlfn.XLOOKUP(A31,Rebate_Lookup[SKU CODE],Rebate_Lookup[MOQ_3]), H31<_xlfn.XLOOKUP(A31,Rebate_Lookup[SKU CODE],Rebate_Lookup[MOQ_4]) ) ), 3, IF( AND( _xlfn.XLOOKUP(A31,Rebate_Lookup[SKU CODE],Rebate_Lookup[MOQ_4])>0, H31>=_xlfn.XLOOKUP(A31,Rebate_Lookup[SKU CODE],Rebate_Lookup[MOQ_4]) ), 4, 1 ) ) ) ) ) )), PRICING[Standard Use Rate (oz/M)] ), 2 ))} -> 0.14 | U31: =ROUND(T31*43.56,2) -> 6.1 | V31: =IF(AND(TRIM(U31)<>"",TRIM(H31)<>""),ROUND(H31*INDEX(PRICING[Package Ounces],MATCH(A31,PRICING[SKU],0))/U31,2),"") | W31: =IF(H31<>0,ROUND(S31/V31,2),0) -> 0 | X31: =ROUND(W31/43.56,2) -> 0
A32: D00000990-1 | B32: =H32>0 -> FALSE | D32: {=IFERROR( _xlfn.TEXTJOIN( "; ", TRUE, _xlfn._xlws.FILTER( TEXT(PRICING[Rebate $],"$#,##0.00") & " off on " & IF( (PRICING[Min Qty]="") + (PRICING[Min Qty]=0), "1 unit", PRICING[Min Qty] & " units" ), (PRICING[SKU]=$A32) * (PRICING[Rebate $]<>"") * (PRICING[Rebate $]<>0) ) ), "n/a" )} -> $101.00 off on 1-6 units | E32: =_xlfn.XLOOKUP(A32, PRICING[SKU], PRICING[Product], "") -> Specticle® FLO | F32: =_xlfn.XLOOKUP(A32, PRICING[SKU], PRICING[Size], "") -> 1 gal | G32: =IF(_xlfn.XLOOKUP(A32,PRICING[SKU],PRICING[Indication])="I","Insecticide", IF(_xlfn.XLOOKUP(A32,PRICING[SKU],PRICING[Indication])="H","Herbicide", IF(_xlfn.XLOOKUP(A32,PRICING[SKU],PRICING[Indication])="F","Fungicide", IF(_xlfn.XLOOKUP(A32,PRICING[SKU],PRICING[Indication])="PGR","PGR","")))) -> Herbicide | I32: =INDEX(PRICING[2026 In-Season Price],MATCH(A32,PRICING[SKU],0)) -> 2232.32 | J32: =IF(H32*I32= 0,"",ROUND(H32*I32,2)) | K32: =INDEX(PRICING[NOW Price],MATCH(A32,PRICING[SKU],0)) -> 2143.03 | L32: =IF(H32*K32= 0,"",ROUND(H32*K32,2)) | M32: =INDEX(Rebate_Lookup[Instances],MATCH(A32,Rebate_Lookup[SKU CODE],0)) -> 1 | N32: =IF(H32="","",INDEX(Rebate_Lookup[Qualified Rebate Tier],MATCH(A32,Rebate_Lookup[SKU CODE],0))) | O32: =IF(OR(H32="",N32=""),"", IF(N32=1,INDEX(Rebate_Lookup[REB_MOQ_1],MATCH(A32,Rebate_Lookup[SKU CODE],0)), IF(N32=2,INDEX(Rebate_Lookup[REB_MOQ_2],MATCH(A32,Rebate_Lookup[SKU CODE],0)), IF(N32=3,INDEX(Rebate_Lookup[REB_MOQ_3],MATCH(A32,Rebate_Lookup[SKU CODE],0)), IF(N32=4,INDEX(Rebate_Lookup[REB_MOQ_4],MATCH(A32,Rebate_Lookup[SKU CODE],0)), "#err"))))) | P32: =IF(L41>5000,IF(OR(O32=0,O32=""),"",ROUND(H32*O32,2)),"") | Q32: =IF( H32>0, IF( ISNUMBER(SEARCH("*Specticle**FLO*",E32)), IF( AND(_xlfn.XLOOKUP(A32,PRICING[SKU],PRICING[October Bonus],FALSE),$R$10="YES"), ROUND(L32*$G$86,2), "N/A" ), IFERROR(IF(_xlfn.XLOOKUP(A32,PRICING[SKU],PRICING[October Bonus],FALSE),ROUND(L32*SUM($G$83:$G$86),2),ROUND(L32*SUM($G$83:$G$85),2)),"") ), "" ) | R32: =IFERROR(ROUND((L32-SUM(P32:Q32))/H32,2),"") | S32: =IF(AND(H32<>"",H32>0), ROUND(H32*R32,2),"") | T32: {=IF(OR(H32="",H32=0), ROUND(_xlfn.XLOOKUP(1,(PRICING[SKU]=A32)*(PRICING[Set]=1),PRICING[Standard Use Rate (oz/M)]),2),ROUND( _xlfn.XLOOKUP( 1, (PRICING[SKU]=A32)* (PRICING[Set]=IF( _xlfn.XLOOKUP(A32,Rebate_Lookup[SKU CODE],Rebate_Lookup[MOQ_2])=0, 1, IF( AND( _xlfn.XLOOKUP(A32,Rebate_Lookup[SKU CODE],Rebate_Lookup[MOQ_3])=0, H32>=_xlfn.XLOOKUP(A32,Rebate_Lookup[SKU CODE],Rebate_Lookup[MOQ_2]) ), 2, IF( AND( H32>=_xlfn.XLOOKUP(A32,Rebate_Lookup[SKU CODE],Rebate_Lookup[MOQ_1]), H32<_xlfn.XLOOKUP(A32,Rebate_Lookup[SKU CODE],Rebate_Lookup[MOQ_2]) ), 1, IF( AND( H32>=_xlfn.XLOOKUP(A32,Rebate_Lookup[SKU CODE],Rebate_Lookup[MOQ_2]), OR( _xlfn.XLOOKUP(A32,Rebate_Lookup[SKU CODE],Rebate_Lookup[MOQ_3])=0, H32<_xlfn.XLOOKUP(A32,Rebate_Lookup[SKU CODE],Rebate_Lookup[MOQ_3]) ) ), 2, IF( OR( AND( _xlfn.XLOOKUP(A32,Rebate_Lookup[SKU CODE],Rebate_Lookup[MOQ_4])=0, H32>=_xlfn.XLOOKUP(A32,Rebate_Lookup[SKU CODE],Rebate_Lookup[MOQ_3]) ), AND( _xlfn.XLOOKUP(A32,Rebate_Lookup[SKU CODE],Rebate_Lookup[MOQ_4])>0, H32>=_xlfn.XLOOKUP(A32,Rebate_Lookup[SKU CODE],Rebate_Lookup[MOQ_3]), H32<_xlfn.XLOOKUP(A32,Rebate_Lookup[SKU CODE],Rebate_Lookup[MOQ_4]) ) ), 3, IF( AND( _xlfn.XLOOKUP(A32,Rebate_Lookup[SKU CODE],Rebate_Lookup[MOQ_4])>0, H32>=_xlfn.XLOOKUP(A32,Rebate_Lookup[SKU CODE],Rebate_Lookup[MOQ_4]) ), 4, 1 ) ) ) ) ) )), PRICING[Standard Use Rate (oz/M)] ), 2 ))} -> 0.14 | U32: =ROUND(T32*43.56,2) -> 6.1 | V32: =IF(AND(TRIM(U32)<>"",TRIM(H32)<>""),ROUND(H32*INDEX(PRICING[Package Ounces],MATCH(A32,PRICING[SKU],0))/U32,2),"") | W32: =IF(H32<>0,ROUND(S32/V32,2),0) -> 0 | X32: =ROUND(W32/43.56,2) -> 0
A33: D00000990-2 | B33: =H33>0 -> FALSE | D33: {=IFERROR( _xlfn.TEXTJOIN( "; ", TRUE, _xlfn._xlws.FILTER( TEXT(PRICING[Rebate $],"$#,##0.00") & " off on " & IF( (PRICING[Min Qty]="") + (PRICING[Min Qty]=0), "1 unit", PRICING[Min Qty] & " units" ), (PRICING[SKU]=$A33) * (PRICING[Rebate $]<>"") * (PRICING[Rebate $]<>0) ) ), "n/a" )} -> $115.00 off on 7-13 units | E33: =_xlfn.XLOOKUP(A33, PRICING[SKU], PRICING[Product], "") -> Specticle® FLO | F33: =_xlfn.XLOOKUP(A33, PRICING[SKU], PRICING[Size], "") -> 1 gal | G33: =IF(_xlfn.XLOOKUP(A33,PRICING[SKU],PRICING[Indication])="I","Insecticide", IF(_xlfn.XLOOKUP(A33,PRICING[SKU],PRICING[Indication])="H","Herbicide", IF(_xlfn.XLOOKUP(A33,PRICING[SKU],PRICING[Indication])="F","Fungicide", IF(_xlfn.XLOOKUP(A33,PRICING[SKU],PRICING[Indication])="PGR","PGR","")))) -> Herbicide | I33: =INDEX(PRICING[2026 In-Season Price],MATCH(A33,PRICING[SKU],0)) -> 2232.32 | J33: =IF(H33*I33= 0,"",ROUND(H33*I33,2)) | K33: =INDEX(PRICING[NOW Price],MATCH(A33,PRICING[SKU],0)) -> 2098.38 | L33: =IF(H33*K33= 0,"",ROUND(H33*K33,2)) | M33: =INDEX(Rebate_Lookup[Instances],MATCH(A33,Rebate_Lookup[SKU CODE],0)) -> 1 | N33: =IF(H33="","",INDEX(Rebate_Lookup[Qualified Rebate Tier],MATCH(A33,Rebate_Lookup[SKU CODE],0))) | O33: =IF(OR(H33="",N33=""),"", IF(N33=1,INDEX(Rebate_Lookup[REB_MOQ_1],MATCH(A33,Rebate_Lookup[SKU CODE],0)), IF(N33=2,INDEX(Rebate_Lookup[REB_MOQ_2],MATCH(A33,Rebate_Lookup[SKU CODE],0)), IF(N33=3,INDEX(Rebate_Lookup[REB_MOQ_3],MATCH(A33,Rebate_Lookup[SKU CODE],0)), IF(N33=4,INDEX(Rebate_Lookup[REB_MOQ_4],MATCH(A33,Rebate_Lookup[SKU CODE],0)), "#err"))))) | P33: =IF(L41>5000,IF(OR(O33=0,O33=""),"",ROUND(H33*O33,2)),"") | Q33: =IF( H33>0, IF( ISNUMBER(SEARCH("*Specticle**FLO*",E33)), IF( AND(_xlfn.XLOOKUP(A33,PRICING[SKU],PRICING[October Bonus],FALSE),$R$10="YES"), ROUND(L33*$G$86,2), "N/A" ), IFERROR(IF(_xlfn.XLOOKUP(A33,PRICING[SKU],PRICING[October Bonus],FALSE),ROUND(L33*SUM($G$83:$G$86),2),ROUND(L33*SUM($G$83:$G$85),2)),"") ), "" ) | R33: =IFERROR(ROUND((L33-SUM(P33:Q33))/H33,2),"") | S33: =IF(AND(H33<>"",H33>0), ROUND(H33*R33,2),"") | T33: {=IF(OR(H33="",H33=0), ROUND(_xlfn.XLOOKUP(1,(PRICING[SKU]=A33)*(PRICING[Set]=1),PRICING[Standard Use Rate (oz/M)]),2),ROUND( _xlfn.XLOOKUP( 1, (PRICING[SKU]=A33)* (PRICING[Set]=IF( _xlfn.XLOOKUP(A33,Rebate_Lookup[SKU CODE],Rebate_Lookup[MOQ_2])=0, 1, IF( AND( _xlfn.XLOOKUP(A33,Rebate_Lookup[SKU CODE],Rebate_Lookup[MOQ_3])=0, H33>=_xlfn.XLOOKUP(A33,Rebate_Lookup[SKU CODE],Rebate_Lookup[MOQ_2]) ), 2, IF( AND( H33>=_xlfn.XLOOKUP(A33,Rebate_Lookup[SKU CODE],Rebate_Lookup[MOQ_1]), H33<_xlfn.XLOOKUP(A33,Rebate_Lookup[SKU CODE],Rebate_Lookup[MOQ_2]) ), 1, IF( AND( H33>=_xlfn.XLOOKUP(A33,Rebate_Lookup[SKU CODE],Rebate_Lookup[MOQ_2]), OR( _xlfn.XLOOKUP(A33,Rebate_Lookup[SKU CODE],Rebate_Lookup[MOQ_3])=0, H33<_xlfn.XLOOKUP(A33,Rebate_Lookup[SKU CODE],Rebate_Lookup[MOQ_3]) ) ), 2, IF( OR( AND( _xlfn.XLOOKUP(A33,Rebate_Lookup[SKU CODE],Rebate_Lookup[MOQ_4])=0, H33>=_xlfn.XLOOKUP(A33,Rebate_Lookup[SKU CODE],Rebate_Lookup[MOQ_3]) ), AND( _xlfn.XLOOKUP(A33,Rebate_Lookup[SKU CODE],Rebate_Lookup[MOQ_4])>0, H33>=_xlfn.XLOOKUP(A33,Rebate_Lookup[SKU CODE],Rebate_Lookup[MOQ_3]), H33<_xlfn.XLOOKUP(A33,Rebate_Lookup[SKU CODE],Rebate_Lookup[MOQ_4]) ) ), 3, IF( AND( _xlfn.XLOOKUP(A33,Rebate_Lookup[SKU CODE],Rebate_Lookup[MOQ_4])>0, H33>=_xlfn.XLOOKUP(A33,Rebate_Lookup[SKU CODE],Rebate_Lookup[MOQ_4]) ), 4, 1 ) ) ) ) ) )), PRICING[Standard Use Rate (oz/M)] ), 2 ))} -> 0.14 | U33: =ROUND(T33*43.56,2) -> 6.1 | V33: =IF(AND(TRIM(U33)<>"",TRIM(H33)<>""),ROUND(H33*INDEX(PRICING[Package Ounces],MATCH(A33,PRICING[SKU],0))/U33,2),"") | X33: =ROUND(W33/43.56,2) -> 0
A34: D00000990-3 | B34: =H34>0 -> FALSE | D34: {=IFERROR( _xlfn.TEXTJOIN( "; ", TRUE, _xlfn._xlws.FILTER( TEXT(PRICING[Rebate $],"$#,##0.00") & " off on " & IF( (PRICING[Min Qty]="") + (PRICING[Min Qty]=0), "1 unit", PRICING[Min Qty] & " units" ), (PRICING[SKU]=$A34) * (PRICING[Rebate $]<>"") * (PRICING[Rebate $]<>0) ) ), "n/a" )} -> $128.00 off on 14-25 units | E34: =_xlfn.XLOOKUP(A34, PRICING[SKU], PRICING[Product], "") -> Specticle® FLO | F34: =_xlfn.XLOOKUP(A34, PRICING[SKU], PRICING[Size], "") -> 1 gal | G34: =IF(_xlfn.XLOOKUP(A34,PRICING[SKU],PRICING[Indication])="I","Insecticide", IF(_xlfn.XLOOKUP(A34,PRICING[SKU],PRICING[Indication])="H","Herbicide", IF(_xlfn.XLOOKUP(A34,PRICING[SKU],PRICING[Indication])="F","Fungicide", IF(_xlfn.XLOOKUP(A34,PRICING[SKU],PRICING[Indication])="PGR","PGR","")))) -> Herbicide | I34: =INDEX(PRICING[2026 In-Season Price],MATCH(A34,PRICING[SKU],0)) -> 1916.16 | J34: =IF(H34*I34= 0,"",ROUND(H34*I34,2)) | K34: =INDEX(PRICING[NOW Price],MATCH(A34,PRICING[SKU],0)) -> 1839.51 | L34: =IF(H34*K34= 0,"",ROUND(H34*K34,2)) | M34: =INDEX(Rebate_Lookup[Instances],MATCH(A34,Rebate_Lookup[SKU CODE],0)) -> 1 | N34: =IF(H34="","",INDEX(Rebate_Lookup[Qualified Rebate Tier],MATCH(A34,Rebate_Lookup[SKU CODE],0))) | O34: =IF(OR(H34="",N34=""),"", IF(N34=1,INDEX(Rebate_Lookup[REB_MOQ_1],MATCH(A34,Rebate_Lookup[SKU CODE],0)), IF(N34=2,INDEX(Rebate_Lookup[REB_MOQ_2],MATCH(A34,Rebate_Lookup[SKU CODE],0)), IF(N34=3,INDEX(Rebate_Lookup[REB_MOQ_3],MATCH(A34,Rebate_Lookup[SKU CODE],0)), IF(N34=4,INDEX(Rebate_Lookup[REB_MOQ_4],MATCH(A34,Rebate_Lookup[SKU CODE],0)), "#err"))))) | P34: =IF(L41>5000,IF(OR(O34=0,O34=""),"",ROUND(H34*O34,2)),"") | Q34: =IF( H34>0, IF( ISNUMBER(SEARCH("*Specticle**FLO*",E34)), IF( AND(_xlfn.XLOOKUP(A34,PRICING[SKU],PRICING[October Bonus],FALSE),$R$10="YES"), ROUND(L34*$G$86,2), "N/A" ), IFERROR(IF(_xlfn.XLOOKUP(A34,PRICING[SKU],PRICING[October Bonus],FALSE),ROUND(L34*SUM($G$83:$G$86),2),ROUND(L34*SUM($G$83:$G$85),2)),"") ), "" ) | R34: =IFERROR(ROUND((L34-SUM(P34:Q34))/H34,2),"") | S34: =IF(AND(H34<>"",H34>0), ROUND(H34*R34,2),"") | T34: {=IF(OR(H34="",H34=0), ROUND(_xlfn.XLOOKUP(1,(PRICING[SKU]=A34)*(PRICING[Set]=1),PRICING[Standard Use Rate (oz/M)]),2),ROUND( _xlfn.XLOOKUP( 1, (PRICING[SKU]=A34)* (PRICING[Set]=IF( _xlfn.XLOOKUP(A34,Rebate_Lookup[SKU CODE],Rebate_Lookup[MOQ_2])=0, 1, IF( AND( _xlfn.XLOOKUP(A34,Rebate_Lookup[SKU CODE],Rebate_Lookup[MOQ_3])=0, H34>=_xlfn.XLOOKUP(A34,Rebate_Lookup[SKU CODE],Rebate_Lookup[MOQ_2]) ), 2, IF( AND( H34>=_xlfn.XLOOKUP(A34,Rebate_Lookup[SKU CODE],Rebate_Lookup[MOQ_1]), H34<_xlfn.XLOOKUP(A34,Rebate_Lookup[SKU CODE],Rebate_Lookup[MOQ_2]) ), 1, IF( AND( H34>=_xlfn.XLOOKUP(A34,Rebate_Lookup[SKU CODE],Rebate_Lookup[MOQ_2]), OR( _xlfn.XLOOKUP(A34,Rebate_Lookup[SKU CODE],Rebate_Lookup[MOQ_3])=0, H34<_xlfn.XLOOKUP(A34,Rebate_Lookup[SKU CODE],Rebate_Lookup[MOQ_3]) ) ), 2, IF( OR( AND( _xlfn.XLOOKUP(A34,Rebate_Lookup[SKU CODE],Rebate_Lookup[MOQ_4])=0, H34>=_xlfn.XLOOKUP(A34,Rebate_Lookup[SKU CODE],Rebate_Lookup[MOQ_3]) ), AND( _xlfn.XLOOKUP(A34,Rebate_Lookup[SKU CODE],Rebate_Lookup[MOQ_4])>0, H34>=_xlfn.XLOOKUP(A34,Rebate_Lookup[SKU CODE],Rebate_Lookup[MOQ_3]), H34<_xlfn.XLOOKUP(A34,Rebate_Lookup[SKU CODE],Rebate_Lookup[MOQ_4]) ) ), 3, IF( AND( _xlfn.XLOOKUP(A34,Rebate_Lookup[SKU CODE],Rebate_Lookup[MOQ_4])>0, H34>=_xlfn.XLOOKUP(A34,Rebate_Lookup[SKU CODE],Rebate_Lookup[MOQ_4]) ), 4, 1 ) ) ) ) ) )), PRICING[Standard Use Rate (oz/M)] ), 2 ))} -> 0.14 | U34: =ROUND(T34*43.56,2) -> 6.1 | V34: =IF(AND(TRIM(U34)<>"",TRIM(H34)<>""),ROUND(H34*INDEX(PRICING[Package Ounces],MATCH(A34,PRICING[SKU],0))/U34,2),"") | X34: =ROUND(W34/43.56,2) -> 0
A35: D00000990-4 | B35: =H35>0 -> FALSE | D35: {=IFERROR( _xlfn.TEXTJOIN( "; ", TRUE, _xlfn._xlws.FILTER( TEXT(PRICING[Rebate $],"$#,##0.00") & " off on " & IF( (PRICING[Min Qty]="") + (PRICING[Min Qty]=0), "1 unit", PRICING[Min Qty] & " units" ), (PRICING[SKU]=$A35) * (PRICING[Rebate $]<>"") * (PRICING[Rebate $]<>0) ) ), "n/a" )} -> $328.00 off on 26+ units | E35: =_xlfn.XLOOKUP(A35, PRICING[SKU], PRICING[Product], "") -> Specticle® FLO | F35: =_xlfn.XLOOKUP(A35, PRICING[SKU], PRICING[Size], "") -> 1 gal | G35: =IF(_xlfn.XLOOKUP(A35,PRICING[SKU],PRICING[Indication])="I","Insecticide", IF(_xlfn.XLOOKUP(A35,PRICING[SKU],PRICING[Indication])="H","Herbicide", IF(_xlfn.XLOOKUP(A35,PRICING[SKU],PRICING[Indication])="F","Fungicide", IF(_xlfn.XLOOKUP(A35,PRICING[SKU],PRICING[Indication])="PGR","PGR","")))) -> Herbicide | I35: =INDEX(PRICING[2026 In-Season Price],MATCH(A35,PRICING[SKU],0)) -> 1916.16 | J35: =IF(H35*I35= 0,"",ROUND(H35*I35,2)) | K35: =INDEX(PRICING[NOW Price],MATCH(A35,PRICING[SKU],0)) -> 1820.35 | L35: =IF(H35*K35= 0,"",ROUND(H35*K35,2)) | M35: =INDEX(Rebate_Lookup[Instances],MATCH(A35,Rebate_Lookup[SKU CODE],0)) -> 1 | N35: =IF(H35="","",INDEX(Rebate_Lookup[Qualified Rebate Tier],MATCH(A35,Rebate_Lookup[SKU CODE],0))) | O35: =IF(OR(H35="",N35=""),"", IF(N35=1,INDEX(Rebate_Lookup[REB_MOQ_1],MATCH(A35,Rebate_Lookup[SKU CODE],0)), IF(N35=2,INDEX(Rebate_Lookup[REB_MOQ_2],MATCH(A35,Rebate_Lookup[SKU CODE],0)), IF(N35=3,INDEX(Rebate_Lookup[REB_MOQ_3],MATCH(A35,Rebate_Lookup[SKU CODE],0)), IF(N35=4,INDEX(Rebate_Lookup[REB_MOQ_4],MATCH(A35,Rebate_Lookup[SKU CODE],0)), "#err"))))) | P35: =IF(L41>5000,IF(OR(O35=0,O35=""),"",ROUND(H35*O35,2)),"") | Q35: =IF( H35>0, IF( ISNUMBER(SEARCH("*Specticle**FLO*",E35)), IF( AND(_xlfn.XLOOKUP(A35,PRICING[SKU],PRICING[October Bonus],FALSE),$R$10="YES"), ROUND(L35*$G$86,2), "N/A" ), IFERROR(IF(_xlfn.XLOOKUP(A35,PRICING[SKU],PRICING[October Bonus],FALSE),ROUND(L35*SUM($G$83:$G$86),2),ROUND(L35*SUM($G$83:$G$85),2)),"") ), "" ) | R35: =IFERROR(ROUND((L35-SUM(P35:Q35))/H35,2),"") | S35: =IF(AND(H35<>"",H35>0), ROUND(H35*R35,2),"") | T35: {=IF(OR(H35="",H35=0), ROUND(_xlfn.XLOOKUP(1,(PRICING[SKU]=A35)*(PRICING[Set]=1),PRICING[Standard Use Rate (oz/M)]),2),ROUND( _xlfn.XLOOKUP( 1, (PRICING[SKU]=A35)* (PRICING[Set]=IF( _xlfn.XLOOKUP(A35,Rebate_Lookup[SKU CODE],Rebate_Lookup[MOQ_2])=0, 1, IF( AND( _xlfn.XLOOKUP(A35,Rebate_Lookup[SKU CODE],Rebate_Lookup[MOQ_3])=0, H35>=_xlfn.XLOOKUP(A35,Rebate_Lookup[SKU CODE],Rebate_Lookup[MOQ_2]) ), 2, IF( AND( H35>=_xlfn.XLOOKUP(A35,Rebate_Lookup[SKU CODE],Rebate_Lookup[MOQ_1]), H35<_xlfn.XLOOKUP(A35,Rebate_Lookup[SKU CODE],Rebate_Lookup[MOQ_2]) ), 1, IF( AND( H35>=_xlfn.XLOOKUP(A35,Rebate_Lookup[SKU CODE],Rebate_Lookup[MOQ_2]), OR( _xlfn.XLOOKUP(A35,Rebate_Lookup[SKU CODE],Rebate_Lookup[MOQ_3])=0, H35<_xlfn.XLOOKUP(A35,Rebate_Lookup[SKU CODE],Rebate_Lookup[MOQ_3]) ) ), 2, IF( OR( AND( _xlfn.XLOOKUP(A35,Rebate_Lookup[SKU CODE],Rebate_Lookup[MOQ_4])=0, H35>=_xlfn.XLOOKUP(A35,Rebate_Lookup[SKU CODE],Rebate_Lookup[MOQ_3]) ), AND( _xlfn.XLOOKUP(A35,Rebate_Lookup[SKU CODE],Rebate_Lookup[MOQ_4])>0, H35>=_xlfn.XLOOKUP(A35,Rebate_Lookup[SKU CODE],Rebate_Lookup[MOQ_3]), H35<_xlfn.XLOOKUP(A35,Rebate_Lookup[SKU CODE],Rebate_Lookup[MOQ_4]) ) ), 3, IF( AND( _xlfn.XLOOKUP(A35,Rebate_Lookup[SKU CODE],Rebate_Lookup[MOQ_4])>0, H35>=_xlfn.XLOOKUP(A35,Rebate_Lookup[SKU CODE],Rebate_Lookup[MOQ_4]) ), 4, 1 ) ) ) ) ) )), PRICING[Standard Use Rate (oz/M)] ), 2 ))} -> 0.14 | U35: =ROUND(T35*43.56,2) -> 6.1 | V35: =IF(AND(TRIM(U35)<>"",TRIM(H35)<>""),ROUND(H35*INDEX(PRICING[Package Ounces],MATCH(A35,PRICING[SKU],0))/U35,2),"") | W35: =IF(H35<>0,ROUND(S35/V35,2),0) -> 0 | X35: =ROUND(W35/43.56,2) -> 0
A36: D00000992 | B36: =H36>0 -> FALSE | D36: {=IFERROR( _xlfn.TEXTJOIN( "; ", TRUE, _xlfn._xlws.FILTER( TEXT(PRICING[Rebate $],"$#,##0.00") & " off on " & IF( (PRICING[Min Qty]="") + (PRICING[Min Qty]=0), "1 unit", PRICING[Min Qty] & " units" ), (PRICING[SKU]=$A36) * (PRICING[Rebate $]<>"") * (PRICING[Rebate $]<>0) ) ), "n/a" )} -> $20.00 off on 40+ units | E36: =_xlfn.XLOOKUP(A36, PRICING[SKU], PRICING[Product], "") -> Specticle® G | F36: =_xlfn.XLOOKUP(A36, PRICING[SKU], PRICING[Size], "") -> 50 lb | G36: =IF(_xlfn.XLOOKUP(A36,PRICING[SKU],PRICING[Indication])="I","Insecticide", IF(_xlfn.XLOOKUP(A36,PRICING[SKU],PRICING[Indication])="H","Herbicide", IF(_xlfn.XLOOKUP(A36,PRICING[SKU],PRICING[Indication])="F","Fungicide", IF(_xlfn.XLOOKUP(A36,PRICING[SKU],PRICING[Indication])="PGR","PGR","")))) -> Herbicide | I36: =INDEX(PRICING[2026 In-Season Price],MATCH(A36,PRICING[SKU],0)) -> 139 | J36: =IF(H36*I36= 0,"",ROUND(H36*I36,2)) | K36: =INDEX(PRICING[NOW Price],MATCH(A36,PRICING[SKU],0)) -> 139 | L36: =IF(H36*K36= 0,"",ROUND(H36*K36,2)) | M36: =INDEX(Rebate_Lookup[Instances],MATCH(A36,Rebate_Lookup[SKU CODE],0)) -> 2 | N36: =IF(H36="","",INDEX(Rebate_Lookup[Qualified Rebate Tier],MATCH(A36,Rebate_Lookup[SKU CODE],0))) | O36: =IF(OR(H36="",N36=""),"", IF(N36=1,INDEX(Rebate_Lookup[REB_MOQ_1],MATCH(A36,Rebate_Lookup[SKU CODE],0)), IF(N36=2,INDEX(Rebate_Lookup[REB_MOQ_2],MATCH(A36,Rebate_Lookup[SKU CODE],0)), IF(N36=3,INDEX(Rebate_Lookup[REB_MOQ_3],MATCH(A36,Rebate_Lookup[SKU CODE],0)), IF(N36=4,INDEX(Rebate_Lookup[REB_MOQ_4],MATCH(A36,Rebate_Lookup[SKU CODE],0)), "#err"))))) | P36: =IF(L41>5000,IF(OR(O36=0,O36=""),"",ROUND(H36*O36,2)),"") | Q36: =IF( H36>0, IF( ISNUMBER(SEARCH("*Specticle**FLO*",E36)), IF( AND(_xlfn.XLOOKUP(A36,PRICING[SKU],PRICING[October Bonus],FALSE),$R$10="YES"), ROUND(L36*$G$86,2), "N/A" ), IFERROR(IF(_xlfn.XLOOKUP(A36,PRICING[SKU],PRICING[October Bonus],FALSE),ROUND(L36*SUM($G$83:$G$86),2),ROUND(L36*SUM($G$83:$G$85),2)),"") ), "" ) | R36: =IFERROR(ROUND((L36-SUM(P36:Q36))/H36,2),"") | S36: =IF(AND(H36<>"",H36>0), ROUND(H36*R36,2),"") | T36: {=IF(OR(H36="",H36=0), ROUND(_xlfn.XLOOKUP(1,(PRICING[SKU]=A36)*(PRICING[Set]=1),PRICING[Standard Use Rate (oz/M)]),2),ROUND( _xlfn.XLOOKUP( 1, (PRICING[SKU]=A36)* (PRICING[Set]=IF( _xlfn.XLOOKUP(A36,Rebate_Lookup[SKU CODE],Rebate_Lookup[MOQ_2])=0, 1, IF( AND( _xlfn.XLOOKUP(A36,Rebate_Lookup[SKU CODE],Rebate_Lookup[MOQ_3])=0, H36>=_xlfn.XLOOKUP(A36,Rebate_Lookup[SKU CODE],Rebate_Lookup[MOQ_2]) ), 2, IF( AND( H36>=_xlfn.XLOOKUP(A36,Rebate_Lookup[SKU CODE],Rebate_Lookup[MOQ_1]), H36<_xlfn.XLOOKUP(A36,Rebate_Lookup[SKU CODE],Rebate_Lookup[MOQ_2]) ), 1, IF( AND( H36>=_xlfn.XLOOKUP(A36,Rebate_Lookup[SKU CODE],Rebate_Lookup[MOQ_2]), OR( _xlfn.XLOOKUP(A36,Rebate_Lookup[SKU CODE],Rebate_Lookup[MOQ_3])=0, H36<_xlfn.XLOOKUP(A36,Rebate_Lookup[SKU CODE],Rebate_Lookup[MOQ_3]) ) ), 2, IF( OR( AND( _xlfn.XLOOKUP(A36,Rebate_Lookup[SKU CODE],Rebate_Lookup[MOQ_4])=0, H36>=_xlfn.XLOOKUP(A36,Rebate_Lookup[SKU CODE],Rebate_Lookup[MOQ_3]) ), AND( _xlfn.XLOOKUP(A36,Rebate_Lookup[SKU CODE],Rebate_Lookup[MOQ_4])>0, H36>=_xlfn.XLOOKUP(A36,Rebate_Lookup[SKU CODE],Rebate_Lookup[MOQ_3]), H36<_xlfn.XLOOKUP(A36,Rebate_Lookup[SKU CODE],Rebate_Lookup[MOQ_4]) ) ), 3, IF( AND( _xlfn.XLOOKUP(A36,Rebate_Lookup[SKU CODE],Rebate_Lookup[MOQ_4])>0, H36>=_xlfn.XLOOKUP(A36,Rebate_Lookup[SKU CODE],Rebate_Lookup[MOQ_4]) ), 4, 1 ) ) ) ) ) )), PRICING[Standard Use Rate (oz/M)] ), 2 ))} -> 3.44 | U36: =ROUND(T36*43.56,2) -> 149.85 | V36: =IF(AND(TRIM(U36)<>"",TRIM(H36)<>""),ROUND(H36*INDEX(PRICING[Package Ounces],MATCH(A36,PRICING[SKU],0))/U36,2),"") | W36: =IF(H36<>0,ROUND(S36/V36,2),0) -> 0 | X36: =ROUND(W36/43.56,2) -> 0
A37: 86797658 | B37: =H37>0 -> FALSE | D37: {=IFERROR( _xlfn.TEXTJOIN( "; ", TRUE, _xlfn._xlws.FILTER( TEXT(PRICING[Rebate $],"$#,##0.00") & " off on " & IF( (PRICING[Min Qty]="") + (PRICING[Min Qty]=0), "1 unit", PRICING[Min Qty] & " units" ), (PRICING[SKU]=$A37) * (PRICING[Rebate $]<>"") * (PRICING[Rebate $]<>0) ) ), "n/a" )} -> $40.00 off on 1-4 units; $160.00 off on 5+ units | E37: =_xlfn.XLOOKUP(A37, PRICING[SKU], PRICING[Product], "") -> Tetrino® | F37: =_xlfn.XLOOKUP(A37, PRICING[SKU], PRICING[Size], "") -> 1 gal | G37: =IF(_xlfn.XLOOKUP(A37,PRICING[SKU],PRICING[Indication])="I","Insecticide", IF(_xlfn.XLOOKUP(A37,PRICING[SKU],PRICING[Indication])="H","Herbicide", IF(_xlfn.XLOOKUP(A37,PRICING[SKU],PRICING[Indication])="F","Fungicide", IF(_xlfn.XLOOKUP(A37,PRICING[SKU],PRICING[Indication])="PGR","PGR","")))) -> Insecticide | I37: =INDEX(PRICING[2026 In-Season Price],MATCH(A37,PRICING[SKU],0)) -> 606.72 | J37: =IF(H37*I37= 0,"",ROUND(H37*I37,2)) | K37: =INDEX(PRICING[NOW Price],MATCH(A37,PRICING[SKU],0)) -> 606.72 | L37: =IF(H37*K37= 0,"",ROUND(H37*K37,2)) | M37: =INDEX(Rebate_Lookup[Instances],MATCH(A37,Rebate_Lookup[SKU CODE],0)) -> 2 | N37: =IF(H37="","",INDEX(Rebate_Lookup[Qualified Rebate Tier],MATCH(A37,Rebate_Lookup[SKU CODE],0))) | O37: =IF(OR(H37="",N37=""),"", IF(N37=1,INDEX(Rebate_Lookup[REB_MOQ_1],MATCH(A37,Rebate_Lookup[SKU CODE],0)), IF(N37=2,INDEX(Rebate_Lookup[REB_MOQ_2],MATCH(A37,Rebate_Lookup[SKU CODE],0)), IF(N37=3,INDEX(Rebate_Lookup[REB_MOQ_3],MATCH(A37,Rebate_Lookup[SKU CODE],0)), IF(N37=4,INDEX(Rebate_Lookup[REB_MOQ_4],MATCH(A37,Rebate_Lookup[SKU CODE],0)), "#err"))))) | P37: =IF(L41>5000,IF(OR(O37=0,O37=""),"",ROUND(H37*O37,2)),"") | Q37: =IF( H37>0, IF( ISNUMBER(SEARCH("*Specticle**FLO*",E37)), IF( AND(_xlfn.XLOOKUP(A37,PRICING[SKU],PRICING[October Bonus],FALSE),$R$10="YES"), ROUND(L37*$G$86,2), "N/A" ), IFERROR(IF(_xlfn.XLOOKUP(A37,PRICING[SKU],PRICING[October Bonus],FALSE),ROUND(L37*SUM($G$83:$G$86),2),ROUND(L37*SUM($G$83:$G$85),2)),"") ), "" ) | R37: =IFERROR(ROUND((L37-SUM(P37:Q37))/H37,2),"") | S37: =IF(AND(H37<>"",H37>0), ROUND(H37*R37,2),"") | T37: {=IF(OR(H37="",H37=0), ROUND(_xlfn.XLOOKUP(1,(PRICING[SKU]=A37)*(PRICING[Set]=1),PRICING[Standard Use Rate (oz/M)]),2),ROUND( _xlfn.XLOOKUP( 1, (PRICING[SKU]=A37)* (PRICING[Set]=IF( _xlfn.XLOOKUP(A37,Rebate_Lookup[SKU CODE],Rebate_Lookup[MOQ_2])=0, 1, IF( AND( _xlfn.XLOOKUP(A37,Rebate_Lookup[SKU CODE],Rebate_Lookup[MOQ_3])=0, H37>=_xlfn.XLOOKUP(A37,Rebate_Lookup[SKU CODE],Rebate_Lookup[MOQ_2]) ), 2, IF( AND( H37>=_xlfn.XLOOKUP(A37,Rebate_Lookup[SKU CODE],Rebate_Lookup[MOQ_1]), H37<_xlfn.XLOOKUP(A37,Rebate_Lookup[SKU CODE],Rebate_Lookup[MOQ_2]) ), 1, IF( AND( H37>=_xlfn.XLOOKUP(A37,Rebate_Lookup[SKU CODE],Rebate_Lookup[MOQ_2]), OR( _xlfn.XLOOKUP(A37,Rebate_Lookup[SKU CODE],Rebate_Lookup[MOQ_3])=0, H37<_xlfn.XLOOKUP(A37,Rebate_Lookup[SKU CODE],Rebate_Lookup[MOQ_3]) ) ), 2, IF( OR( AND( _xlfn.XLOOKUP(A37,Rebate_Lookup[SKU CODE],Rebate_Lookup[MOQ_4])=0, H37>=_xlfn.XLOOKUP(A37,Rebate_Lookup[SKU CODE],Rebate_Lookup[MOQ_3]) ), AND( _xlfn.XLOOKUP(A37,Rebate_Lookup[SKU CODE],Rebate_Lookup[MOQ_4])>0, H37>=_xlfn.XLOOKUP(A37,Rebate_Lookup[SKU CODE],Rebate_Lookup[MOQ_3]), H37<_xlfn.XLOOKUP(A37,Rebate_Lookup[SKU CODE],Rebate_Lookup[MOQ_4]) ) ), 3, IF( AND( _xlfn.XLOOKUP(A37,Rebate_Lookup[SKU CODE],Rebate_Lookup[MOQ_4])>0, H37>=_xlfn.XLOOKUP(A37,Rebate_Lookup[SKU CODE],Rebate_Lookup[MOQ_4]) ), 4, 1 ) ) ) ) ) )), PRICING[Standard Use Rate (oz/M)] ), 2 ))} -> 0.73 | U37: =ROUND(T37*43.56,2) -> 31.8 | V37: =IF(AND(TRIM(U37)<>"",TRIM(H37)<>""),ROUND(H37*INDEX(PRICING[Package Ounces],MATCH(A37,PRICING[SKU],0))/U37,2),"") | W37: =IF(H37<>0,ROUND(S37/V37,2),0) -> 0 | X37: =ROUND(W37/43.56,2) -> 0
A38: 81746257 | B38: =H38>0 -> FALSE | D38: {=IFERROR( _xlfn.TEXTJOIN( "; ", TRUE, _xlfn._xlws.FILTER( TEXT(PRICING[Rebate $],"$#,##0.00") & " off on " & IF( (PRICING[Min Qty]="") + (PRICING[Min Qty]=0), "1 unit", PRICING[Min Qty] & " units" ), (PRICING[SKU]=$A38) * (PRICING[Rebate $]<>"") * (PRICING[Rebate $]<>0) ) ), "n/a" )} -> $40.00 off on 6+ units | E38: =_xlfn.XLOOKUP(A38, PRICING[SKU], PRICING[Product], "") -> Tribute® Total | F38: =_xlfn.XLOOKUP(A38, PRICING[SKU], PRICING[Size], "") -> 6 oz | G38: =IF(_xlfn.XLOOKUP(A38,PRICING[SKU],PRICING[Indication])="I","Insecticide", IF(_xlfn.XLOOKUP(A38,PRICING[SKU],PRICING[Indication])="H","Herbicide", IF(_xlfn.XLOOKUP(A38,PRICING[SKU],PRICING[Indication])="F","Fungicide", IF(_xlfn.XLOOKUP(A38,PRICING[SKU],PRICING[Indication])="PGR","PGR","")))) -> Herbicide | I38: =INDEX(PRICING[2026 In-Season Price],MATCH(A38,PRICING[SKU],0)) -> 445.8 | J38: =IF(H38*I38= 0,"",ROUND(H38*I38,2)) | K38: =INDEX(PRICING[NOW Price],MATCH(A38,PRICING[SKU],0)) -> 445.8 | L38: =IF(H38*K38= 0,"",ROUND(H38*K38,2)) | M38: =INDEX(Rebate_Lookup[Instances],MATCH(A38,Rebate_Lookup[SKU CODE],0)) -> 2 | N38: =IF(H38="","",INDEX(Rebate_Lookup[Qualified Rebate Tier],MATCH(A38,Rebate_Lookup[SKU CODE],0))) | O38: =IF(OR(H38="",N38=""),"", IF(N38=1,INDEX(Rebate_Lookup[REB_MOQ_1],MATCH(A38,Rebate_Lookup[SKU CODE],0)), IF(N38=2,INDEX(Rebate_Lookup[REB_MOQ_2],MATCH(A38,Rebate_Lookup[SKU CODE],0)), IF(N38=3,INDEX(Rebate_Lookup[REB_MOQ_3],MATCH(A38,Rebate_Lookup[SKU CODE],0)), IF(N38=4,INDEX(Rebate_Lookup[REB_MOQ_4],MATCH(A38,Rebate_Lookup[SKU CODE],0)), "#err"))))) | P38: =IF(L41>5000,IF(OR(O38=0,O38=""),"",ROUND(H38*O38,2)),"") | Q38: =IF( H38>0, IF( ISNUMBER(SEARCH("*Specticle**FLO*",E38)), IF( AND(_xlfn.XLOOKUP(A38,PRICING[SKU],PRICING[October Bonus],FALSE),$R$10="YES"), ROUND(L38*$G$86,2), "N/A" ), IFERROR(IF(_xlfn.XLOOKUP(A38,PRICING[SKU],PRICING[October Bonus],FALSE),ROUND(L38*SUM($G$83:$G$86),2),ROUND(L38*SUM($G$83:$G$85),2)),"") ), "" ) | R38: =IFERROR(ROUND((L38-SUM(P38:Q38))/H38,2),"") | S38: =IF(AND(H38<>"",H38>0), ROUND(H38*R38,2),"") | T38: {=IF(OR(H38="",H38=0), ROUND(_xlfn.XLOOKUP(1,(PRICING[SKU]=A38)*(PRICING[Set]=1),PRICING[Standard Use Rate (oz/M)]),2),ROUND( _xlfn.XLOOKUP( 1, (PRICING[SKU]=A38)* (PRICING[Set]=IF( _xlfn.XLOOKUP(A38,Rebate_Lookup[SKU CODE],Rebate_Lookup[MOQ_2])=0, 1, IF( AND( _xlfn.XLOOKUP(A38,Rebate_Lookup[SKU CODE],Rebate_Lookup[MOQ_3])=0, H38>=_xlfn.XLOOKUP(A38,Rebate_Lookup[SKU CODE],Rebate_Lookup[MOQ_2]) ), 2, IF( AND( H38>=_xlfn.XLOOKUP(A38,Rebate_Lookup[SKU CODE],Rebate_Lookup[MOQ_1]), H38<_xlfn.XLOOKUP(A38,Rebate_Lookup[SKU CODE],Rebate_Lookup[MOQ_2]) ), 1, IF( AND( H38>=_xlfn.XLOOKUP(A38,Rebate_Lookup[SKU CODE],Rebate_Lookup[MOQ_2]), OR( _xlfn.XLOOKUP(A38,Rebate_Lookup[SKU CODE],Rebate_Lookup[MOQ_3])=0, H38<_xlfn.XLOOKUP(A38,Rebate_Lookup[SKU CODE],Rebate_Lookup[MOQ_3]) ) ), 2, IF( OR( AND( _xlfn.XLOOKUP(A38,Rebate_Lookup[SKU CODE],Rebate_Lookup[MOQ_4])=0, H38>=_xlfn.XLOOKUP(A38,Rebate_Lookup[SKU CODE],Rebate_Lookup[MOQ_3]) ), AND( _xlfn.XLOOKUP(A38,Rebate_Lookup[SKU CODE],Rebate_Lookup[MOQ_4])>0, H38>=_xlfn.XLOOKUP(A38,Rebate_Lookup[SKU CODE],Rebate_Lookup[MOQ_3]), H38<_xlfn.XLOOKUP(A38,Rebate_Lookup[SKU CODE],Rebate_Lookup[MOQ_4]) ) ), 3, IF( AND( _xlfn.XLOOKUP(A38,Rebate_Lookup[SKU CODE],Rebate_Lookup[MOQ_4])>0, H38>=_xlfn.XLOOKUP(A38,Rebate_Lookup[SKU CODE],Rebate_Lookup[MOQ_4]) ), 4, 1 ) ) ) ) ) )), PRICING[Standard Use Rate (oz/M)] ), 2 ))} -> 0.02 | U38: =ROUND(T38*43.56,2) -> 0.87 | V38: =IF(AND(TRIM(U38)<>"",TRIM(H38)<>""),ROUND(H38*INDEX(PRICING[Package Ounces],MATCH(A38,PRICING[SKU],0))/U38,2),"") | W38: =IF(H38<>0,ROUND(S38/V38,2),0) -> 0 | X38: =ROUND(W38/43.56,2) -> 0
A39: 11008520 | B39: =H39>0 -> FALSE | D39: {=IFERROR( _xlfn.TEXTJOIN( "; ", TRUE, _xlfn._xlws.FILTER( TEXT(PRICING[Rebate $],"$#,##0.00") & " off on " & IF( (PRICING[Min Qty]="") + (PRICING[Min Qty]=0), "1 unit", PRICING[Min Qty] & " units" ), (PRICING[SKU]=$A39) * (PRICING[Rebate $]<>"") * (PRICING[Rebate $]<>0) ) ), "n/a" )} -> $10.00 off on 8+ units | E39: =_xlfn.XLOOKUP(A39, PRICING[SKU], PRICING[Product], "") -> Triple Crown® T&O Insecticide | F39: =_xlfn.XLOOKUP(A39, PRICING[SKU], PRICING[Size], "") -> 1 gal | G39: =IF(_xlfn.XLOOKUP(A39,PRICING[SKU],PRICING[Indication])="I","Insecticide", IF(_xlfn.XLOOKUP(A39,PRICING[SKU],PRICING[Indication])="H","Herbicide", IF(_xlfn.XLOOKUP(A39,PRICING[SKU],PRICING[Indication])="F","Fungicide", IF(_xlfn.XLOOKUP(A39,PRICING[SKU],PRICING[Indication])="PGR","PGR","")))) -> Insecticide | I39: =INDEX(PRICING[2026 In-Season Price],MATCH(A39,PRICING[SKU],0)) -> 371.2 | J39: =IF(H39*I39= 0,"",ROUND(H39*I39,2)) | K39: =INDEX(PRICING[NOW Price],MATCH(A39,PRICING[SKU],0)) -> 371.2 | L39: =IF(H39*K39= 0,"",ROUND(H39*K39,2)) | M39: =INDEX(Rebate_Lookup[Instances],MATCH(A39,Rebate_Lookup[SKU CODE],0)) -> 2 | N39: =IF(H39="","",INDEX(Rebate_Lookup[Qualified Rebate Tier],MATCH(A39,Rebate_Lookup[SKU CODE],0))) | O39: =IF(OR(H39="",N39=""),"", IF(N39=1,INDEX(Rebate_Lookup[REB_MOQ_1],MATCH(A39,Rebate_Lookup[SKU CODE],0)), IF(N39=2,INDEX(Rebate_Lookup[REB_MOQ_2],MATCH(A39,Rebate_Lookup[SKU CODE],0)), IF(N39=3,INDEX(Rebate_Lookup[REB_MOQ_3],MATCH(A39,Rebate_Lookup[SKU CODE],0)), IF(N39=4,INDEX(Rebate_Lookup[REB_MOQ_4],MATCH(A39,Rebate_Lookup[SKU CODE],0)), "#err"))))) | P39: =IF(L41>5000,IF(OR(O39=0,O39=""),"",ROUND(H39*O39,2)),"") | Q39: =IF( H39>0, IF( ISNUMBER(SEARCH("*Specticle**FLO*",E39)), IF( AND(_xlfn.XLOOKUP(A39,PRICING[SKU],PRICING[October Bonus],FALSE),$R$10="YES"), ROUND(L39*$G$86,2), "N/A" ), IFERROR(IF(_xlfn.XLOOKUP(A39,PRICING[SKU],PRICING[October Bonus],FALSE),ROUND(L39*SUM($G$83:$G$86),2),ROUND(L39*SUM($G$83:$G$85),2)),"") ), "" ) | R39: =IFERROR(ROUND((L39-SUM(P39:Q39))/H39,2),"") | S39: =IF(AND(H39<>"",H39>0), ROUND(H39*R39,2),"") | T39: {=IF(OR(H39="",H39=0), ROUND(_xlfn.XLOOKUP(1,(PRICING[SKU]=A39)*(PRICING[Set]=1),PRICING[Standard Use Rate (oz/M)]),2),ROUND( _xlfn.XLOOKUP( 1, (PRICING[SKU]=A39)* (PRICING[Set]=IF( _xlfn.XLOOKUP(A39,Rebate_Lookup[SKU CODE],Rebate_Lookup[MOQ_2])=0, 1, IF( AND( _xlfn.XLOOKUP(A39,Rebate_Lookup[SKU CODE],Rebate_Lookup[MOQ_3])=0, H39>=_xlfn.XLOOKUP(A39,Rebate_Lookup[SKU CODE],Rebate_Lookup[MOQ_2]) ), 2, IF( AND( H39>=_xlfn.XLOOKUP(A39,Rebate_Lookup[SKU CODE],Rebate_Lookup[MOQ_1]), H39<_xlfn.XLOOKUP(A39,Rebate_Lookup[SKU CODE],Rebate_Lookup[MOQ_2]) ), 1, IF( AND( H39>=_xlfn.XLOOKUP(A39,Rebate_Lookup[SKU CODE],Rebate_Lookup[MOQ_2]), OR( _xlfn.XLOOKUP(A39,Rebate_Lookup[SKU CODE],Rebate_Lookup[MOQ_3])=0, H39<_xlfn.XLOOKUP(A39,Rebate_Lookup[SKU CODE],Rebate_Lookup[MOQ_3]) ) ), 2, IF( OR( AND( _xlfn.XLOOKUP(A39,Rebate_Lookup[SKU CODE],Rebate_Lookup[MOQ_4])=0, H39>=_xlfn.XLOOKUP(A39,Rebate_Lookup[SKU CODE],Rebate_Lookup[MOQ_3]) ), AND( _xlfn.XLOOKUP(A39,Rebate_Lookup[SKU CODE],Rebate_Lookup[MOQ_4])>0, H39>=_xlfn.XLOOKUP(A39,Rebate_Lookup[SKU CODE],Rebate_Lookup[MOQ_3]), H39<_xlfn.XLOOKUP(A39,Rebate_Lookup[SKU CODE],Rebate_Lookup[MOQ_4]) ) ), 3, IF( AND( _xlfn.XLOOKUP(A39,Rebate_Lookup[SKU CODE],Rebate_Lookup[MOQ_4])>0, H39>=_xlfn.XLOOKUP(A39,Rebate_Lookup[SKU CODE],Rebate_Lookup[MOQ_4]) ), 4, 1 ) ) ) ) ) )), PRICING[Standard Use Rate (oz/M)] ), 2 ))} -> 0.46 | U39: =ROUND(T39*43.56,2) -> 20.04 | V39: =IF(AND(TRIM(U39)<>"",TRIM(H39)<>""),ROUND(H39*INDEX(PRICING[Package Ounces],MATCH(A39,PRICING[SKU],0))/U39,2),"") | W39: =IF(H39<>0,ROUND(S39/V39,2),0) -> 0 | X39: =ROUND(W39/43.56,2) -> 0
A40: 11008590 | B40: =H40>0 -> FALSE | D40: {=IFERROR( _xlfn.TEXTJOIN( "; ", TRUE, _xlfn._xlws.FILTER( TEXT(PRICING[Rebate $],"$#,##0.00") & " off on " & IF( (PRICING[Min Qty]="") + (PRICING[Min Qty]=0), "1 unit", PRICING[Min Qty] & " units" ), (PRICING[SKU]=$A40) * (PRICING[Rebate $]<>"") * (PRICING[Rebate $]<>0) ) ), "n/a" )} -> $25.00 off on 1-23 units; $50.00 off on 24+ units | E40: =_xlfn.XLOOKUP(A40, PRICING[SKU], PRICING[Product], "") -> Xonerate® 2SC Herbicide | F40: =_xlfn.XLOOKUP(A40, PRICING[SKU], PRICING[Size], "") -> 12 oz | G40: =IF(_xlfn.XLOOKUP(A40,PRICING[SKU],PRICING[Indication])="I","Insecticide", IF(_xlfn.XLOOKUP(A40,PRICING[SKU],PRICING[Indication])="H","Herbicide", IF(_xlfn.XLOOKUP(A40,PRICING[SKU],PRICING[Indication])="F","Fungicide", IF(_xlfn.XLOOKUP(A40,PRICING[SKU],PRICING[Indication])="PGR","PGR","")))) -> Herbicide | I40: =INDEX(PRICING[2026 In-Season Price],MATCH(A40,PRICING[SKU],0)) -> 496.32 | J40: =IF(H40*I40= 0,"",ROUND(H40*I40,2)) | K40: =INDEX(PRICING[NOW Price],MATCH(A40,PRICING[SKU],0)) -> 351.12 | L40: =IF(H40*K40= 0,"",ROUND(H40*K40,2)) | M40: =INDEX(Rebate_Lookup[Instances],MATCH(A40,Rebate_Lookup[SKU CODE],0)) -> 2 | N40: =IF(H40="","",INDEX(Rebate_Lookup[Qualified Rebate Tier],MATCH(A40,Rebate_Lookup[SKU CODE],0))) | O40: =IF(OR(H40="",N40=""),"", IF(N40=1,INDEX(Rebate_Lookup[REB_MOQ_1],MATCH(A40,Rebate_Lookup[SKU CODE],0)), IF(N40=2,INDEX(Rebate_Lookup[REB_MOQ_2],MATCH(A40,Rebate_Lookup[SKU CODE],0)), IF(N40=3,INDEX(Rebate_Lookup[REB_MOQ_3],MATCH(A40,Rebate_Lookup[SKU CODE],0)), IF(N40=4,INDEX(Rebate_Lookup[REB_MOQ_4],MATCH(A40,Rebate_Lookup[SKU CODE],0)), "#err"))))) | P40: =IF(L41>5000,IF(OR(O40=0,O40=""),"",ROUND(H40*O40,2)),"") | Q40: =IF( H40>0, IF( ISNUMBER(SEARCH("*Specticle**FLO*",E40)), IF( AND(_xlfn.XLOOKUP(A40,PRICING[SKU],PRICING[October Bonus],FALSE),$R$10="YES"), ROUND(L40*$G$86,2), "N/A" ), IFERROR(IF(_xlfn.XLOOKUP(A40,PRICING[SKU],PRICING[October Bonus],FALSE),ROUND(L40*SUM($G$83:$G$86),2),ROUND(L40*SUM($G$83:$G$85),2)),"") ), "" ) | R40: =IFERROR(ROUND((L40-SUM(P40:Q40))/H40,2),"") | S40: =IF(AND(H40<>"",H40>0), ROUND(H40*R40,2),"") | T40: {=IF(OR(H40="",H40=0), ROUND(_xlfn.XLOOKUP(1,(PRICING[SKU]=A40)*(PRICING[Set]=1),PRICING[Standard Use Rate (oz/M)]),2),ROUND( _xlfn.XLOOKUP( 1, (PRICING[SKU]=A40)* (PRICING[Set]=IF( _xlfn.XLOOKUP(A40,Rebate_Lookup[SKU CODE],Rebate_Lookup[MOQ_2])=0, 1, IF( AND( _xlfn.XLOOKUP(A40,Rebate_Lookup[SKU CODE],Rebate_Lookup[MOQ_3])=0, H40>=_xlfn.XLOOKUP(A40,Rebate_Lookup[SKU CODE],Rebate_Lookup[MOQ_2]) ), 2, IF( AND( H40>=_xlfn.XLOOKUP(A40,Rebate_Lookup[SKU CODE],Rebate_Lookup[MOQ_1]), H40<_xlfn.XLOOKUP(A40,Rebate_Lookup[SKU CODE],Rebate_Lookup[MOQ_2]) ), 1, IF( AND( H40>=_xlfn.XLOOKUP(A40,Rebate_Lookup[SKU CODE],Rebate_Lookup[MOQ_2]), OR( _xlfn.XLOOKUP(A40,Rebate_Lookup[SKU CODE],Rebate_Lookup[MOQ_3])=0, H40<_xlfn.XLOOKUP(A40,Rebate_Lookup[SKU CODE],Rebate_Lookup[MOQ_3]) ) ), 2, IF( OR( AND( _xlfn.XLOOKUP(A40,Rebate_Lookup[SKU CODE],Rebate_Lookup[MOQ_4])=0, H40>=_xlfn.XLOOKUP(A40,Rebate_Lookup[SKU CODE],Rebate_Lookup[MOQ_3]) ), AND( _xlfn.XLOOKUP(A40,Rebate_Lookup[SKU CODE],Rebate_Lookup[MOQ_4])>0, H40>=_xlfn.XLOOKUP(A40,Rebate_Lookup[SKU CODE],Rebate_Lookup[MOQ_3]), H40<_xlfn.XLOOKUP(A40,Rebate_Lookup[SKU CODE],Rebate_Lookup[MOQ_4]) ) ), 3, IF( AND( _xlfn.XLOOKUP(A40,Rebate_Lookup[SKU CODE],Rebate_Lookup[MOQ_4])>0, H40>=_xlfn.XLOOKUP(A40,Rebate_Lookup[SKU CODE],Rebate_Lookup[MOQ_4]) ), 4, 1 ) ) ) ) ) )), PRICING[Standard Use Rate (oz/M)] ), 2 ))} -> 0.32 | U40: =ROUND(T40*43.56,2) -> 13.94 | V40: =IF(AND(TRIM(U40)<>"",TRIM(H40)<>""),ROUND(H40*INDEX(PRICING[Package Ounces],MATCH(A40,PRICING[SKU],0))/U40,2),"") | W40: =IF(H40<>0,ROUND(S40/V40,2),0) -> 0 | X40: =ROUND(W40/43.56,2) -> 0
J41: =SUM(J15:J40) -> 0 | L41: =SUM(L15:L40) -> 0 | P41: =SUM(P15:P40) -> 0 | Q41: =SUM(Q15:Q40) -> 0 | S41: =SUM(S15:S40) -> 0
D43: NON-AGENCY PRODUCTS | J43: HIDE | M43: HIDE | N43: HIDE | O43: HIDE
A44: SKU CODE | B44: RELEVANT | D44: MINIMUM QUANTITY REQUIREMENT FOR REBATE | E44: PRODUCT NAME | F44: UNIT SIZE | G44: CATEGORY | H44: # UNITS | I44: PRICE / UNIT | J44: REDEMPTION VALUE | K44: REBATE PER UNIT | L44: SUBTOTAL BEFORE REBATE | M44: IN SEASON SUBTOTAL | N44: IN SEASON SUBTOTAL AFTER REBATE | O44: REBATE TIERS QUALIFIED | P44: SUBTOTAL AFTER REBATE | Q44: NET PRICE/UNIT (after rebate) | T44: USE RATE / 1,000 FT2 | U44: USE RATE / ACRE | V44: TOTAL ACRES TREATED | W44: COST/ ACRE | X44: COST/ 1,000 FT2
A45: 87300722 | B45: =H45>0 -> FALSE | D45: {=IFERROR( _xlfn.TEXTJOIN( "; ", TRUE, _xlfn._xlws.FILTER( IF( ISNUMBER(SEARCH("Terradex",E45)), TEXT(ROUND(PRICING[Rebate $]/AB45,2),"$#,##0.00")& " off per gal with "& SUBSTITUTE(PRICING[Min Qty]," gal","")& " + Terradex gallons", TEXT(PRICING[Rebate $],"$#,##0.00")& " off on "& IF( (PRICING[Min Qty]="")+(PRICING[Min Qty]=0), "1 unit", PRICING[Min Qty]&" units" ) ), (PRICING[SKU]=$A45)* ( ISNUMBER(SEARCH("Terradex",E45))+ ( (PRICING[Rebate $]<>"")* (PRICING[Rebate $]<>0) ) ) ) ), "n/a" )} -> $68.00 off on 1 unit | E45: =_xlfn.XLOOKUP(A45, PRICING[SKU], PRICING[Product], "") -> Acclaim Extra® | F45: =_xlfn.XLOOKUP(A45, PRICING[SKU], PRICING[Size], "") -> 1 gal | G45: =IF(_xlfn.XLOOKUP(A45,PRICING[SKU],PRICING[Indication])="I","Insecticide", IF(_xlfn.XLOOKUP(A45,PRICING[SKU],PRICING[Indication])="H","Herbicide", IF(_xlfn.XLOOKUP(A45,PRICING[SKU],PRICING[Indication])="F","Fungicide", IF(_xlfn.XLOOKUP(A45,PRICING[SKU],PRICING[Indication])="PGR","PGR","")))) -> Herbicide | J45: =INDEX(PRICING[NOW Price],MATCH(A45,PRICING[SKU],0)) -> 678.5 | K45: =IF(OR(H45="",O45=""),"", IF(O45=1,INDEX(Rebate_Lookup[REB_MOQ_1],MATCH(A45,Rebate_Lookup[SKU CODE],0)), IF(O45=2,INDEX(Rebate_Lookup[REB_MOQ_2],MATCH(A45,Rebate_Lookup[SKU CODE],0)), IF(O45=3,INDEX(Rebate_Lookup[REB_MOQ_3],MATCH(A45,Rebate_Lookup[SKU CODE],0)), IF(O45=4,INDEX(Rebate_Lookup[REB_MOQ_4],MATCH(A45,Rebate_Lookup[SKU CODE],0)), "#err"))))) | L45: =IF(H45*I45= 0,"",ROUND(H45*I45,2)) | M45: =IF(OR(H45=0,J45=""),"",ROUND(H45*J45,2)) | N45: =IF(OR(H45=0,H45=""),"",M45) | O45: =IF(H45="","",INDEX(Rebate_Lookup[Qualified Rebate Tier],MATCH(A45,Rebate_Lookup[SKU CODE],0))) | P45: =IF( K45="", IF(OR(H45=0,H45=""),"",L45), IF(OR(H45=0,H45=""),"",ROUND((I45-K45)*H45,2)) ) | Q45: =IF(OR(ISBLANK(H45),ISBLANK(I45)),"",ROUND(P45/H45,2)) | T45: {=IF(OR(H45="",H45=0), ROUND(_xlfn.XLOOKUP(1,(PRICING[SKU]=A45)*(PRICING[Set]=1),PRICING[Standard Use Rate (oz/M)]),2),ROUND( _xlfn.XLOOKUP( 1, (PRICING[SKU]=A45)* (PRICING[Set]=IF( _xlfn.XLOOKUP(A45,Rebate_Lookup[SKU CODE],Rebate_Lookup[MOQ_2])=0, 1, IF( AND( _xlfn.XLOOKUP(A45,Rebate_Lookup[SKU CODE],Rebate_Lookup[MOQ_3])=0, H45>=_xlfn.XLOOKUP(A45,Rebate_Lookup[SKU CODE],Rebate_Lookup[MOQ_2]) ), 2, IF( AND( H45>=_xlfn.XLOOKUP(A45,Rebate_Lookup[SKU CODE],Rebate_Lookup[MOQ_1]), H45<_xlfn.XLOOKUP(A45,Rebate_Lookup[SKU CODE],Rebate_Lookup[MOQ_2]) ), 1, IF( AND( H45>=_xlfn.XLOOKUP(A45,Rebate_Lookup[SKU CODE],Rebate_Lookup[MOQ_2]), OR( _xlfn.XLOOKUP(A45,Rebate_Lookup[SKU CODE],Rebate_Lookup[MOQ_3])=0, H45<_xlfn.XLOOKUP(A45,Rebate_Lookup[SKU CODE],Rebate_Lookup[MOQ_3]) ) ), 2, IF( OR( AND( _xlfn.XLOOKUP(A45,Rebate_Lookup[SKU CODE],Rebate_Lookup[MOQ_4])=0, H45>=_xlfn.XLOOKUP(A45,Rebate_Lookup[SKU CODE],Rebate_Lookup[MOQ_3]) ), AND( _xlfn.XLOOKUP(A45,Rebate_Lookup[SKU CODE],Rebate_Lookup[MOQ_4])>0, H45>=_xlfn.XLOOKUP(A45,Rebate_Lookup[SKU CODE],Rebate_Lookup[MOQ_3]), H45<_xlfn.XLOOKUP(A45,Rebate_Lookup[SKU CODE],Rebate_Lookup[MOQ_4]) ) ), 3, IF( AND( _xlfn.XLOOKUP(A45,Rebate_Lookup[SKU CODE],Rebate_Lookup[MOQ_4])>0, H45>=_xlfn.XLOOKUP(A45,Rebate_Lookup[SKU CODE],Rebate_Lookup[MOQ_4]) ), 4, 1 ) ) ) ) ) )), PRICING[Standard Use Rate (oz/M)] ), 2 ))} -> 0.46 | U45: =ROUND(T45*43.56,2) -> 20.04 | V45: =IF(AND(TRIM(U45)<>"",TRIM(H45)<>""),ROUND(H45*INDEX(PRICING[Package Ounces],MATCH(A45,PRICING[SKU],0))/U45,2),"") | W45: =IF(H45<>0,ROUND(P45/V45,2),0) -> 0 | X45: =ROUND(W45/43.56,2) -> 0
A46: 7271250 | B46: =H46>0 -> FALSE | D46: {=IFERROR( _xlfn.TEXTJOIN( "; ", TRUE, _xlfn._xlws.FILTER( IF( ISNUMBER(SEARCH("Terradex",E46)), TEXT(ROUND(PRICING[Rebate $]/AB46,2),"$#,##0.00")& " off per gal with "& SUBSTITUTE(PRICING[Min Qty]," gal","")& " + Terradex gallons", TEXT(PRICING[Rebate $],"$#,##0.00")& " off on "& IF( (PRICING[Min Qty]="")+(PRICING[Min Qty]=0), "1 unit", PRICING[Min Qty]&" units" ) ), (PRICING[SKU]=$A46)* ( ISNUMBER(SEARCH("Terradex",E46))+ ( (PRICING[Rebate $]<>"")* (PRICING[Rebate $]<>0) ) ) ) ), "n/a" )} -> $10.00 off on 1 unit | E46: =_xlfn.XLOOKUP(A46, PRICING[SKU], PRICING[Product], "") -> Acclaim Extra® | F46: =_xlfn.XLOOKUP(A46, PRICING[SKU], PRICING[Size], "") -> 16 oz | G46: =IF(_xlfn.XLOOKUP(A46,PRICING[SKU],PRICING[Indication])="I","Insecticide", IF(_xlfn.XLOOKUP(A46,PRICING[SKU],PRICING[Indication])="H","Herbicide", IF(_xlfn.XLOOKUP(A46,PRICING[SKU],PRICING[Indication])="F","Fungicide", IF(_xlfn.XLOOKUP(A46,PRICING[SKU],PRICING[Indication])="PGR","PGR","")))) -> Herbicide | J46: =INDEX(PRICING[NOW Price],MATCH(A46,PRICING[SKU],0)) -> 95.68 | K46: =IF(OR(H46="",O46=""),"", IF(O46=1,INDEX(Rebate_Lookup[REB_MOQ_1],MATCH(A46,Rebate_Lookup[SKU CODE],0)), IF(O46=2,INDEX(Rebate_Lookup[REB_MOQ_2],MATCH(A46,Rebate_Lookup[SKU CODE],0)), IF(O46=3,INDEX(Rebate_Lookup[REB_MOQ_3],MATCH(A46,Rebate_Lookup[SKU CODE],0)), IF(O46=4,INDEX(Rebate_Lookup[REB_MOQ_4],MATCH(A46,Rebate_Lookup[SKU CODE],0)), "#err"))))) | L46: =IF(H46*I46= 0,"",ROUND(H46*I46,2)) | M46: =IF(OR(H46=0,J46=""),"",ROUND(H46*J46,2)) | N46: =IF(OR(H46=0,H46=""),"",M46) | O46: =IF(H46="","",INDEX(Rebate_Lookup[Qualified Rebate Tier],MATCH(A46,Rebate_Lookup[SKU CODE],0))) | P46: =IF( K46="", IF(OR(H46=0,H46=""),"",L46), IF(OR(H46=0,H46=""),"",ROUND((I46-K46)*H46,2)) ) | Q46: =IF(OR(ISBLANK(H46),ISBLANK(I46)),"",ROUND(P46/H46,2)) | T46: {=IF(OR(H46="",H46=0), ROUND(_xlfn.XLOOKUP(1,(PRICING[SKU]=A46)*(PRICING[Set]=1),PRICING[Standard Use Rate (oz/M)]),2),ROUND( _xlfn.XLOOKUP( 1, (PRICING[SKU]=A46)* (PRICING[Set]=IF( _xlfn.XLOOKUP(A46,Rebate_Lookup[SKU CODE],Rebate_Lookup[MOQ_2])=0, 1, IF( AND( _xlfn.XLOOKUP(A46,Rebate_Lookup[SKU CODE],Rebate_Lookup[MOQ_3])=0, H46>=_xlfn.XLOOKUP(A46,Rebate_Lookup[SKU CODE],Rebate_Lookup[MOQ_2]) ), 2, IF( AND( H46>=_xlfn.XLOOKUP(A46,Rebate_Lookup[SKU CODE],Rebate_Lookup[MOQ_1]), H46<_xlfn.XLOOKUP(A46,Rebate_Lookup[SKU CODE],Rebate_Lookup[MOQ_2]) ), 1, IF( AND( H46>=_xlfn.XLOOKUP(A46,Rebate_Lookup[SKU CODE],Rebate_Lookup[MOQ_2]), OR( _xlfn.XLOOKUP(A46,Rebate_Lookup[SKU CODE],Rebate_Lookup[MOQ_3])=0, H46<_xlfn.XLOOKUP(A46,Rebate_Lookup[SKU CODE],Rebate_Lookup[MOQ_3]) ) ), 2, IF( OR( AND( _xlfn.XLOOKUP(A46,Rebate_Lookup[SKU CODE],Rebate_Lookup[MOQ_4])=0, H46>=_xlfn.XLOOKUP(A46,Rebate_Lookup[SKU CODE],Rebate_Lookup[MOQ_3]) ), AND( _xlfn.XLOOKUP(A46,Rebate_Lookup[SKU CODE],Rebate_Lookup[MOQ_4])>0, H46>=_xlfn.XLOOKUP(A46,Rebate_Lookup[SKU CODE],Rebate_Lookup[MOQ_3]), H46<_xlfn.XLOOKUP(A46,Rebate_Lookup[SKU CODE],Rebate_Lookup[MOQ_4]) ) ), 3, IF( AND( _xlfn.XLOOKUP(A46,Rebate_Lookup[SKU CODE],Rebate_Lookup[MOQ_4])>0, H46>=_xlfn.XLOOKUP(A46,Rebate_Lookup[SKU CODE],Rebate_Lookup[MOQ_4]) ), 4, 1 ) ) ) ) ) )), PRICING[Standard Use Rate (oz/M)] ), 2 ))} -> 0.46 | U46: =ROUND(T46*43.56,2) -> 20.04 | V46: =IF(AND(TRIM(U46)<>"",TRIM(H46)<>""),ROUND(H46*INDEX(PRICING[Package Ounces],MATCH(A46,PRICING[SKU],0))/U46,2),"") | W46: =IF(H46<>0,ROUND(P46/V46,2),0) -> 0 | X46: =ROUND(W46/43.56,2) -> 0
A47: D00000898 | B47: =H47>0 -> FALSE | D47: {=IFERROR( _xlfn.TEXTJOIN( "; ", TRUE, _xlfn._xlws.FILTER( IF( ISNUMBER(SEARCH("Terradex",E47)), TEXT(ROUND(PRICING[Rebate $]/AB47,2),"$#,##0.00")& " off per gal with "& SUBSTITUTE(PRICING[Min Qty]," gal","")& " + Terradex gallons", TEXT(PRICING[Rebate $],"$#,##0.00")& " off on "& IF( (PRICING[Min Qty]="")+(PRICING[Min Qty]=0), "1 unit", PRICING[Min Qty]&" units" ) ), (PRICING[SKU]=$A47)* ( ISNUMBER(SEARCH("Terradex",E47))+ ( (PRICING[Rebate $]<>"")* (PRICING[Rebate $]<>0) ) ) ) ), "n/a" )} -> n/a | E47: =_xlfn.XLOOKUP(A47, PRICING[SKU], PRICING[Product], "") -> Armada® 50 WDG | F47: =_xlfn.XLOOKUP(A47, PRICING[SKU], PRICING[Size], "") -> 2 lb | G47: =IF(_xlfn.XLOOKUP(A47,PRICING[SKU],PRICING[Indication])="I","Insecticide", IF(_xlfn.XLOOKUP(A47,PRICING[SKU],PRICING[Indication])="H","Herbicide", IF(_xlfn.XLOOKUP(A47,PRICING[SKU],PRICING[Indication])="F","Fungicide", IF(_xlfn.XLOOKUP(A47,PRICING[SKU],PRICING[Indication])="PGR","PGR","")))) -> Fungicide | J47: =INDEX(PRICING[NOW Price],MATCH(A47,PRICING[SKU],0)) -> 116.28 | K47: =IF(OR(H47="",O47=""),"", IF(O47=1,INDEX(Rebate_Lookup[REB_MOQ_1],MATCH(A47,Rebate_Lookup[SKU CODE],0)), IF(O47=2,INDEX(Rebate_Lookup[REB_MOQ_2],MATCH(A47,Rebate_Lookup[SKU CODE],0)), IF(O47=3,INDEX(Rebate_Lookup[REB_MOQ_3],MATCH(A47,Rebate_Lookup[SKU CODE],0)), IF(O47=4,INDEX(Rebate_Lookup[REB_MOQ_4],MATCH(A47,Rebate_Lookup[SKU CODE],0)), "#err"))))) | L47: =IF(H47*I47= 0,"",ROUND(H47*I47,2)) | M47: =IF(OR(H47=0,J47=""),"",ROUND(H47*J47,2)) | N47: =IF(OR(H47=0,H47=""),"",M47) | O47: =IF(H47="","",INDEX(Rebate_Lookup[Qualified Rebate Tier],MATCH(A47,Rebate_Lookup[SKU CODE],0))) | P47: =IF( K47="", IF(OR(H47=0,H47=""),"",L47), IF(OR(H47=0,H47=""),"",ROUND((I47-K47)*H47,2)) ) | Q47: =IF(OR(ISBLANK(H47),ISBLANK(I47)),"",ROUND(P47/H47,2)) | T47: {=IF(OR(H47="",H47=0), ROUND(_xlfn.XLOOKUP(1,(PRICING[SKU]=A47)*(PRICING[Set]=1),PRICING[Standard Use Rate (oz/M)]),2),ROUND( _xlfn.XLOOKUP( 1, (PRICING[SKU]=A47)* (PRICING[Set]=IF( _xlfn.XLOOKUP(A47,Rebate_Lookup[SKU CODE],Rebate_Lookup[MOQ_2])=0, 1, IF( AND( _xlfn.XLOOKUP(A47,Rebate_Lookup[SKU CODE],Rebate_Lookup[MOQ_3])=0, H47>=_xlfn.XLOOKUP(A47,Rebate_Lookup[SKU CODE],Rebate_Lookup[MOQ_2]) ), 2, IF( AND( H47>=_xlfn.XLOOKUP(A47,Rebate_Lookup[SKU CODE],Rebate_Lookup[MOQ_1]), H47<_xlfn.XLOOKUP(A47,Rebate_Lookup[SKU CODE],Rebate_Lookup[MOQ_2]) ), 1, IF( AND( H47>=_xlfn.XLOOKUP(A47,Rebate_Lookup[SKU CODE],Rebate_Lookup[MOQ_2]), OR( _xlfn.XLOOKUP(A47,Rebate_Lookup[SKU CODE],Rebate_Lookup[MOQ_3])=0, H47<_xlfn.XLOOKUP(A47,Rebate_Lookup[SKU CODE],Rebate_Lookup[MOQ_3]) ) ), 2, IF( OR( AND( _xlfn.XLOOKUP(A47,Rebate_Lookup[SKU CODE],Rebate_Lookup[MOQ_4])=0, H47>=_xlfn.XLOOKUP(A47,Rebate_Lookup[SKU CODE],Rebate_Lookup[MOQ_3]) ), AND( _xlfn.XLOOKUP(A47,Rebate_Lookup[SKU CODE],Rebate_Lookup[MOQ_4])>0, H47>=_xlfn.XLOOKUP(A47,Rebate_Lookup[SKU CODE],Rebate_Lookup[MOQ_3]), H47<_xlfn.XLOOKUP(A47,Rebate_Lookup[SKU CODE],Rebate_Lookup[MOQ_4]) ) ), 3, IF( AND( _xlfn.XLOOKUP(A47,Rebate_Lookup[SKU CODE],Rebate_Lookup[MOQ_4])>0, H47>=_xlfn.XLOOKUP(A47,Rebate_Lookup[SKU CODE],Rebate_Lookup[MOQ_4]) ), 4, 1 ) ) ) ) ) )), PRICING[Standard Use Rate (oz/M)] ), 2 ))} -> 0.5 | U47: =ROUND(T47*43.56,2) -> 21.78 | V47: =IF(AND(TRIM(U47)<>"",TRIM(H47)<>""),ROUND(H47*INDEX(PRICING[Package Ounces],MATCH(A47,PRICING[SKU],0))/U47,2),"") | W47: =IF(H47<>0,ROUND(P47/V47,2),0) -> 0 | X47: =ROUND(W47/43.56,2) -> 0
A48: 11008351 | B48: =H48>0 -> FALSE | D48: {=IFERROR( _xlfn.TEXTJOIN( "; ", TRUE, _xlfn._xlws.FILTER( IF( ISNUMBER(SEARCH("Terradex",E48)), TEXT(ROUND(PRICING[Rebate $]/AB48,2),"$#,##0.00")& " off per gal with "& SUBSTITUTE(PRICING[Min Qty]," gal","")& " + Terradex gallons", TEXT(PRICING[Rebate $],"$#,##0.00")& " off on "& IF( (PRICING[Min Qty]="")+(PRICING[Min Qty]=0), "1 unit", PRICING[Min Qty]&" units" ) ), (PRICING[SKU]=$A48)* ( ISNUMBER(SEARCH("Terradex",E48))+ ( (PRICING[Rebate $]<>"")* (PRICING[Rebate $]<>0) ) ) ) ), "n/a" )} -> $20.00 off on 1 unit | E48: =_xlfn.XLOOKUP(A48, PRICING[SKU], PRICING[Product], "") -> Blindside® Herbicide | F48: =_xlfn.XLOOKUP(A48, PRICING[SKU], PRICING[Size], "") -> 0.5 lb | G48: =IF(_xlfn.XLOOKUP(A48,PRICING[SKU],PRICING[Indication])="I","Insecticide", IF(_xlfn.XLOOKUP(A48,PRICING[SKU],PRICING[Indication])="H","Herbicide", IF(_xlfn.XLOOKUP(A48,PRICING[SKU],PRICING[Indication])="F","Fungicide", IF(_xlfn.XLOOKUP(A48,PRICING[SKU],PRICING[Indication])="PGR","PGR","")))) -> Herbicide | J48: =INDEX(PRICING[NOW Price],MATCH(A48,PRICING[SKU],0)) -> 141.83 | K48: =IF(OR(H48="",O48=""),"", IF(O48=1,INDEX(Rebate_Lookup[REB_MOQ_1],MATCH(A48,Rebate_Lookup[SKU CODE],0)), IF(O48=2,INDEX(Rebate_Lookup[REB_MOQ_2],MATCH(A48,Rebate_Lookup[SKU CODE],0)), IF(O48=3,INDEX(Rebate_Lookup[REB_MOQ_3],MATCH(A48,Rebate_Lookup[SKU CODE],0)), IF(O48=4,INDEX(Rebate_Lookup[REB_MOQ_4],MATCH(A48,Rebate_Lookup[SKU CODE],0)), "#err"))))) | L48: =IF(H48*I48= 0,"",ROUND(H48*I48,2)) | M48: =IF(OR(H48=0,J48=""),"",ROUND(H48*J48,2)) | N48: =IF(OR(H48=0,H48=""),"",M48) | O48: =IF(H48="","",INDEX(Rebate_Lookup[Qualified Rebate Tier],MATCH(A48,Rebate_Lookup[SKU CODE],0))) | P48: =IF( K48="", IF(OR(H48=0,H48=""),"",L48), IF(OR(H48=0,H48=""),"",ROUND((I48-K48)*H48,2)) ) | Q48: =IF(OR(ISBLANK(H48),ISBLANK(I48)),"",ROUND(P48/H48,2)) | T48: {=IF(OR(H48="",H48=0), ROUND(_xlfn.XLOOKUP(1,(PRICING[SKU]=A48)*(PRICING[Set]=1),PRICING[Standard Use Rate (oz/M)]),2),ROUND( _xlfn.XLOOKUP( 1, (PRICING[SKU]=A48)* (PRICING[Set]=IF( _xlfn.XLOOKUP(A48,Rebate_Lookup[SKU CODE],Rebate_Lookup[MOQ_2])=0, 1, IF( AND( _xlfn.XLOOKUP(A48,Rebate_Lookup[SKU CODE],Rebate_Lookup[MOQ_3])=0, H48>=_xlfn.XLOOKUP(A48,Rebate_Lookup[SKU CODE],Rebate_Lookup[MOQ_2]) ), 2, IF( AND( H48>=_xlfn.XLOOKUP(A48,Rebate_Lookup[SKU CODE],Rebate_Lookup[MOQ_1]), H48<_xlfn.XLOOKUP(A48,Rebate_Lookup[SKU CODE],Rebate_Lookup[MOQ_2]) ), 1, IF( AND( H48>=_xlfn.XLOOKUP(A48,Rebate_Lookup[SKU CODE],Rebate_Lookup[MOQ_2]), OR( _xlfn.XLOOKUP(A48,Rebate_Lookup[SKU CODE],Rebate_Lookup[MOQ_3])=0, H48<_xlfn.XLOOKUP(A48,Rebate_Lookup[SKU CODE],Rebate_Lookup[MOQ_3]) ) ), 2, IF( OR( AND( _xlfn.XLOOKUP(A48,Rebate_Lookup[SKU CODE],Rebate_Lookup[MOQ_4])=0, H48>=_xlfn.XLOOKUP(A48,Rebate_Lookup[SKU CODE],Rebate_Lookup[MOQ_3]) ), AND( _xlfn.XLOOKUP(A48,Rebate_Lookup[SKU CODE],Rebate_Lookup[MOQ_4])>0, H48>=_xlfn.XLOOKUP(A48,Rebate_Lookup[SKU CODE],Rebate_Lookup[MOQ_3]), H48<_xlfn.XLOOKUP(A48,Rebate_Lookup[SKU CODE],Rebate_Lookup[MOQ_4]) ) ), 3, IF( AND( _xlfn.XLOOKUP(A48,Rebate_Lookup[SKU CODE],Rebate_Lookup[MOQ_4])>0, H48>=_xlfn.XLOOKUP(A48,Rebate_Lookup[SKU CODE],Rebate_Lookup[MOQ_4]) ), 4, 1 ) ) ) ) ) )), PRICING[Standard Use Rate (oz/M)] ), 2 ))} -> 0.15 | U48: =ROUND(T48*43.56,2) -> 6.53 | V48: =IF(AND(TRIM(U48)<>"",TRIM(H48)<>""),ROUND(H48*INDEX(PRICING[Package Ounces],MATCH(A48,PRICING[SKU],0))/U48,2),"") | W48: =IF(H48<>0,ROUND(P48/V48,2),0) -> 0 | X48: =ROUND(W48/43.56,2) -> 0
A49: 11008357 | B49: =H49>0 -> FALSE | D49: {=IFERROR( _xlfn.TEXTJOIN( "; ", TRUE, _xlfn._xlws.FILTER( IF( ISNUMBER(SEARCH("Terradex",E49)), TEXT(ROUND(PRICING[Rebate $]/AB49,2),"$#,##0.00")& " off per gal with "& SUBSTITUTE(PRICING[Min Qty]," gal","")& " + Terradex gallons", TEXT(PRICING[Rebate $],"$#,##0.00")& " off on "& IF( (PRICING[Min Qty]="")+(PRICING[Min Qty]=0), "1 unit", PRICING[Min Qty]&" units" ) ), (PRICING[SKU]=$A49)* ( ISNUMBER(SEARCH("Terradex",E49))+ ( (PRICING[Rebate $]<>"")* (PRICING[Rebate $]<>0) ) ) ) ), "n/a" )} -> $18.00 off on 1 unit | E49: =_xlfn.XLOOKUP(A49, PRICING[SKU], PRICING[Product], "") -> Dismiss® CA Herbicide | F49: =_xlfn.XLOOKUP(A49, PRICING[SKU], PRICING[Size], "") -> 6 oz | G49: =IF(_xlfn.XLOOKUP(A49,PRICING[SKU],PRICING[Indication])="I","Insecticide", IF(_xlfn.XLOOKUP(A49,PRICING[SKU],PRICING[Indication])="H","Herbicide", IF(_xlfn.XLOOKUP(A49,PRICING[SKU],PRICING[Indication])="F","Fungicide", IF(_xlfn.XLOOKUP(A49,PRICING[SKU],PRICING[Indication])="PGR","PGR","")))) -> Herbicide | J49: =INDEX(PRICING[NOW Price],MATCH(A49,PRICING[SKU],0)) -> 61.32 | K49: =IF(OR(H49="",O49=""),"", IF(O49=1,INDEX(Rebate_Lookup[REB_MOQ_1],MATCH(A49,Rebate_Lookup[SKU CODE],0)), IF(O49=2,INDEX(Rebate_Lookup[REB_MOQ_2],MATCH(A49,Rebate_Lookup[SKU CODE],0)), IF(O49=3,INDEX(Rebate_Lookup[REB_MOQ_3],MATCH(A49,Rebate_Lookup[SKU CODE],0)), IF(O49=4,INDEX(Rebate_Lookup[REB_MOQ_4],MATCH(A49,Rebate_Lookup[SKU CODE],0)), "#err"))))) | L49: =IF(H49*I49= 0,"",ROUND(H49*I49,2)) | M49: =IF(OR(H49=0,J49=""),"",ROUND(H49*J49,2)) | N49: =IF(OR(H49=0,H49=""),"",M49) | O49: =IF(H49="","",INDEX(Rebate_Lookup[Qualified Rebate Tier],MATCH(A49,Rebate_Lookup[SKU CODE],0))) | P49: =IF( K49="", IF(OR(H49=0,H49=""),"",L49), IF(OR(H49=0,H49=""),"",ROUND((I49-K49)*H49,2)) ) | Q49: =IF(OR(ISBLANK(H49),ISBLANK(I49)),"",ROUND(P49/H49,2)) | T49: {=IF(OR(H49="",H49=0), ROUND(_xlfn.XLOOKUP(1,(PRICING[SKU]=A49)*(PRICING[Set]=1),PRICING[Standard Use Rate (oz/M)]),2),ROUND( _xlfn.XLOOKUP( 1, (PRICING[SKU]=A49)* (PRICING[Set]=IF( _xlfn.XLOOKUP(A49,Rebate_Lookup[SKU CODE],Rebate_Lookup[MOQ_2])=0, 1, IF( AND( _xlfn.XLOOKUP(A49,Rebate_Lookup[SKU CODE],Rebate_Lookup[MOQ_3])=0, H49>=_xlfn.XLOOKUP(A49,Rebate_Lookup[SKU CODE],Rebate_Lookup[MOQ_2]) ), 2, IF( AND( H49>=_xlfn.XLOOKUP(A49,Rebate_Lookup[SKU CODE],Rebate_Lookup[MOQ_1]), H49<_xlfn.XLOOKUP(A49,Rebate_Lookup[SKU CODE],Rebate_Lookup[MOQ_2]) ), 1, IF( AND( H49>=_xlfn.XLOOKUP(A49,Rebate_Lookup[SKU CODE],Rebate_Lookup[MOQ_2]), OR( _xlfn.XLOOKUP(A49,Rebate_Lookup[SKU CODE],Rebate_Lookup[MOQ_3])=0, H49<_xlfn.XLOOKUP(A49,Rebate_Lookup[SKU CODE],Rebate_Lookup[MOQ_3]) ) ), 2, IF( OR( AND( _xlfn.XLOOKUP(A49,Rebate_Lookup[SKU CODE],Rebate_Lookup[MOQ_4])=0, H49>=_xlfn.XLOOKUP(A49,Rebate_Lookup[SKU CODE],Rebate_Lookup[MOQ_3]) ), AND( _xlfn.XLOOKUP(A49,Rebate_Lookup[SKU CODE],Rebate_Lookup[MOQ_4])>0, H49>=_xlfn.XLOOKUP(A49,Rebate_Lookup[SKU CODE],Rebate_Lookup[MOQ_3]), H49<_xlfn.XLOOKUP(A49,Rebate_Lookup[SKU CODE],Rebate_Lookup[MOQ_4]) ) ), 3, IF( AND( _xlfn.XLOOKUP(A49,Rebate_Lookup[SKU CODE],Rebate_Lookup[MOQ_4])>0, H49>=_xlfn.XLOOKUP(A49,Rebate_Lookup[SKU CODE],Rebate_Lookup[MOQ_4]) ), 4, 1 ) ) ) ) ) )), PRICING[Standard Use Rate (oz/M)] ), 2 ))} -> 0.22 | U49: =ROUND(T49*43.56,2) -> 9.58 | V49: =IF(AND(TRIM(U49)<>"",TRIM(H49)<>""),ROUND(H49*INDEX(PRICING[Package Ounces],MATCH(A49,PRICING[SKU],0))/U49,2),"") | W49: =IF(H49<>0,ROUND(P49/V49,2),0) -> 0 | X49: =ROUND(W49/43.56,2) -> 0
A50: 11008474 | B50: =H50>0 -> FALSE | D50: {=IFERROR( _xlfn.TEXTJOIN( "; ", TRUE, _xlfn._xlws.FILTER( IF( ISNUMBER(SEARCH("Terradex",E50)), TEXT(ROUND(PRICING[Rebate $]/AB50,2),"$#,##0.00")& " off per gal with "& SUBSTITUTE(PRICING[Min Qty]," gal","")& " + Terradex gallons", TEXT(PRICING[Rebate $],"$#,##0.00")& " off on "& IF( (PRICING[Min Qty]="")+(PRICING[Min Qty]=0), "1 unit", PRICING[Min Qty]&" units" ) ), (PRICING[SKU]=$A50)* ( ISNUMBER(SEARCH("Terradex",E50))+ ( (PRICING[Rebate $]<>"")* (PRICING[Rebate $]<>0) ) ) ) ), "n/a" )} -> $25.00 off on 1 unit | E50: =_xlfn.XLOOKUP(A50, PRICING[SKU], PRICING[Product], "") -> Dismiss® South Herbicide | F50: =_xlfn.XLOOKUP(A50, PRICING[SKU], PRICING[Size], "") -> 1 pint | G50: =IF(_xlfn.XLOOKUP(A50,PRICING[SKU],PRICING[Indication])="I","Insecticide", IF(_xlfn.XLOOKUP(A50,PRICING[SKU],PRICING[Indication])="H","Herbicide", IF(_xlfn.XLOOKUP(A50,PRICING[SKU],PRICING[Indication])="F","Fungicide", IF(_xlfn.XLOOKUP(A50,PRICING[SKU],PRICING[Indication])="PGR","PGR","")))) -> Herbicide | J50: =INDEX(PRICING[NOW Price],MATCH(A50,PRICING[SKU],0)) -> 158.66 | K50: =IF(OR(H50="",O50=""),"", IF(O50=1,INDEX(Rebate_Lookup[REB_MOQ_1],MATCH(A50,Rebate_Lookup[SKU CODE],0)), IF(O50=2,INDEX(Rebate_Lookup[REB_MOQ_2],MATCH(A50,Rebate_Lookup[SKU CODE],0)), IF(O50=3,INDEX(Rebate_Lookup[REB_MOQ_3],MATCH(A50,Rebate_Lookup[SKU CODE],0)), IF(O50=4,INDEX(Rebate_Lookup[REB_MOQ_4],MATCH(A50,Rebate_Lookup[SKU CODE],0)), "#err"))))) | L50: =IF(H50*I50= 0,"",ROUND(H50*I50,2)) | M50: =IF(OR(H50=0,J50=""),"",ROUND(H50*J50,2)) | N50: =IF(OR(H50=0,H50=""),"",M50) | O50: =IF(H50="","",INDEX(Rebate_Lookup[Qualified Rebate Tier],MATCH(A50,Rebate_Lookup[SKU CODE],0))) | P50: =IF( K50="", IF(OR(H50=0,H50=""),"",L50), IF(OR(H50=0,H50=""),"",ROUND((I50-K50)*H50,2)) ) | Q50: =IF(OR(ISBLANK(H50),ISBLANK(I50)),"",ROUND(P50/H50,2)) | T50: {=IF(OR(H50="",H50=0), ROUND(_xlfn.XLOOKUP(1,(PRICING[SKU]=A50)*(PRICING[Set]=1),PRICING[Standard Use Rate (oz/M)]),2),ROUND( _xlfn.XLOOKUP( 1, (PRICING[SKU]=A50)* (PRICING[Set]=IF( _xlfn.XLOOKUP(A50,Rebate_Lookup[SKU CODE],Rebate_Lookup[MOQ_2])=0, 1, IF( AND( _xlfn.XLOOKUP(A50,Rebate_Lookup[SKU CODE],Rebate_Lookup[MOQ_3])=0, H50>=_xlfn.XLOOKUP(A50,Rebate_Lookup[SKU CODE],Rebate_Lookup[MOQ_2]) ), 2, IF( AND( H50>=_xlfn.XLOOKUP(A50,Rebate_Lookup[SKU CODE],Rebate_Lookup[MOQ_1]), H50<_xlfn.XLOOKUP(A50,Rebate_Lookup[SKU CODE],Rebate_Lookup[MOQ_2]) ), 1, IF( AND( H50>=_xlfn.XLOOKUP(A50,Rebate_Lookup[SKU CODE],Rebate_Lookup[MOQ_2]), OR( _xlfn.XLOOKUP(A50,Rebate_Lookup[SKU CODE],Rebate_Lookup[MOQ_3])=0, H50<_xlfn.XLOOKUP(A50,Rebate_Lookup[SKU CODE],Rebate_Lookup[MOQ_3]) ) ), 2, IF( OR( AND( _xlfn.XLOOKUP(A50,Rebate_Lookup[SKU CODE],Rebate_Lookup[MOQ_4])=0, H50>=_xlfn.XLOOKUP(A50,Rebate_Lookup[SKU CODE],Rebate_Lookup[MOQ_3]) ), AND( _xlfn.XLOOKUP(A50,Rebate_Lookup[SKU CODE],Rebate_Lookup[MOQ_4])>0, H50>=_xlfn.XLOOKUP(A50,Rebate_Lookup[SKU CODE],Rebate_Lookup[MOQ_3]), H50<_xlfn.XLOOKUP(A50,Rebate_Lookup[SKU CODE],Rebate_Lookup[MOQ_4]) ) ), 3, IF( AND( _xlfn.XLOOKUP(A50,Rebate_Lookup[SKU CODE],Rebate_Lookup[MOQ_4])>0, H50>=_xlfn.XLOOKUP(A50,Rebate_Lookup[SKU CODE],Rebate_Lookup[MOQ_4]) ), 4, 1 ) ) ) ) ) )), PRICING[Standard Use Rate (oz/M)] ), 2 ))} -> 0.22 | U50: =ROUND(T50*43.56,2) -> 9.58 | V50: =IF(AND(TRIM(U50)<>"",TRIM(H50)<>""),ROUND(H50*INDEX(PRICING[Package Ounces],MATCH(A50,PRICING[SKU],0))/U50,2),"") | W50: =IF(H50<>0,ROUND(P50/V50,2),0) -> 0 | X50: =ROUND(W50/43.56,2) -> 0
A51: 11008475 | B51: =H51>0 -> FALSE | D51: {=IFERROR( _xlfn.TEXTJOIN( "; ", TRUE, _xlfn._xlws.FILTER( IF( ISNUMBER(SEARCH("Terradex",E51)), TEXT(ROUND(PRICING[Rebate $]/AB51,2),"$#,##0.00")& " off per gal with "& SUBSTITUTE(PRICING[Min Qty]," gal","")& " + Terradex gallons", TEXT(PRICING[Rebate $],"$#,##0.00")& " off on "& IF( (PRICING[Min Qty]="")+(PRICING[Min Qty]=0), "1 unit", PRICING[Min Qty]&" units" ) ), (PRICING[SKU]=$A51)* ( ISNUMBER(SEARCH("Terradex",E51))+ ( (PRICING[Rebate $]<>"")* (PRICING[Rebate $]<>0) ) ) ) ), "n/a" )} -> $18.00 off on 1 unit | E51: =_xlfn.XLOOKUP(A51, PRICING[SKU], PRICING[Product], "") -> Dismiss® Turf Herbicide | F51: =_xlfn.XLOOKUP(A51, PRICING[SKU], PRICING[Size], "") -> 6 oz | G51: =IF(_xlfn.XLOOKUP(A51,PRICING[SKU],PRICING[Indication])="I","Insecticide", IF(_xlfn.XLOOKUP(A51,PRICING[SKU],PRICING[Indication])="H","Herbicide", IF(_xlfn.XLOOKUP(A51,PRICING[SKU],PRICING[Indication])="F","Fungicide", IF(_xlfn.XLOOKUP(A51,PRICING[SKU],PRICING[Indication])="PGR","PGR","")))) -> Herbicide | J51: =INDEX(PRICING[NOW Price],MATCH(A51,PRICING[SKU],0)) -> 61.32 | K51: =IF(OR(H51="",O51=""),"", IF(O51=1,INDEX(Rebate_Lookup[REB_MOQ_1],MATCH(A51,Rebate_Lookup[SKU CODE],0)), IF(O51=2,INDEX(Rebate_Lookup[REB_MOQ_2],MATCH(A51,Rebate_Lookup[SKU CODE],0)), IF(O51=3,INDEX(Rebate_Lookup[REB_MOQ_3],MATCH(A51,Rebate_Lookup[SKU CODE],0)), IF(O51=4,INDEX(Rebate_Lookup[REB_MOQ_4],MATCH(A51,Rebate_Lookup[SKU CODE],0)), "#err"))))) | L51: =IF(H51*I51= 0,"",ROUND(H51*I51,2)) | M51: =IF(OR(H51=0,J51=""),"",ROUND(H51*J51,2)) | N51: =IF(OR(H51=0,H51=""),"",M51) | O51: =IF(H51="","",INDEX(Rebate_Lookup[Qualified Rebate Tier],MATCH(A51,Rebate_Lookup[SKU CODE],0))) | P51: =IF( K51="", IF(OR(H51=0,H51=""),"",L51), IF(OR(H51=0,H51=""),"",ROUND((I51-K51)*H51,2)) ) | Q51: =IF(OR(ISBLANK(H51),ISBLANK(I51)),"",ROUND(P51/H51,2)) | T51: {=IF(OR(H51="",H51=0), ROUND(_xlfn.XLOOKUP(1,(PRICING[SKU]=A51)*(PRICING[Set]=1),PRICING[Standard Use Rate (oz/M)]),2),ROUND( _xlfn.XLOOKUP( 1, (PRICING[SKU]=A51)* (PRICING[Set]=IF( _xlfn.XLOOKUP(A51,Rebate_Lookup[SKU CODE],Rebate_Lookup[MOQ_2])=0, 1, IF( AND( _xlfn.XLOOKUP(A51,Rebate_Lookup[SKU CODE],Rebate_Lookup[MOQ_3])=0, H51>=_xlfn.XLOOKUP(A51,Rebate_Lookup[SKU CODE],Rebate_Lookup[MOQ_2]) ), 2, IF( AND( H51>=_xlfn.XLOOKUP(A51,Rebate_Lookup[SKU CODE],Rebate_Lookup[MOQ_1]), H51<_xlfn.XLOOKUP(A51,Rebate_Lookup[SKU CODE],Rebate_Lookup[MOQ_2]) ), 1, IF( AND( H51>=_xlfn.XLOOKUP(A51,Rebate_Lookup[SKU CODE],Rebate_Lookup[MOQ_2]), OR( _xlfn.XLOOKUP(A51,Rebate_Lookup[SKU CODE],Rebate_Lookup[MOQ_3])=0, H51<_xlfn.XLOOKUP(A51,Rebate_Lookup[SKU CODE],Rebate_Lookup[MOQ_3]) ) ), 2, IF( OR( AND( _xlfn.XLOOKUP(A51,Rebate_Lookup[SKU CODE],Rebate_Lookup[MOQ_4])=0, H51>=_xlfn.XLOOKUP(A51,Rebate_Lookup[SKU CODE],Rebate_Lookup[MOQ_3]) ), AND( _xlfn.XLOOKUP(A51,Rebate_Lookup[SKU CODE],Rebate_Lookup[MOQ_4])>0, H51>=_xlfn.XLOOKUP(A51,Rebate_Lookup[SKU CODE],Rebate_Lookup[MOQ_3]), H51<_xlfn.XLOOKUP(A51,Rebate_Lookup[SKU CODE],Rebate_Lookup[MOQ_4]) ) ), 3, IF( AND( _xlfn.XLOOKUP(A51,Rebate_Lookup[SKU CODE],Rebate_Lookup[MOQ_4])>0, H51>=_xlfn.XLOOKUP(A51,Rebate_Lookup[SKU CODE],Rebate_Lookup[MOQ_4]) ), 4, 1 ) ) ) ) ) )), PRICING[Standard Use Rate (oz/M)] ), 2 ))} -> 0.18 | U51: =ROUND(T51*43.56,2) -> 7.84 | V51: =IF(AND(TRIM(U51)<>"",TRIM(H51)<>""),ROUND(H51*INDEX(PRICING[Package Ounces],MATCH(A51,PRICING[SKU],0))/U51,2),"") | W51: =IF(H51<>0,ROUND(P51/V51,2),0) -> 0 | X51: =ROUND(W51/43.56,2) -> 0
A52: 11008336 | B52: =H52>0 -> FALSE | D52: {=IFERROR( _xlfn.TEXTJOIN( "; ", TRUE, _xlfn._xlws.FILTER( IF( ISNUMBER(SEARCH("Terradex",E52)), TEXT(ROUND(PRICING[Rebate $]/AB52,2),"$#,##0.00")& " off per gal with "& SUBSTITUTE(PRICING[Min Qty]," gal","")& " + Terradex gallons", TEXT(PRICING[Rebate $],"$#,##0.00")& " off on "& IF( (PRICING[Min Qty]="")+(PRICING[Min Qty]=0), "1 unit", PRICING[Min Qty]&" units" ) ), (PRICING[SKU]=$A52)* ( ISNUMBER(SEARCH("Terradex",E52))+ ( (PRICING[Rebate $]<>"")* (PRICING[Rebate $]<>0) ) ) ) ), "n/a" )} -> $40.00 off on 1 unit | E52: =_xlfn.XLOOKUP(A52, PRICING[SKU], PRICING[Product], "") -> Dismiss® Turf Herbicide | F52: =_xlfn.XLOOKUP(A52, PRICING[SKU], PRICING[Size], "") -> 64 oz | G52: =IF(_xlfn.XLOOKUP(A52,PRICING[SKU],PRICING[Indication])="I","Insecticide", IF(_xlfn.XLOOKUP(A52,PRICING[SKU],PRICING[Indication])="H","Herbicide", IF(_xlfn.XLOOKUP(A52,PRICING[SKU],PRICING[Indication])="F","Fungicide", IF(_xlfn.XLOOKUP(A52,PRICING[SKU],PRICING[Indication])="PGR","PGR","")))) -> Herbicide | J52: =INDEX(PRICING[NOW Price],MATCH(A52,PRICING[SKU],0)) -> 272.59 | K52: =IF(OR(H52="",O52=""),"", IF(O52=1,INDEX(Rebate_Lookup[REB_MOQ_1],MATCH(A52,Rebate_Lookup[SKU CODE],0)), IF(O52=2,INDEX(Rebate_Lookup[REB_MOQ_2],MATCH(A52,Rebate_Lookup[SKU CODE],0)), IF(O52=3,INDEX(Rebate_Lookup[REB_MOQ_3],MATCH(A52,Rebate_Lookup[SKU CODE],0)), IF(O52=4,INDEX(Rebate_Lookup[REB_MOQ_4],MATCH(A52,Rebate_Lookup[SKU CODE],0)), "#err"))))) | L52: =IF(H52*I52= 0,"",ROUND(H52*I52,2)) | M52: =IF(OR(H52=0,J52=""),"",ROUND(H52*J52,2)) | N52: =IF(OR(H52=0,H52=""),"",M52) | O52: =IF(H52="","",INDEX(Rebate_Lookup[Qualified Rebate Tier],MATCH(A52,Rebate_Lookup[SKU CODE],0))) | P52: =IF( K52="", IF(OR(H52=0,H52=""),"",L52), IF(OR(H52=0,H52=""),"",ROUND((I52-K52)*H52,2)) ) | Q52: =IF(OR(ISBLANK(H52),ISBLANK(I52)),"",ROUND(P52/H52,2)) | T52: {=IF(OR(H52="",H52=0), ROUND(_xlfn.XLOOKUP(1,(PRICING[SKU]=A52)*(PRICING[Set]=1),PRICING[Standard Use Rate (oz/M)]),2),ROUND( _xlfn.XLOOKUP( 1, (PRICING[SKU]=A52)* (PRICING[Set]=IF( _xlfn.XLOOKUP(A52,Rebate_Lookup[SKU CODE],Rebate_Lookup[MOQ_2])=0, 1, IF( AND( _xlfn.XLOOKUP(A52,Rebate_Lookup[SKU CODE],Rebate_Lookup[MOQ_3])=0, H52>=_xlfn.XLOOKUP(A52,Rebate_Lookup[SKU CODE],Rebate_Lookup[MOQ_2]) ), 2, IF( AND( H52>=_xlfn.XLOOKUP(A52,Rebate_Lookup[SKU CODE],Rebate_Lookup[MOQ_1]), H52<_xlfn.XLOOKUP(A52,Rebate_Lookup[SKU CODE],Rebate_Lookup[MOQ_2]) ), 1, IF( AND( H52>=_xlfn.XLOOKUP(A52,Rebate_Lookup[SKU CODE],Rebate_Lookup[MOQ_2]), OR( _xlfn.XLOOKUP(A52,Rebate_Lookup[SKU CODE],Rebate_Lookup[MOQ_3])=0, H52<_xlfn.XLOOKUP(A52,Rebate_Lookup[SKU CODE],Rebate_Lookup[MOQ_3]) ) ), 2, IF( OR( AND( _xlfn.XLOOKUP(A52,Rebate_Lookup[SKU CODE],Rebate_Lookup[MOQ_4])=0, H52>=_xlfn.XLOOKUP(A52,Rebate_Lookup[SKU CODE],Rebate_Lookup[MOQ_3]) ), AND( _xlfn.XLOOKUP(A52,Rebate_Lookup[SKU CODE],Rebate_Lookup[MOQ_4])>0, H52>=_xlfn.XLOOKUP(A52,Rebate_Lookup[SKU CODE],Rebate_Lookup[MOQ_3]), H52<_xlfn.XLOOKUP(A52,Rebate_Lookup[SKU CODE],Rebate_Lookup[MOQ_4]) ) ), 3, IF( AND( _xlfn.XLOOKUP(A52,Rebate_Lookup[SKU CODE],Rebate_Lookup[MOQ_4])>0, H52>=_xlfn.XLOOKUP(A52,Rebate_Lookup[SKU CODE],Rebate_Lookup[MOQ_4]) ), 4, 1 ) ) ) ) ) )), PRICING[Standard Use Rate (oz/M)] ), 2 ))} -> 0.18 | U52: =ROUND(T52*43.56,2) -> 7.84 | V52: =IF(AND(TRIM(U52)<>"",TRIM(H52)<>""),ROUND(H52*INDEX(PRICING[Package Ounces],MATCH(A52,PRICING[SKU],0))/U52,2),"") | W52: =IF(H52<>0,ROUND(P52/V52,2),0) -> 0 | X52: =ROUND(W52/43.56,2) -> 0
A53: NA | B53: =H53>0 -> FALSE | D53: {=IFERROR( _xlfn.TEXTJOIN( "; ", TRUE, _xlfn._xlws.FILTER( IF( ISNUMBER(SEARCH("Terradex",E53)), TEXT(ROUND(PRICING[Rebate $]/AB53,2),"$#,##0.00")& " off per gal with "& SUBSTITUTE(PRICING[Min Qty]," gal","")& " + Terradex gallons", TEXT(PRICING[Rebate $],"$#,##0.00")& " off on "& IF( (PRICING[Min Qty]="")+(PRICING[Min Qty]=0), "1 unit", PRICING[Min Qty]&" units" ) ), (PRICING[SKU]=$A53)* ( ISNUMBER(SEARCH("Terradex",E53))+ ( (PRICING[Rebate $]<>"")* (PRICING[Rebate $]<>0) ) ) ) ), "n/a" )} -> $2.50 off on 1 unit | E53: =_xlfn.XLOOKUP(A53, PRICING[SKU], PRICING[Product], "") -> Durentis® 0.058% On-Fertilizer | F53: =_xlfn.XLOOKUP(A53, PRICING[SKU], PRICING[Size], "") -> 50 lb | G53: =IF(_xlfn.XLOOKUP(A53,PRICING[SKU],PRICING[Indication])="I","Insecticide", IF(_xlfn.XLOOKUP(A53,PRICING[SKU],PRICING[Indication])="H","Herbicide", IF(_xlfn.XLOOKUP(A53,PRICING[SKU],PRICING[Indication])="F","Fungicide", IF(_xlfn.XLOOKUP(A53,PRICING[SKU],PRICING[Indication])="PGR","PGR","")))) -> Insecticide | J53: =INDEX(PRICING[NOW Price],MATCH(A53,PRICING[SKU],0)) -> 20 | K53: =IF(OR(H53="",O53=""),"", IF(O53=1,INDEX(Rebate_Lookup[REB_MOQ_1],MATCH(A53,Rebate_Lookup[SKU CODE],0)), IF(O53=2,INDEX(Rebate_Lookup[REB_MOQ_2],MATCH(A53,Rebate_Lookup[SKU CODE],0)), IF(O53=3,INDEX(Rebate_Lookup[REB_MOQ_3],MATCH(A53,Rebate_Lookup[SKU CODE],0)), IF(O53=4,INDEX(Rebate_Lookup[REB_MOQ_4],MATCH(A53,Rebate_Lookup[SKU CODE],0)), "#err"))))) | L53: =IF(H53*I53= 0,"",ROUND(H53*I53,2)) | M53: =IF(OR(H53=0,J53=""),"",ROUND(H53*J53,2)) | N53: =IF(OR(H53=0,H53=""),"",M53) | O53: =IF(H53="","",INDEX(Rebate_Lookup[Qualified Rebate Tier],MATCH(A53,Rebate_Lookup[SKU CODE],0))) | P53: =IF( K53="", IF(OR(H53=0,H53=""),"",L53), IF(OR(H53=0,H53=""),"",ROUND((I53-K53)*H53,2)) ) | Q53: =IF(OR(ISBLANK(H53),ISBLANK(I53)),"",ROUND(P53/H53,2)) | T53: {=IF(OR(H53="",H53=0), ROUND(_xlfn.XLOOKUP(1,(PRICING[SKU]=A53)*(PRICING[Set]=1),PRICING[Standard Use Rate (oz/M)]),2),ROUND( _xlfn.XLOOKUP( 1, (PRICING[SKU]=A53)* (PRICING[Set]=IF( _xlfn.XLOOKUP(A53,Rebate_Lookup[SKU CODE],Rebate_Lookup[MOQ_2])=0, 1, IF( AND( _xlfn.XLOOKUP(A53,Rebate_Lookup[SKU CODE],Rebate_Lookup[MOQ_3])=0, H53>=_xlfn.XLOOKUP(A53,Rebate_Lookup[SKU CODE],Rebate_Lookup[MOQ_2]) ), 2, IF( AND( H53>=_xlfn.XLOOKUP(A53,Rebate_Lookup[SKU CODE],Rebate_Lookup[MOQ_1]), H53<_xlfn.XLOOKUP(A53,Rebate_Lookup[SKU CODE],Rebate_Lookup[MOQ_2]) ), 1, IF( AND( H53>=_xlfn.XLOOKUP(A53,Rebate_Lookup[SKU CODE],Rebate_Lookup[MOQ_2]), OR( _xlfn.XLOOKUP(A53,Rebate_Lookup[SKU CODE],Rebate_Lookup[MOQ_3])=0, H53<_xlfn.XLOOKUP(A53,Rebate_Lookup[SKU CODE],Rebate_Lookup[MOQ_3]) ) ), 2, IF( OR( AND( _xlfn.XLOOKUP(A53,Rebate_Lookup[SKU CODE],Rebate_Lookup[MOQ_4])=0, H53>=_xlfn.XLOOKUP(A53,Rebate_Lookup[SKU CODE],Rebate_Lookup[MOQ_3]) ), AND( _xlfn.XLOOKUP(A53,Rebate_Lookup[SKU CODE],Rebate_Lookup[MOQ_4])>0, H53>=_xlfn.XLOOKUP(A53,Rebate_Lookup[SKU CODE],Rebate_Lookup[MOQ_3]), H53<_xlfn.XLOOKUP(A53,Rebate_Lookup[SKU CODE],Rebate_Lookup[MOQ_4]) ) ), 3, IF( AND( _xlfn.XLOOKUP(A53,Rebate_Lookup[SKU CODE],Rebate_Lookup[MOQ_4])>0, H53>=_xlfn.XLOOKUP(A53,Rebate_Lookup[SKU CODE],Rebate_Lookup[MOQ_4]) ), 4, 1 ) ) ) ) ) )), PRICING[Standard Use Rate (oz/M)] ), 2 ))} -> 4.02 | U53: =ROUND(T53*43.56,2) -> 175.11 | V53: =IF(AND(TRIM(U53)<>"",TRIM(H53)<>""),ROUND(H53*INDEX(PRICING[Package Ounces],MATCH(A53,PRICING[SKU],0))/U53,2),"") | W53: =IF(H53<>0,ROUND(P53/V53,2),0) -> 0 | X53: =ROUND(W53/43.56,2) -> 0
A54: NA-1 | B54: =H54>0 -> FALSE | D54: {=IFERROR( _xlfn.TEXTJOIN( "; ", TRUE, _xlfn._xlws.FILTER( IF( ISNUMBER(SEARCH("Terradex",E54)), TEXT(ROUND(PRICING[Rebate $]/AB54,2),"$#,##0.00")& " off per gal with "& SUBSTITUTE(PRICING[Min Qty]," gal","")& " + Terradex gallons", TEXT(PRICING[Rebate $],"$#,##0.00")& " off on "& IF( (PRICING[Min Qty]="")+(PRICING[Min Qty]=0), "1 unit", PRICING[Min Qty]&" units" ) ), (PRICING[SKU]=$A54)* ( ISNUMBER(SEARCH("Terradex",E54))+ ( (PRICING[Rebate $]<>"")* (PRICING[Rebate $]<>0) ) ) ) ), "n/a" )} -> $5.50 off on 1 unit | E54: =_xlfn.XLOOKUP(A54, PRICING[SKU], PRICING[Product], "") -> Durentis® 0.067% On-Fertilizer | F54: =_xlfn.XLOOKUP(A54, PRICING[SKU], PRICING[Size], "") -> 50 lb | G54: =IF(_xlfn.XLOOKUP(A54,PRICING[SKU],PRICING[Indication])="I","Insecticide", IF(_xlfn.XLOOKUP(A54,PRICING[SKU],PRICING[Indication])="H","Herbicide", IF(_xlfn.XLOOKUP(A54,PRICING[SKU],PRICING[Indication])="F","Fungicide", IF(_xlfn.XLOOKUP(A54,PRICING[SKU],PRICING[Indication])="PGR","PGR","")))) -> Insecticide | J54: =INDEX(PRICING[NOW Price],MATCH(A54,PRICING[SKU],0)) -> 25 | K54: =IF(OR(H54="",O54=""),"", IF(O54=1,INDEX(Rebate_Lookup[REB_MOQ_1],MATCH(A54,Rebate_Lookup[SKU CODE],0)), IF(O54=2,INDEX(Rebate_Lookup[REB_MOQ_2],MATCH(A54,Rebate_Lookup[SKU CODE],0)), IF(O54=3,INDEX(Rebate_Lookup[REB_MOQ_3],MATCH(A54,Rebate_Lookup[SKU CODE],0)), IF(O54=4,INDEX(Rebate_Lookup[REB_MOQ_4],MATCH(A54,Rebate_Lookup[SKU CODE],0)), "#err"))))) | L54: =IF(H54*I54= 0,"",ROUND(H54*I54,2)) | M54: =IF(OR(H54=0,J54=""),"",ROUND(H54*J54,2)) | N54: =IF(OR(H54=0,H54=""),"",M54) | O54: =IF(H54="","",INDEX(Rebate_Lookup[Qualified Rebate Tier],MATCH(A54,Rebate_Lookup[SKU CODE],0))) | P54: =IF( K54="", IF(OR(H54=0,H54=""),"",L54), IF(OR(H54=0,H54=""),"",ROUND((I54-K54)*H54,2)) ) | Q54: =IF(OR(ISBLANK(H54),ISBLANK(I54)),"",ROUND(P54/H54,2)) | T54: {=IF(OR(H54="",H54=0), ROUND(_xlfn.XLOOKUP(1,(PRICING[SKU]=A54)*(PRICING[Set]=1),PRICING[Standard Use Rate (oz/M)]),2),ROUND( _xlfn.XLOOKUP( 1, (PRICING[SKU]=A54)* (PRICING[Set]=IF( _xlfn.XLOOKUP(A54,Rebate_Lookup[SKU CODE],Rebate_Lookup[MOQ_2])=0, 1, IF( AND( _xlfn.XLOOKUP(A54,Rebate_Lookup[SKU CODE],Rebate_Lookup[MOQ_3])=0, H54>=_xlfn.XLOOKUP(A54,Rebate_Lookup[SKU CODE],Rebate_Lookup[MOQ_2]) ), 2, IF( AND( H54>=_xlfn.XLOOKUP(A54,Rebate_Lookup[SKU CODE],Rebate_Lookup[MOQ_1]), H54<_xlfn.XLOOKUP(A54,Rebate_Lookup[SKU CODE],Rebate_Lookup[MOQ_2]) ), 1, IF( AND( H54>=_xlfn.XLOOKUP(A54,Rebate_Lookup[SKU CODE],Rebate_Lookup[MOQ_2]), OR( _xlfn.XLOOKUP(A54,Rebate_Lookup[SKU CODE],Rebate_Lookup[MOQ_3])=0, H54<_xlfn.XLOOKUP(A54,Rebate_Lookup[SKU CODE],Rebate_Lookup[MOQ_3]) ) ), 2, IF( OR( AND( _xlfn.XLOOKUP(A54,Rebate_Lookup[SKU CODE],Rebate_Lookup[MOQ_4])=0, H54>=_xlfn.XLOOKUP(A54,Rebate_Lookup[SKU CODE],Rebate_Lookup[MOQ_3]) ), AND( _xlfn.XLOOKUP(A54,Rebate_Lookup[SKU CODE],Rebate_Lookup[MOQ_4])>0, H54>=_xlfn.XLOOKUP(A54,Rebate_Lookup[SKU CODE],Rebate_Lookup[MOQ_3]), H54<_xlfn.XLOOKUP(A54,Rebate_Lookup[SKU CODE],Rebate_Lookup[MOQ_4]) ) ), 3, IF( AND( _xlfn.XLOOKUP(A54,Rebate_Lookup[SKU CODE],Rebate_Lookup[MOQ_4])>0, H54>=_xlfn.XLOOKUP(A54,Rebate_Lookup[SKU CODE],Rebate_Lookup[MOQ_4]) ), 4, 1 ) ) ) ) ) )), PRICING[Standard Use Rate (oz/M)] ), 2 ))} -> 3.44 | U54: =ROUND(T54*43.56,2) -> 149.85 | V54: =IF(AND(TRIM(U54)<>"",TRIM(H54)<>""),ROUND(H54*INDEX(PRICING[Package Ounces],MATCH(A54,PRICING[SKU],0))/U54,2),"") | W54: =IF(H54<>0,ROUND(P54/V54,2),0) -> 0 | X54: =ROUND(W54/43.56,2) -> 0
A55: D00001040 | B55: =H55>0 -> FALSE | D55: {=IFERROR( _xlfn.TEXTJOIN( "; ", TRUE, _xlfn._xlws.FILTER( IF( ISNUMBER(SEARCH("Terradex",E55)), TEXT(ROUND(PRICING[Rebate $]/AB55,2),"$#,##0.00")& " off per gal with "& SUBSTITUTE(PRICING[Min Qty]," gal","")& " + Terradex gallons", TEXT(PRICING[Rebate $],"$#,##0.00")& " off on "& IF( (PRICING[Min Qty]="")+(PRICING[Min Qty]=0), "1 unit", PRICING[Min Qty]&" units" ) ), (PRICING[SKU]=$A55)* ( ISNUMBER(SEARCH("Terradex",E55))+ ( (PRICING[Rebate $]<>"")* (PRICING[Rebate $]<>0) ) ) ) ), "n/a" )} -> $4.00 off on 1 unit | E55: =_xlfn.XLOOKUP(A55, PRICING[SKU], PRICING[Product], "") -> Dylox® 420 SL | F55: =_xlfn.XLOOKUP(A55, PRICING[SKU], PRICING[Size], "") -> 2.5 gal | G55: =IF(_xlfn.XLOOKUP(A55,PRICING[SKU],PRICING[Indication])="I","Insecticide", IF(_xlfn.XLOOKUP(A55,PRICING[SKU],PRICING[Indication])="H","Herbicide", IF(_xlfn.XLOOKUP(A55,PRICING[SKU],PRICING[Indication])="F","Fungicide", IF(_xlfn.XLOOKUP(A55,PRICING[SKU],PRICING[Indication])="PGR","PGR","")))) -> Insecticide | J55: =INDEX(PRICING[NOW Price],MATCH(A55,PRICING[SKU],0)) -> 239.09 | K55: =IF(OR(H55="",O55=""),"", IF(O55=1,INDEX(Rebate_Lookup[REB_MOQ_1],MATCH(A55,Rebate_Lookup[SKU CODE],0)), IF(O55=2,INDEX(Rebate_Lookup[REB_MOQ_2],MATCH(A55,Rebate_Lookup[SKU CODE],0)), IF(O55=3,INDEX(Rebate_Lookup[REB_MOQ_3],MATCH(A55,Rebate_Lookup[SKU CODE],0)), IF(O55=4,INDEX(Rebate_Lookup[REB_MOQ_4],MATCH(A55,Rebate_Lookup[SKU CODE],0)), "#err"))))) | L55: =IF(H55*I55= 0,"",ROUND(H55*I55,2)) | M55: =IF(OR(H55=0,J55=""),"",ROUND(H55*J55,2)) | N55: =IF(OR(H55=0,H55=""),"",M55) | O55: =IF(H55="","",INDEX(Rebate_Lookup[Qualified Rebate Tier],MATCH(A55,Rebate_Lookup[SKU CODE],0))) | P55: =IF( K55="", IF(OR(H55=0,H55=""),"",L55), IF(OR(H55=0,H55=""),"",ROUND((I55-K55)*H55,2)) ) | Q55: =IF(OR(ISBLANK(H55),ISBLANK(I55)),"",ROUND(P55/H55,2)) | T55: {=IF(OR(H55="",H55=0), ROUND(_xlfn.XLOOKUP(1,(PRICING[SKU]=A55)*(PRICING[Set]=1),PRICING[Standard Use Rate (oz/M)]),2),ROUND( _xlfn.XLOOKUP( 1, (PRICING[SKU]=A55)* (PRICING[Set]=IF( _xlfn.XLOOKUP(A55,Rebate_Lookup[SKU CODE],Rebate_Lookup[MOQ_2])=0, 1, IF( AND( _xlfn.XLOOKUP(A55,Rebate_Lookup[SKU CODE],Rebate_Lookup[MOQ_3])=0, H55>=_xlfn.XLOOKUP(A55,Rebate_Lookup[SKU CODE],Rebate_Lookup[MOQ_2]) ), 2, IF( AND( H55>=_xlfn.XLOOKUP(A55,Rebate_Lookup[SKU CODE],Rebate_Lookup[MOQ_1]), H55<_xlfn.XLOOKUP(A55,Rebate_Lookup[SKU CODE],Rebate_Lookup[MOQ_2]) ), 1, IF( AND( H55>=_xlfn.XLOOKUP(A55,Rebate_Lookup[SKU CODE],Rebate_Lookup[MOQ_2]), OR( _xlfn.XLOOKUP(A55,Rebate_Lookup[SKU CODE],Rebate_Lookup[MOQ_3])=0, H55<_xlfn.XLOOKUP(A55,Rebate_Lookup[SKU CODE],Rebate_Lookup[MOQ_3]) ) ), 2, IF( OR( AND( _xlfn.XLOOKUP(A55,Rebate_Lookup[SKU CODE],Rebate_Lookup[MOQ_4])=0, H55>=_xlfn.XLOOKUP(A55,Rebate_Lookup[SKU CODE],Rebate_Lookup[MOQ_3]) ), AND( _xlfn.XLOOKUP(A55,Rebate_Lookup[SKU CODE],Rebate_Lookup[MOQ_4])>0, H55>=_xlfn.XLOOKUP(A55,Rebate_Lookup[SKU CODE],Rebate_Lookup[MOQ_3]), H55<_xlfn.XLOOKUP(A55,Rebate_Lookup[SKU CODE],Rebate_Lookup[MOQ_4]) ) ), 3, IF( AND( _xlfn.XLOOKUP(A55,Rebate_Lookup[SKU CODE],Rebate_Lookup[MOQ_4])>0, H55>=_xlfn.XLOOKUP(A55,Rebate_Lookup[SKU CODE],Rebate_Lookup[MOQ_4]) ), 4, 1 ) ) ) ) ) )), PRICING[Standard Use Rate (oz/M)] ), 2 ))} -> 6.9 | U55: =ROUND(T55*43.56,2) -> 300.56 | V55: =IF(AND(TRIM(U55)<>"",TRIM(H55)<>""),ROUND(H55*INDEX(PRICING[Package Ounces],MATCH(A55,PRICING[SKU],0))/U55,2),"") | W55: =IF(H55<>0,ROUND(P55/V55,2),0) -> 0 | X55: =ROUND(W55/43.56,2) -> 0
A56: D00001041 | B56: =H56>0 -> FALSE | D56: {=IFERROR( _xlfn.TEXTJOIN( "; ", TRUE, _xlfn._xlws.FILTER( IF( ISNUMBER(SEARCH("Terradex",E56)), TEXT(ROUND(PRICING[Rebate $]/AB56,2),"$#,##0.00")& " off per gal with "& SUBSTITUTE(PRICING[Min Qty]," gal","")& " + Terradex gallons", TEXT(PRICING[Rebate $],"$#,##0.00")& " off on "& IF( (PRICING[Min Qty]="")+(PRICING[Min Qty]=0), "1 unit", PRICING[Min Qty]&" units" ) ), (PRICING[SKU]=$A56)* ( ISNUMBER(SEARCH("Terradex",E56))+ ( (PRICING[Rebate $]<>"")* (PRICING[Rebate $]<>0) ) ) ) ), "n/a" )} -> n/a | E56: =_xlfn.XLOOKUP(A56, PRICING[SKU], PRICING[Product], "") -> Dylox® 6.2 G | F56: =_xlfn.XLOOKUP(A56, PRICING[SKU], PRICING[Size], "") -> 30 lb | G56: =IF(_xlfn.XLOOKUP(A56,PRICING[SKU],PRICING[Indication])="I","Insecticide", IF(_xlfn.XLOOKUP(A56,PRICING[SKU],PRICING[Indication])="H","Herbicide", IF(_xlfn.XLOOKUP(A56,PRICING[SKU],PRICING[Indication])="F","Fungicide", IF(_xlfn.XLOOKUP(A56,PRICING[SKU],PRICING[Indication])="PGR","PGR","")))) -> Insecticide | J56: =INDEX(PRICING[NOW Price],MATCH(A56,PRICING[SKU],0)) -> 54.35 | K56: =IF(OR(H56="",O56=""),"", IF(O56=1,INDEX(Rebate_Lookup[REB_MOQ_1],MATCH(A56,Rebate_Lookup[SKU CODE],0)), IF(O56=2,INDEX(Rebate_Lookup[REB_MOQ_2],MATCH(A56,Rebate_Lookup[SKU CODE],0)), IF(O56=3,INDEX(Rebate_Lookup[REB_MOQ_3],MATCH(A56,Rebate_Lookup[SKU CODE],0)), IF(O56=4,INDEX(Rebate_Lookup[REB_MOQ_4],MATCH(A56,Rebate_Lookup[SKU CODE],0)), "#err"))))) | L56: =IF(H56*I56= 0,"",ROUND(H56*I56,2)) | M56: =IF(OR(H56=0,J56=""),"",ROUND(H56*J56,2)) | N56: =IF(OR(H56=0,H56=""),"",M56) | O56: =IF(H56="","",INDEX(Rebate_Lookup[Qualified Rebate Tier],MATCH(A56,Rebate_Lookup[SKU CODE],0))) | P56: =IF( K56="", IF(OR(H56=0,H56=""),"",L56), IF(OR(H56=0,H56=""),"",ROUND((I56-K56)*H56,2)) ) | Q56: =IF(OR(ISBLANK(H56),ISBLANK(I56)),"",ROUND(P56/H56,2)) | T56: {=IF(OR(H56="",H56=0), ROUND(_xlfn.XLOOKUP(1,(PRICING[SKU]=A56)*(PRICING[Set]=1),PRICING[Standard Use Rate (oz/M)]),2),ROUND( _xlfn.XLOOKUP( 1, (PRICING[SKU]=A56)* (PRICING[Set]=IF( _xlfn.XLOOKUP(A56,Rebate_Lookup[SKU CODE],Rebate_Lookup[MOQ_2])=0, 1, IF( AND( _xlfn.XLOOKUP(A56,Rebate_Lookup[SKU CODE],Rebate_Lookup[MOQ_3])=0, H56>=_xlfn.XLOOKUP(A56,Rebate_Lookup[SKU CODE],Rebate_Lookup[MOQ_2]) ), 2, IF( AND( H56>=_xlfn.XLOOKUP(A56,Rebate_Lookup[SKU CODE],Rebate_Lookup[MOQ_1]), H56<_xlfn.XLOOKUP(A56,Rebate_Lookup[SKU CODE],Rebate_Lookup[MOQ_2]) ), 1, IF( AND( H56>=_xlfn.XLOOKUP(A56,Rebate_Lookup[SKU CODE],Rebate_Lookup[MOQ_2]), OR( _xlfn.XLOOKUP(A56,Rebate_Lookup[SKU CODE],Rebate_Lookup[MOQ_3])=0, H56<_xlfn.XLOOKUP(A56,Rebate_Lookup[SKU CODE],Rebate_Lookup[MOQ_3]) ) ), 2, IF( OR( AND( _xlfn.XLOOKUP(A56,Rebate_Lookup[SKU CODE],Rebate_Lookup[MOQ_4])=0, H56>=_xlfn.XLOOKUP(A56,Rebate_Lookup[SKU CODE],Rebate_Lookup[MOQ_3]) ), AND( _xlfn.XLOOKUP(A56,Rebate_Lookup[SKU CODE],Rebate_Lookup[MOQ_4])>0, H56>=_xlfn.XLOOKUP(A56,Rebate_Lookup[SKU CODE],Rebate_Lookup[MOQ_3]), H56<_xlfn.XLOOKUP(A56,Rebate_Lookup[SKU CODE],Rebate_Lookup[MOQ_4]) ) ), 3, IF( AND( _xlfn.XLOOKUP(A56,Rebate_Lookup[SKU CODE],Rebate_Lookup[MOQ_4])>0, H56>=_xlfn.XLOOKUP(A56,Rebate_Lookup[SKU CODE],Rebate_Lookup[MOQ_4]) ), 4, 1 ) ) ) ) ) )), PRICING[Standard Use Rate (oz/M)] ), 2 ))} -> 3 | U56: =ROUND(T56*43.56,2) -> 130.68 | V56: =IF(AND(TRIM(U56)<>"",TRIM(H56)<>""),ROUND(H56*INDEX(PRICING[Package Ounces],MATCH(A56,PRICING[SKU],0))/U56,2),"") | W56: =IF(H56<>0,ROUND(P56/V56,2),0) -> 0 | X56: =ROUND(W56/43.56,2) -> 0
A57: D00000961 | B57: =H57>0 -> FALSE | D57: {=IFERROR( _xlfn.TEXTJOIN( "; ", TRUE, _xlfn._xlws.FILTER( IF( ISNUMBER(SEARCH("Terradex",E57)), TEXT(ROUND(PRICING[Rebate $]/AB57,2),"$#,##0.00")& " off per gal with "& SUBSTITUTE(PRICING[Min Qty]," gal","")& " + Terradex gallons", TEXT(PRICING[Rebate $],"$#,##0.00")& " off on "& IF( (PRICING[Min Qty]="")+(PRICING[Min Qty]=0), "1 unit", PRICING[Min Qty]&" units" ) ), (PRICING[SKU]=$A57)* ( ISNUMBER(SEARCH("Terradex",E57))+ ( (PRICING[Rebate $]<>"")* (PRICING[Rebate $]<>0) ) ) ) ), "n/a" )} -> $1.00 off on 1 unit | E57: =_xlfn.XLOOKUP(A57, PRICING[SKU], PRICING[Product], "") -> Merit® 2F® | F57: =_xlfn.XLOOKUP(A57, PRICING[SKU], PRICING[Size], "") -> 1 gal | G57: =IF(_xlfn.XLOOKUP(A57,PRICING[SKU],PRICING[Indication])="I","Insecticide", IF(_xlfn.XLOOKUP(A57,PRICING[SKU],PRICING[Indication])="H","Herbicide", IF(_xlfn.XLOOKUP(A57,PRICING[SKU],PRICING[Indication])="F","Fungicide", IF(_xlfn.XLOOKUP(A57,PRICING[SKU],PRICING[Indication])="PGR","PGR","")))) -> Insecticide | J57: =INDEX(PRICING[NOW Price],MATCH(A57,PRICING[SKU],0)) -> 53.55 | K57: =IF(OR(H57="",O57=""),"", IF(O57=1,INDEX(Rebate_Lookup[REB_MOQ_1],MATCH(A57,Rebate_Lookup[SKU CODE],0)), IF(O57=2,INDEX(Rebate_Lookup[REB_MOQ_2],MATCH(A57,Rebate_Lookup[SKU CODE],0)), IF(O57=3,INDEX(Rebate_Lookup[REB_MOQ_3],MATCH(A57,Rebate_Lookup[SKU CODE],0)), IF(O57=4,INDEX(Rebate_Lookup[REB_MOQ_4],MATCH(A57,Rebate_Lookup[SKU CODE],0)), "#err"))))) | L57: =IF(H57*I57= 0,"",ROUND(H57*I57,2)) | M57: =IF(OR(H57=0,J57=""),"",ROUND(H57*J57,2)) | N57: =IF(OR(H57=0,H57=""),"",M57) | O57: =IF(H57="","",INDEX(Rebate_Lookup[Qualified Rebate Tier],MATCH(A57,Rebate_Lookup[SKU CODE],0))) | P57: =IF( K57="", IF(OR(H57=0,H57=""),"",L57), IF(OR(H57=0,H57=""),"",ROUND((I57-K57)*H57,2)) ) | Q57: =IF(OR(ISBLANK(H57),ISBLANK(I57)),"",ROUND(P57/H57,2)) | T57: {=IF(OR(H57="",H57=0), ROUND(_xlfn.XLOOKUP(1,(PRICING[SKU]=A57)*(PRICING[Set]=1),PRICING[Standard Use Rate (oz/M)]),2),ROUND( _xlfn.XLOOKUP( 1, (PRICING[SKU]=A57)* (PRICING[Set]=IF( _xlfn.XLOOKUP(A57,Rebate_Lookup[SKU CODE],Rebate_Lookup[MOQ_2])=0, 1, IF( AND( _xlfn.XLOOKUP(A57,Rebate_Lookup[SKU CODE],Rebate_Lookup[MOQ_3])=0, H57>=_xlfn.XLOOKUP(A57,Rebate_Lookup[SKU CODE],Rebate_Lookup[MOQ_2]) ), 2, IF( AND( H57>=_xlfn.XLOOKUP(A57,Rebate_Lookup[SKU CODE],Rebate_Lookup[MOQ_1]), H57<_xlfn.XLOOKUP(A57,Rebate_Lookup[SKU CODE],Rebate_Lookup[MOQ_2]) ), 1, IF( AND( H57>=_xlfn.XLOOKUP(A57,Rebate_Lookup[SKU CODE],Rebate_Lookup[MOQ_2]), OR( _xlfn.XLOOKUP(A57,Rebate_Lookup[SKU CODE],Rebate_Lookup[MOQ_3])=0, H57<_xlfn.XLOOKUP(A57,Rebate_Lookup[SKU CODE],Rebate_Lookup[MOQ_3]) ) ), 2, IF( OR( AND( _xlfn.XLOOKUP(A57,Rebate_Lookup[SKU CODE],Rebate_Lookup[MOQ_4])=0, H57>=_xlfn.XLOOKUP(A57,Rebate_Lookup[SKU CODE],Rebate_Lookup[MOQ_3]) ), AND( _xlfn.XLOOKUP(A57,Rebate_Lookup[SKU CODE],Rebate_Lookup[MOQ_4])>0, H57>=_xlfn.XLOOKUP(A57,Rebate_Lookup[SKU CODE],Rebate_Lookup[MOQ_3]), H57<_xlfn.XLOOKUP(A57,Rebate_Lookup[SKU CODE],Rebate_Lookup[MOQ_4]) ) ), 3, IF( AND( _xlfn.XLOOKUP(A57,Rebate_Lookup[SKU CODE],Rebate_Lookup[MOQ_4])>0, H57>=_xlfn.XLOOKUP(A57,Rebate_Lookup[SKU CODE],Rebate_Lookup[MOQ_4]) ), 4, 1 ) ) ) ) ) )), PRICING[Standard Use Rate (oz/M)] ), 2 ))} -> 0.6 | U57: =ROUND(T57*43.56,2) -> 26.14 | V57: =IF(AND(TRIM(U57)<>"",TRIM(H57)<>""),ROUND(H57*INDEX(PRICING[Package Ounces],MATCH(A57,PRICING[SKU],0))/U57,2),"") | W57: =IF(H57<>0,ROUND(P57/V57,2),0) -> 0 | X57: =ROUND(W57/43.56,2) -> 0
A58: D00000962 | B58: =H58>0 -> FALSE | D58: {=IFERROR( _xlfn.TEXTJOIN( "; ", TRUE, _xlfn._xlws.FILTER( IF( ISNUMBER(SEARCH("Terradex",E58)), TEXT(ROUND(PRICING[Rebate $]/AB58,2),"$#,##0.00")& " off per gal with "& SUBSTITUTE(PRICING[Min Qty]," gal","")& " + Terradex gallons", TEXT(PRICING[Rebate $],"$#,##0.00")& " off on "& IF( (PRICING[Min Qty]="")+(PRICING[Min Qty]=0), "1 unit", PRICING[Min Qty]&" units" ) ), (PRICING[SKU]=$A58)* ( ISNUMBER(SEARCH("Terradex",E58))+ ( (PRICING[Rebate $]<>"")* (PRICING[Rebate $]<>0) ) ) ) ), "n/a" )} -> n/a | E58: =_xlfn.XLOOKUP(A58, PRICING[SKU], PRICING[Product], "") -> Merit WP 75 | F58: =_xlfn.XLOOKUP(A58, PRICING[SKU], PRICING[Size], "") -> 1.6 oz | G58: =IF(_xlfn.XLOOKUP(A58,PRICING[SKU],PRICING[Indication])="I","Insecticide", IF(_xlfn.XLOOKUP(A58,PRICING[SKU],PRICING[Indication])="H","Herbicide", IF(_xlfn.XLOOKUP(A58,PRICING[SKU],PRICING[Indication])="F","Fungicide", IF(_xlfn.XLOOKUP(A58,PRICING[SKU],PRICING[Indication])="PGR","PGR","")))) -> Insecticide | J58: =INDEX(PRICING[NOW Price],MATCH(A58,PRICING[SKU],0)) -> 26.42 | K58: =IF(OR(H58="",O58=""),"", IF(O58=1,INDEX(Rebate_Lookup[REB_MOQ_1],MATCH(A58,Rebate_Lookup[SKU CODE],0)), IF(O58=2,INDEX(Rebate_Lookup[REB_MOQ_2],MATCH(A58,Rebate_Lookup[SKU CODE],0)), IF(O58=3,INDEX(Rebate_Lookup[REB_MOQ_3],MATCH(A58,Rebate_Lookup[SKU CODE],0)), IF(O58=4,INDEX(Rebate_Lookup[REB_MOQ_4],MATCH(A58,Rebate_Lookup[SKU CODE],0)), "#err"))))) | L58: =IF(H58*I58= 0,"",ROUND(H58*I58,2)) | M58: =IF(OR(H58=0,J58=""),"",ROUND(H58*J58,2)) | N58: =IF(OR(H58=0,H58=""),"",M58) | O58: =IF(H58="","",INDEX(Rebate_Lookup[Qualified Rebate Tier],MATCH(A58,Rebate_Lookup[SKU CODE],0))) | P58: =IF( K58="", IF(OR(H58=0,H58=""),"",L58), IF(OR(H58=0,H58=""),"",ROUND((I58-K58)*H58,2)) ) | Q58: =IF(OR(ISBLANK(H58),ISBLANK(I58)),"",ROUND(P58/H58,2)) | T58: {=IF(OR(H58="",H58=0), ROUND(_xlfn.XLOOKUP(1,(PRICING[SKU]=A58)*(PRICING[Set]=1),PRICING[Standard Use Rate (oz/M)]),2),ROUND( _xlfn.XLOOKUP( 1, (PRICING[SKU]=A58)* (PRICING[Set]=IF( _xlfn.XLOOKUP(A58,Rebate_Lookup[SKU CODE],Rebate_Lookup[MOQ_2])=0, 1, IF( AND( _xlfn.XLOOKUP(A58,Rebate_Lookup[SKU CODE],Rebate_Lookup[MOQ_3])=0, H58>=_xlfn.XLOOKUP(A58,Rebate_Lookup[SKU CODE],Rebate_Lookup[MOQ_2]) ), 2, IF( AND( H58>=_xlfn.XLOOKUP(A58,Rebate_Lookup[SKU CODE],Rebate_Lookup[MOQ_1]), H58<_xlfn.XLOOKUP(A58,Rebate_Lookup[SKU CODE],Rebate_Lookup[MOQ_2]) ), 1, IF( AND( H58>=_xlfn.XLOOKUP(A58,Rebate_Lookup[SKU CODE],Rebate_Lookup[MOQ_2]), OR( _xlfn.XLOOKUP(A58,Rebate_Lookup[SKU CODE],Rebate_Lookup[MOQ_3])=0, H58<_xlfn.XLOOKUP(A58,Rebate_Lookup[SKU CODE],Rebate_Lookup[MOQ_3]) ) ), 2, IF( OR( AND( _xlfn.XLOOKUP(A58,Rebate_Lookup[SKU CODE],Rebate_Lookup[MOQ_4])=0, H58>=_xlfn.XLOOKUP(A58,Rebate_Lookup[SKU CODE],Rebate_Lookup[MOQ_3]) ), AND( _xlfn.XLOOKUP(A58,Rebate_Lookup[SKU CODE],Rebate_Lookup[MOQ_4])>0, H58>=_xlfn.XLOOKUP(A58,Rebate_Lookup[SKU CODE],Rebate_Lookup[MOQ_3]), H58<_xlfn.XLOOKUP(A58,Rebate_Lookup[SKU CODE],Rebate_Lookup[MOQ_4]) ) ), 3, IF( AND( _xlfn.XLOOKUP(A58,Rebate_Lookup[SKU CODE],Rebate_Lookup[MOQ_4])>0, H58>=_xlfn.XLOOKUP(A58,Rebate_Lookup[SKU CODE],Rebate_Lookup[MOQ_4]) ), 4, 1 ) ) ) ) ) )), PRICING[Standard Use Rate (oz/M)] ), 2 ))} -> 1.9 | U58: =ROUND(T58*43.56,2) -> 82.76 | V58: =IF(AND(TRIM(U58)<>"",TRIM(H58)<>""),ROUND(H58*INDEX(PRICING[Package Ounces],MATCH(A58,PRICING[SKU],0))/U58,2),"") | X58: =ROUND(W58/43.56,2) -> 0
A59: 11008447 | B59: =H59>0 -> FALSE | D59: {=IFERROR( _xlfn.TEXTJOIN( "; ", TRUE, _xlfn._xlws.FILTER( IF( ISNUMBER(SEARCH("Terradex",E59)), TEXT(ROUND(PRICING[Rebate $]/AB59,2),"$#,##0.00")& " off per gal with "& SUBSTITUTE(PRICING[Min Qty]," gal","")& " + Terradex gallons", TEXT(PRICING[Rebate $],"$#,##0.00")& " off on "& IF( (PRICING[Min Qty]="")+(PRICING[Min Qty]=0), "1 unit", PRICING[Min Qty]&" units" ) ), (PRICING[SKU]=$A59)* ( ISNUMBER(SEARCH("Terradex",E59))+ ( (PRICING[Rebate $]<>"")* (PRICING[Rebate $]<>0) ) ) ) ), "n/a" )} -> $20.00 off on 1 unit | E59: =_xlfn.XLOOKUP(A59, PRICING[SKU], PRICING[Product], "") -> QuickSilver® Herbicide | F59: =_xlfn.XLOOKUP(A59, PRICING[SKU], PRICING[Size], "") -> 8 oz | G59: =IF(_xlfn.XLOOKUP(A59,PRICING[SKU],PRICING[Indication])="I","Insecticide", IF(_xlfn.XLOOKUP(A59,PRICING[SKU],PRICING[Indication])="H","Herbicide", IF(_xlfn.XLOOKUP(A59,PRICING[SKU],PRICING[Indication])="F","Fungicide", IF(_xlfn.XLOOKUP(A59,PRICING[SKU],PRICING[Indication])="PGR","PGR","")))) -> Herbicide | J59: =INDEX(PRICING[NOW Price],MATCH(A59,PRICING[SKU],0)) -> 169.93 | K59: =IF(OR(H59="",O59=""),"", IF(O59=1,INDEX(Rebate_Lookup[REB_MOQ_1],MATCH(A59,Rebate_Lookup[SKU CODE],0)), IF(O59=2,INDEX(Rebate_Lookup[REB_MOQ_2],MATCH(A59,Rebate_Lookup[SKU CODE],0)), IF(O59=3,INDEX(Rebate_Lookup[REB_MOQ_3],MATCH(A59,Rebate_Lookup[SKU CODE],0)), IF(O59=4,INDEX(Rebate_Lookup[REB_MOQ_4],MATCH(A59,Rebate_Lookup[SKU CODE],0)), "#err"))))) | L59: =IF(H59*I59= 0,"",ROUND(H59*I59,2)) | M59: =IF(OR(H59=0,J59=""),"",ROUND(H59*J59,2)) | N59: =IF(OR(H59=0,H59=""),"",M59) | O59: =IF(H59="","",INDEX(Rebate_Lookup[Qualified Rebate Tier],MATCH(A59,Rebate_Lookup[SKU CODE],0))) | P59: =IF( K59="", IF(OR(H59=0,H59=""),"",L59), IF(OR(H59=0,H59=""),"",ROUND((I59-K59)*H59,2)) ) | Q59: =IF(OR(ISBLANK(H59),ISBLANK(I59)),"",ROUND(P59/H59,2)) | T59: {=IF(OR(H59="",H59=0), ROUND(_xlfn.XLOOKUP(1,(PRICING[SKU]=A59)*(PRICING[Set]=1),PRICING[Standard Use Rate (oz/M)]),2),ROUND( _xlfn.XLOOKUP( 1, (PRICING[SKU]=A59)* (PRICING[Set]=IF( _xlfn.XLOOKUP(A59,Rebate_Lookup[SKU CODE],Rebate_Lookup[MOQ_2])=0, 1, IF( AND( _xlfn.XLOOKUP(A59,Rebate_Lookup[SKU CODE],Rebate_Lookup[MOQ_3])=0, H59>=_xlfn.XLOOKUP(A59,Rebate_Lookup[SKU CODE],Rebate_Lookup[MOQ_2]) ), 2, IF( AND( H59>=_xlfn.XLOOKUP(A59,Rebate_Lookup[SKU CODE],Rebate_Lookup[MOQ_1]), H59<_xlfn.XLOOKUP(A59,Rebate_Lookup[SKU CODE],Rebate_Lookup[MOQ_2]) ), 1, IF( AND( H59>=_xlfn.XLOOKUP(A59,Rebate_Lookup[SKU CODE],Rebate_Lookup[MOQ_2]), OR( _xlfn.XLOOKUP(A59,Rebate_Lookup[SKU CODE],Rebate_Lookup[MOQ_3])=0, H59<_xlfn.XLOOKUP(A59,Rebate_Lookup[SKU CODE],Rebate_Lookup[MOQ_3]) ) ), 2, IF( OR( AND( _xlfn.XLOOKUP(A59,Rebate_Lookup[SKU CODE],Rebate_Lookup[MOQ_4])=0, H59>=_xlfn.XLOOKUP(A59,Rebate_Lookup[SKU CODE],Rebate_Lookup[MOQ_3]) ), AND( _xlfn.XLOOKUP(A59,Rebate_Lookup[SKU CODE],Rebate_Lookup[MOQ_4])>0, H59>=_xlfn.XLOOKUP(A59,Rebate_Lookup[SKU CODE],Rebate_Lookup[MOQ_3]), H59<_xlfn.XLOOKUP(A59,Rebate_Lookup[SKU CODE],Rebate_Lookup[MOQ_4]) ) ), 3, IF( AND( _xlfn.XLOOKUP(A59,Rebate_Lookup[SKU CODE],Rebate_Lookup[MOQ_4])>0, H59>=_xlfn.XLOOKUP(A59,Rebate_Lookup[SKU CODE],Rebate_Lookup[MOQ_4]) ), 4, 1 ) ) ) ) ) )), PRICING[Standard Use Rate (oz/M)] ), 2 ))} -> 0.03 | U59: =ROUND(T59*43.56,2) -> 1.31 | V59: =IF(AND(TRIM(U59)<>"",TRIM(H59)<>""),ROUND(H59*INDEX(PRICING[Package Ounces],MATCH(A59,PRICING[SKU],0))/U59,2),"") | W59: =IF(H59<>0,ROUND(P59/V59,2),0) -> 0 | X59: =ROUND(W59/43.56,2) -> 0
A60: 79850980 | B60: =H60>0 -> FALSE | D60: {=IFERROR( _xlfn.TEXTJOIN( "; ", TRUE, _xlfn._xlws.FILTER( IF( ISNUMBER(SEARCH("Terradex",E60)), TEXT(ROUND(PRICING[Rebate $]/AB60,2),"$#,##0.00")& " off per gal with "& SUBSTITUTE(PRICING[Min Qty]," gal","")& " + Terradex gallons", TEXT(PRICING[Rebate $],"$#,##0.00")& " off on "& IF( (PRICING[Min Qty]="")+(PRICING[Min Qty]=0), "1 unit", PRICING[Min Qty]&" units" ) ), (PRICING[SKU]=$A60)* ( ISNUMBER(SEARCH("Terradex",E60))+ ( (PRICING[Rebate $]<>"")* (PRICING[Rebate $]<>0) ) ) ) ), "n/a" )} -> $25.00 off on 1 unit | E60: =_xlfn.XLOOKUP(A60, PRICING[SKU], PRICING[Product], "") -> Revolver® | F60: =_xlfn.XLOOKUP(A60, PRICING[SKU], PRICING[Size], "") -> 32 fl oz | G60: =IF(_xlfn.XLOOKUP(A60,PRICING[SKU],PRICING[Indication])="I","Insecticide", IF(_xlfn.XLOOKUP(A60,PRICING[SKU],PRICING[Indication])="H","Herbicide", IF(_xlfn.XLOOKUP(A60,PRICING[SKU],PRICING[Indication])="F","Fungicide", IF(_xlfn.XLOOKUP(A60,PRICING[SKU],PRICING[Indication])="PGR","PGR","")))) -> Herbicide | J60: =INDEX(PRICING[NOW Price],MATCH(A60,PRICING[SKU],0)) -> 309.17 | K60: =IF(OR(H60="",O60=""),"", IF(O60=1,INDEX(Rebate_Lookup[REB_MOQ_1],MATCH(A60,Rebate_Lookup[SKU CODE],0)), IF(O60=2,INDEX(Rebate_Lookup[REB_MOQ_2],MATCH(A60,Rebate_Lookup[SKU CODE],0)), IF(O60=3,INDEX(Rebate_Lookup[REB_MOQ_3],MATCH(A60,Rebate_Lookup[SKU CODE],0)), IF(O60=4,INDEX(Rebate_Lookup[REB_MOQ_4],MATCH(A60,Rebate_Lookup[SKU CODE],0)), "#err"))))) | L60: =IF(H60*I60= 0,"",ROUND(H60*I60,2)) | M60: =IF(OR(H60=0,J60=""),"",ROUND(H60*J60,2)) | N60: =IF(OR(H60=0,H60=""),"",M60) | O60: =IF(H60="","",INDEX(Rebate_Lookup[Qualified Rebate Tier],MATCH(A60,Rebate_Lookup[SKU CODE],0))) | P60: =IF( K60="", IF(OR(H60=0,H60=""),"",L60), IF(OR(H60=0,H60=""),"",ROUND((I60-K60)*H60,2)) ) | Q60: =IF(OR(ISBLANK(H60),ISBLANK(I60)),"",ROUND(P60/H60,2)) | T60: {=IF(OR(H60="",H60=0), ROUND(_xlfn.XLOOKUP(1,(PRICING[SKU]=A60)*(PRICING[Set]=1),PRICING[Standard Use Rate (oz/M)]),2),ROUND( _xlfn.XLOOKUP( 1, (PRICING[SKU]=A60)* (PRICING[Set]=IF( _xlfn.XLOOKUP(A60,Rebate_Lookup[SKU CODE],Rebate_Lookup[MOQ_2])=0, 1, IF( AND( _xlfn.XLOOKUP(A60,Rebate_Lookup[SKU CODE],Rebate_Lookup[MOQ_3])=0, H60>=_xlfn.XLOOKUP(A60,Rebate_Lookup[SKU CODE],Rebate_Lookup[MOQ_2]) ), 2, IF( AND( H60>=_xlfn.XLOOKUP(A60,Rebate_Lookup[SKU CODE],Rebate_Lookup[MOQ_1]), H60<_xlfn.XLOOKUP(A60,Rebate_Lookup[SKU CODE],Rebate_Lookup[MOQ_2]) ), 1, IF( AND( H60>=_xlfn.XLOOKUP(A60,Rebate_Lookup[SKU CODE],Rebate_Lookup[MOQ_2]), OR( _xlfn.XLOOKUP(A60,Rebate_Lookup[SKU CODE],Rebate_Lookup[MOQ_3])=0, H60<_xlfn.XLOOKUP(A60,Rebate_Lookup[SKU CODE],Rebate_Lookup[MOQ_3]) ) ), 2, IF( OR( AND( _xlfn.XLOOKUP(A60,Rebate_Lookup[SKU CODE],Rebate_Lookup[MOQ_4])=0, H60>=_xlfn.XLOOKUP(A60,Rebate_Lookup[SKU CODE],Rebate_Lookup[MOQ_3]) ), AND( _xlfn.XLOOKUP(A60,Rebate_Lookup[SKU CODE],Rebate_Lookup[MOQ_4])>0, H60>=_xlfn.XLOOKUP(A60,Rebate_Lookup[SKU CODE],Rebate_Lookup[MOQ_3]), H60<_xlfn.XLOOKUP(A60,Rebate_Lookup[SKU CODE],Rebate_Lookup[MOQ_4]) ) ), 3, IF( AND( _xlfn.XLOOKUP(A60,Rebate_Lookup[SKU CODE],Rebate_Lookup[MOQ_4])>0, H60>=_xlfn.XLOOKUP(A60,Rebate_Lookup[SKU CODE],Rebate_Lookup[MOQ_4]) ), 4, 1 ) ) ) ) ) )), PRICING[Standard Use Rate (oz/M)] ), 2 ))} -> 0.4 | U60: =ROUND(T60*43.56,2) -> 17.42 | V60: =IF(AND(TRIM(U60)<>"",TRIM(H60)<>""),ROUND(H60*INDEX(PRICING[Package Ounces],MATCH(A60,PRICING[SKU],0))/U60,2),"") | W60: =IF(H60<>0,ROUND(P60/V60,2),0) -> 0 | X60: =ROUND(W60/43.56,2) -> 0
A61: 11008482 | B61: =H61>0 -> FALSE | D61: {=IFERROR( _xlfn.TEXTJOIN( "; ", TRUE, _xlfn._xlws.FILTER( IF( ISNUMBER(SEARCH("Terradex",E61)), TEXT(ROUND(PRICING[Rebate $]/AB61,2),"$#,##0.00")& " off per gal with "& SUBSTITUTE(PRICING[Min Qty]," gal","")& " + Terradex gallons", TEXT(PRICING[Rebate $],"$#,##0.00")& " off on "& IF( (PRICING[Min Qty]="")+(PRICING[Min Qty]=0), "1 unit", PRICING[Min Qty]&" units" ) ), (PRICING[SKU]=$A61)* ( ISNUMBER(SEARCH("Terradex",E61))+ ( (PRICING[Rebate $]<>"")* (PRICING[Rebate $]<>0) ) ) ) ), "n/a" )} -> $8.00 off on 1 unit | E61: =_xlfn.XLOOKUP(A61, PRICING[SKU], PRICING[Product], "") -> Solitare® Herbicide | F61: =_xlfn.XLOOKUP(A61, PRICING[SKU], PRICING[Size], "") -> 1 lb | G61: =IF(_xlfn.XLOOKUP(A61,PRICING[SKU],PRICING[Indication])="I","Insecticide", IF(_xlfn.XLOOKUP(A61,PRICING[SKU],PRICING[Indication])="H","Herbicide", IF(_xlfn.XLOOKUP(A61,PRICING[SKU],PRICING[Indication])="F","Fungicide", IF(_xlfn.XLOOKUP(A61,PRICING[SKU],PRICING[Indication])="PGR","PGR","")))) -> Herbicide | J61: =INDEX(PRICING[NOW Price],MATCH(A61,PRICING[SKU],0)) -> 164.73 | K61: =IF(OR(H61="",O61=""),"", IF(O61=1,INDEX(Rebate_Lookup[REB_MOQ_1],MATCH(A61,Rebate_Lookup[SKU CODE],0)), IF(O61=2,INDEX(Rebate_Lookup[REB_MOQ_2],MATCH(A61,Rebate_Lookup[SKU CODE],0)), IF(O61=3,INDEX(Rebate_Lookup[REB_MOQ_3],MATCH(A61,Rebate_Lookup[SKU CODE],0)), IF(O61=4,INDEX(Rebate_Lookup[REB_MOQ_4],MATCH(A61,Rebate_Lookup[SKU CODE],0)), "#err"))))) | L61: =IF(H61*I61= 0,"",ROUND(H61*I61,2)) | M61: =IF(OR(H61=0,J61=""),"",ROUND(H61*J61,2)) | N61: =IF(OR(H61=0,H61=""),"",M61) | O61: =IF(H61="","",INDEX(Rebate_Lookup[Qualified Rebate Tier],MATCH(A61,Rebate_Lookup[SKU CODE],0))) | P61: =IF( K61="", IF(OR(H61=0,H61=""),"",L61), IF(OR(H61=0,H61=""),"",ROUND((I61-K61)*H61,2)) ) | Q61: =IF(OR(ISBLANK(H61),ISBLANK(I61)),"",ROUND(P61/H61,2)) | T61: {=IF(OR(H61="",H61=0), ROUND(_xlfn.XLOOKUP(1,(PRICING[SKU]=A61)*(PRICING[Set]=1),PRICING[Standard Use Rate (oz/M)]),2),ROUND( _xlfn.XLOOKUP( 1, (PRICING[SKU]=A61)* (PRICING[Set]=IF( _xlfn.XLOOKUP(A61,Rebate_Lookup[SKU CODE],Rebate_Lookup[MOQ_2])=0, 1, IF( AND( _xlfn.XLOOKUP(A61,Rebate_Lookup[SKU CODE],Rebate_Lookup[MOQ_3])=0, H61>=_xlfn.XLOOKUP(A61,Rebate_Lookup[SKU CODE],Rebate_Lookup[MOQ_2]) ), 2, IF( AND( H61>=_xlfn.XLOOKUP(A61,Rebate_Lookup[SKU CODE],Rebate_Lookup[MOQ_1]), H61<_xlfn.XLOOKUP(A61,Rebate_Lookup[SKU CODE],Rebate_Lookup[MOQ_2]) ), 1, IF( AND( H61>=_xlfn.XLOOKUP(A61,Rebate_Lookup[SKU CODE],Rebate_Lookup[MOQ_2]), OR( _xlfn.XLOOKUP(A61,Rebate_Lookup[SKU CODE],Rebate_Lookup[MOQ_3])=0, H61<_xlfn.XLOOKUP(A61,Rebate_Lookup[SKU CODE],Rebate_Lookup[MOQ_3]) ) ), 2, IF( OR( AND( _xlfn.XLOOKUP(A61,Rebate_Lookup[SKU CODE],Rebate_Lookup[MOQ_4])=0, H61>=_xlfn.XLOOKUP(A61,Rebate_Lookup[SKU CODE],Rebate_Lookup[MOQ_3]) ), AND( _xlfn.XLOOKUP(A61,Rebate_Lookup[SKU CODE],Rebate_Lookup[MOQ_4])>0, H61>=_xlfn.XLOOKUP(A61,Rebate_Lookup[SKU CODE],Rebate_Lookup[MOQ_3]), H61<_xlfn.XLOOKUP(A61,Rebate_Lookup[SKU CODE],Rebate_Lookup[MOQ_4]) ) ), 3, IF( AND( _xlfn.XLOOKUP(A61,Rebate_Lookup[SKU CODE],Rebate_Lookup[MOQ_4])>0, H61>=_xlfn.XLOOKUP(A61,Rebate_Lookup[SKU CODE],Rebate_Lookup[MOQ_4]) ), 4, 1 ) ) ) ) ) )), PRICING[Standard Use Rate (oz/M)] ), 2 ))} -> 2 | U61: =ROUND(T61*43.56,2) -> 87.12 | V61: =IF(AND(TRIM(U61)<>"",TRIM(H61)<>""),ROUND(H61*INDEX(PRICING[Package Ounces],MATCH(A61,PRICING[SKU],0))/U61,2),"") | W61: =IF(H61<>0,ROUND(P61/V61,2),0) -> 0 | X61: =ROUND(W61/43.56,2) -> 0
A62: 11008369 | B62: =H62>0 -> FALSE | D62: {=IFERROR( _xlfn.TEXTJOIN( "; ", TRUE, _xlfn._xlws.FILTER( IF( ISNUMBER(SEARCH("Terradex",E62)), TEXT(ROUND(PRICING[Rebate $]/AB62,2),"$#,##0.00")& " off per gal with "& SUBSTITUTE(PRICING[Min Qty]," gal","")& " + Terradex gallons", TEXT(PRICING[Rebate $],"$#,##0.00")& " off on "& IF( (PRICING[Min Qty]="")+(PRICING[Min Qty]=0), "1 unit", PRICING[Min Qty]&" units" ) ), (PRICING[SKU]=$A62)* ( ISNUMBER(SEARCH("Terradex",E62))+ ( (PRICING[Rebate $]<>"")* (PRICING[Rebate $]<>0) ) ) ) ), "n/a" )} -> $8.00 off on 1 unit | E62: =_xlfn.XLOOKUP(A62, PRICING[SKU], PRICING[Product], "") -> Solitare® WSL Herbicide | F62: =_xlfn.XLOOKUP(A62, PRICING[SKU], PRICING[Size], "") -> 0.75 gal | G62: =IF(_xlfn.XLOOKUP(A62,PRICING[SKU],PRICING[Indication])="I","Insecticide", IF(_xlfn.XLOOKUP(A62,PRICING[SKU],PRICING[Indication])="H","Herbicide", IF(_xlfn.XLOOKUP(A62,PRICING[SKU],PRICING[Indication])="F","Fungicide", IF(_xlfn.XLOOKUP(A62,PRICING[SKU],PRICING[Indication])="PGR","PGR","")))) -> Herbicide | J62: =INDEX(PRICING[NOW Price],MATCH(A62,PRICING[SKU],0)) -> 97.96 | K62: =IF(OR(H62="",O62=""),"", IF(O62=1,INDEX(Rebate_Lookup[REB_MOQ_1],MATCH(A62,Rebate_Lookup[SKU CODE],0)), IF(O62=2,INDEX(Rebate_Lookup[REB_MOQ_2],MATCH(A62,Rebate_Lookup[SKU CODE],0)), IF(O62=3,INDEX(Rebate_Lookup[REB_MOQ_3],MATCH(A62,Rebate_Lookup[SKU CODE],0)), IF(O62=4,INDEX(Rebate_Lookup[REB_MOQ_4],MATCH(A62,Rebate_Lookup[SKU CODE],0)), "#err"))))) | L62: =IF(H62*I62= 0,"",ROUND(H62*I62,2)) | M62: =IF(OR(H62=0,J62=""),"",ROUND(H62*J62,2)) | N62: =IF(OR(H62=0,H62=""),"",M62) | O62: =IF(H62="","",INDEX(Rebate_Lookup[Qualified Rebate Tier],MATCH(A62,Rebate_Lookup[SKU CODE],0))) | P62: =IF( K62="", IF(OR(H62=0,H62=""),"",L62), IF(OR(H62=0,H62=""),"",ROUND((I62-K62)*H62,2)) ) | Q62: =IF(OR(ISBLANK(H62),ISBLANK(I62)),"",ROUND(P62/H62,2)) | T62: {=IF(OR(H62="",H62=0), ROUND(_xlfn.XLOOKUP(1,(PRICING[SKU]=A62)*(PRICING[Set]=1),PRICING[Standard Use Rate (oz/M)]),2),ROUND( _xlfn.XLOOKUP( 1, (PRICING[SKU]=A62)* (PRICING[Set]=IF( _xlfn.XLOOKUP(A62,Rebate_Lookup[SKU CODE],Rebate_Lookup[MOQ_2])=0, 1, IF( AND( _xlfn.XLOOKUP(A62,Rebate_Lookup[SKU CODE],Rebate_Lookup[MOQ_3])=0, H62>=_xlfn.XLOOKUP(A62,Rebate_Lookup[SKU CODE],Rebate_Lookup[MOQ_2]) ), 2, IF( AND( H62>=_xlfn.XLOOKUP(A62,Rebate_Lookup[SKU CODE],Rebate_Lookup[MOQ_1]), H62<_xlfn.XLOOKUP(A62,Rebate_Lookup[SKU CODE],Rebate_Lookup[MOQ_2]) ), 1, IF( AND( H62>=_xlfn.XLOOKUP(A62,Rebate_Lookup[SKU CODE],Rebate_Lookup[MOQ_2]), OR( _xlfn.XLOOKUP(A62,Rebate_Lookup[SKU CODE],Rebate_Lookup[MOQ_3])=0, H62<_xlfn.XLOOKUP(A62,Rebate_Lookup[SKU CODE],Rebate_Lookup[MOQ_3]) ) ), 2, IF( OR( AND( _xlfn.XLOOKUP(A62,Rebate_Lookup[SKU CODE],Rebate_Lookup[MOQ_4])=0, H62>=_xlfn.XLOOKUP(A62,Rebate_Lookup[SKU CODE],Rebate_Lookup[MOQ_3]) ), AND( _xlfn.XLOOKUP(A62,Rebate_Lookup[SKU CODE],Rebate_Lookup[MOQ_4])>0, H62>=_xlfn.XLOOKUP(A62,Rebate_Lookup[SKU CODE],Rebate_Lookup[MOQ_3]), H62<_xlfn.XLOOKUP(A62,Rebate_Lookup[SKU CODE],Rebate_Lookup[MOQ_4]) ) ), 3, IF( AND( _xlfn.XLOOKUP(A62,Rebate_Lookup[SKU CODE],Rebate_Lookup[MOQ_4])>0, H62>=_xlfn.XLOOKUP(A62,Rebate_Lookup[SKU CODE],Rebate_Lookup[MOQ_4]) ), 4, 1 ) ) ) ) ) )), PRICING[Standard Use Rate (oz/M)] ), 2 ))} -> 3.97 | U62: =ROUND(T62*43.56,2) -> 172.93 | V62: =IF(AND(TRIM(U62)<>"",TRIM(H62)<>""),ROUND(H62*INDEX(PRICING[Package Ounces],MATCH(A62,PRICING[SKU],0))/U62,2),"") | W62: =IF(H62<>0,ROUND(P62/V62,2),0) -> 0 | X62: =ROUND(W62/43.56,2) -> 0
A63: D00000669 | B63: =H63>0 -> FALSE | D63: {=IFERROR( _xlfn.TEXTJOIN( "; ", TRUE, _xlfn._xlws.FILTER( IF( ISNUMBER(SEARCH("Terradex",E63)), TEXT(ROUND(PRICING[Rebate $]/AB63,2),"$#,##0.00")& " off per gal with "& SUBSTITUTE(PRICING[Min Qty]," gal","")& " + Terradex gallons", TEXT(PRICING[Rebate $],"$#,##0.00")& " off on "& IF( (PRICING[Min Qty]="")+(PRICING[Min Qty]=0), "1 unit", PRICING[Min Qty]&" units" ) ), (PRICING[SKU]=$A63)* ( ISNUMBER(SEARCH("Terradex",E63))+ ( (PRICING[Rebate $]<>"")* (PRICING[Rebate $]<>0) ) ) ) ), "n/a" )} -> $12.40 off per gal with 150 + Terradex gallons | E63: =_xlfn.XLOOKUP(A63, PRICING[SKU], PRICING[Product], "") -> Terradex® Power Premix | F63: =_xlfn.XLOOKUP(A63, PRICING[SKU], PRICING[Size], "") -> 2.5 gal | G63: =IF(_xlfn.XLOOKUP(A63,PRICING[SKU],PRICING[Indication])="I","Insecticide", IF(_xlfn.XLOOKUP(A63,PRICING[SKU],PRICING[Indication])="H","Herbicide", IF(_xlfn.XLOOKUP(A63,PRICING[SKU],PRICING[Indication])="F","Fungicide", IF(_xlfn.XLOOKUP(A63,PRICING[SKU],PRICING[Indication])="PGR","PGR","")))) -> Herbicide | J63: =INDEX(PRICING[NOW Price],MATCH(A63,PRICING[SKU],0)) -> 192.37 | K63: =IF(OR(H63="",O63=""),"", IF(O63=1,INDEX(Rebate_Lookup[REB_MOQ_1],MATCH(A63,Rebate_Lookup[SKU CODE],0)), IF(O63=2,INDEX(Rebate_Lookup[REB_MOQ_2],MATCH(A63,Rebate_Lookup[SKU CODE],0)), IF(O63=3,INDEX(Rebate_Lookup[REB_MOQ_3],MATCH(A63,Rebate_Lookup[SKU CODE],0)), IF(O63=4,INDEX(Rebate_Lookup[REB_MOQ_4],MATCH(A63,Rebate_Lookup[SKU CODE],0)), "#err"))))) | L63: =IF(H63*I63= 0,"",ROUND(H63*I63,2)) | M63: =IF(OR(H63=0,J63=""),"",ROUND(H63*J63,2)) | N63: =IF(OR(H63=0,H63=""),"",M63) | O63: =IF(OR(H63="",$AD$63=FALSE),"",1) | P63: =IF( K63="", IF(OR(H63=0,H63=""),"",L63), IF(OR(H63=0,H63=""),"",ROUND((I63-K63)*H63,2)) ) | Q63: =IF(OR(ISBLANK(H63),ISBLANK(I63)),"",ROUND(P63/H63,2)) | T63: {=IF(OR(H63="",H63=0), ROUND(_xlfn.XLOOKUP(1,(PRICING[SKU]=A63)*(PRICING[Set]=1),PRICING[Standard Use Rate (oz/M)]),2),ROUND( _xlfn.XLOOKUP( 1, (PRICING[SKU]=A63)* (PRICING[Set]=IF( _xlfn.XLOOKUP(A63,Rebate_Lookup[SKU CODE],Rebate_Lookup[MOQ_2])=0, 1, IF( AND( _xlfn.XLOOKUP(A63,Rebate_Lookup[SKU CODE],Rebate_Lookup[MOQ_3])=0, H63>=_xlfn.XLOOKUP(A63,Rebate_Lookup[SKU CODE],Rebate_Lookup[MOQ_2]) ), 2, IF( AND( H63>=_xlfn.XLOOKUP(A63,Rebate_Lookup[SKU CODE],Rebate_Lookup[MOQ_1]), H63<_xlfn.XLOOKUP(A63,Rebate_Lookup[SKU CODE],Rebate_Lookup[MOQ_2]) ), 1, IF( AND( H63>=_xlfn.XLOOKUP(A63,Rebate_Lookup[SKU CODE],Rebate_Lookup[MOQ_2]), OR( _xlfn.XLOOKUP(A63,Rebate_Lookup[SKU CODE],Rebate_Lookup[MOQ_3])=0, H63<_xlfn.XLOOKUP(A63,Rebate_Lookup[SKU CODE],Rebate_Lookup[MOQ_3]) ) ), 2, IF( OR( AND( _xlfn.XLOOKUP(A63,Rebate_Lookup[SKU CODE],Rebate_Lookup[MOQ_4])=0, H63>=_xlfn.XLOOKUP(A63,Rebate_Lookup[SKU CODE],Rebate_Lookup[MOQ_3]) ), AND( _xlfn.XLOOKUP(A63,Rebate_Lookup[SKU CODE],Rebate_Lookup[MOQ_4])>0, H63>=_xlfn.XLOOKUP(A63,Rebate_Lookup[SKU CODE],Rebate_Lookup[MOQ_3]), H63<_xlfn.XLOOKUP(A63,Rebate_Lookup[SKU CODE],Rebate_Lookup[MOQ_4]) ) ), 3, IF( AND( _xlfn.XLOOKUP(A63,Rebate_Lookup[SKU CODE],Rebate_Lookup[MOQ_4])>0, H63>=_xlfn.XLOOKUP(A63,Rebate_Lookup[SKU CODE],Rebate_Lookup[MOQ_4]) ), 4, 1 ) ) ) ) ) )), PRICING[Standard Use Rate (oz/M)] ), 2 ))} -> 1.1 | U63: =ROUND(T63*43.56,2) -> 47.92 | V63: =IF(AND(TRIM(U63)<>"",TRIM(H63)<>""),ROUND(H63*INDEX(PRICING[Package Ounces],MATCH(A63,PRICING[SKU],0))/U63,2),"") | W63: =IF(H63<>0,ROUND(P63/V63,2),0) -> 0 | X63: =ROUND(W63/43.56,2) -> 0 | AB63: =SUBSTITUTE(F63," gal","") -> 2.5 | AC63: =H63*AB63 -> 0 | AD63: =IF( SUM(AC63:AC67)>=150, TRUE, FALSE ) -> FALSE
A64: D00000670 | B64: =H64>0 -> FALSE | D64: {=IFERROR( _xlfn.TEXTJOIN( "; ", TRUE, _xlfn._xlws.FILTER( IF( ISNUMBER(SEARCH("Terradex",E64)), TEXT(ROUND(PRICING[Rebate $]/AB64,2),"$#,##0.00")& " off per gal with "& SUBSTITUTE(PRICING[Min Qty]," gal","")& " + Terradex gallons", TEXT(PRICING[Rebate $],"$#,##0.00")& " off on "& IF( (PRICING[Min Qty]="")+(PRICING[Min Qty]=0), "1 unit", PRICING[Min Qty]&" units" ) ), (PRICING[SKU]=$A64)* ( ISNUMBER(SEARCH("Terradex",E64))+ ( (PRICING[Rebate $]<>"")* (PRICING[Rebate $]<>0) ) ) ) ), "n/a" )} -> $13.00 off per gal with 150 + Terradex gallons | E64: =_xlfn.XLOOKUP(A64, PRICING[SKU], PRICING[Product], "") -> Terradex® Power Premix | F64: =_xlfn.XLOOKUP(A64, PRICING[SKU], PRICING[Size], "") -> 30 gal | G64: =IF(_xlfn.XLOOKUP(A64,PRICING[SKU],PRICING[Indication])="I","Insecticide", IF(_xlfn.XLOOKUP(A64,PRICING[SKU],PRICING[Indication])="H","Herbicide", IF(_xlfn.XLOOKUP(A64,PRICING[SKU],PRICING[Indication])="F","Fungicide", IF(_xlfn.XLOOKUP(A64,PRICING[SKU],PRICING[Indication])="PGR","PGR","")))) -> Herbicide | J64: =INDEX(PRICING[NOW Price],MATCH(A64,PRICING[SKU],0)) -> 2103.44 | K64: =IF(OR(H64="",O64=""),"", IF(O64=1,INDEX(Rebate_Lookup[REB_MOQ_1],MATCH(A64,Rebate_Lookup[SKU CODE],0)), IF(O64=2,INDEX(Rebate_Lookup[REB_MOQ_2],MATCH(A64,Rebate_Lookup[SKU CODE],0)), IF(O64=3,INDEX(Rebate_Lookup[REB_MOQ_3],MATCH(A64,Rebate_Lookup[SKU CODE],0)), IF(O64=4,INDEX(Rebate_Lookup[REB_MOQ_4],MATCH(A64,Rebate_Lookup[SKU CODE],0)), "#err"))))) | L64: =IF(H64*I64= 0,"",ROUND(H64*I64,2)) | M64: =IF(OR(H64=0,J64=""),"",ROUND(H64*J64,2)) | N64: =IF(OR(H64=0,H64=""),"",M64) | O64: =IF(OR(H64="",$AD$63=FALSE),"",1) | P64: =IF( K64="", IF(OR(H64=0,H64=""),"",L64), IF(OR(H64=0,H64=""),"",ROUND((I64-K64)*H64,2)) ) | Q64: =IF(OR(ISBLANK(H64),ISBLANK(I64)),"",ROUND(P64/H64,2)) | T64: {=IF(OR(H64="",H64=0), ROUND(_xlfn.XLOOKUP(1,(PRICING[SKU]=A64)*(PRICING[Set]=1),PRICING[Standard Use Rate (oz/M)]),2),ROUND( _xlfn.XLOOKUP( 1, (PRICING[SKU]=A64)* (PRICING[Set]=IF( _xlfn.XLOOKUP(A64,Rebate_Lookup[SKU CODE],Rebate_Lookup[MOQ_2])=0, 1, IF( AND( _xlfn.XLOOKUP(A64,Rebate_Lookup[SKU CODE],Rebate_Lookup[MOQ_3])=0, H64>=_xlfn.XLOOKUP(A64,Rebate_Lookup[SKU CODE],Rebate_Lookup[MOQ_2]) ), 2, IF( AND( H64>=_xlfn.XLOOKUP(A64,Rebate_Lookup[SKU CODE],Rebate_Lookup[MOQ_1]), H64<_xlfn.XLOOKUP(A64,Rebate_Lookup[SKU CODE],Rebate_Lookup[MOQ_2]) ), 1, IF( AND( H64>=_xlfn.XLOOKUP(A64,Rebate_Lookup[SKU CODE],Rebate_Lookup[MOQ_2]), OR( _xlfn.XLOOKUP(A64,Rebate_Lookup[SKU CODE],Rebate_Lookup[MOQ_3])=0, H64<_xlfn.XLOOKUP(A64,Rebate_Lookup[SKU CODE],Rebate_Lookup[MOQ_3]) ) ), 2, IF( OR( AND( _xlfn.XLOOKUP(A64,Rebate_Lookup[SKU CODE],Rebate_Lookup[MOQ_4])=0, H64>=_xlfn.XLOOKUP(A64,Rebate_Lookup[SKU CODE],Rebate_Lookup[MOQ_3]) ), AND( _xlfn.XLOOKUP(A64,Rebate_Lookup[SKU CODE],Rebate_Lookup[MOQ_4])>0, H64>=_xlfn.XLOOKUP(A64,Rebate_Lookup[SKU CODE],Rebate_Lookup[MOQ_3]), H64<_xlfn.XLOOKUP(A64,Rebate_Lookup[SKU CODE],Rebate_Lookup[MOQ_4]) ) ), 3, IF( AND( _xlfn.XLOOKUP(A64,Rebate_Lookup[SKU CODE],Rebate_Lookup[MOQ_4])>0, H64>=_xlfn.XLOOKUP(A64,Rebate_Lookup[SKU CODE],Rebate_Lookup[MOQ_4]) ), 4, 1 ) ) ) ) ) )), PRICING[Standard Use Rate (oz/M)] ), 2 ))} -> 1.1 | U64: =ROUND(T64*43.56,2) -> 47.92 | V64: =IF(AND(TRIM(U64)<>"",TRIM(H64)<>""),ROUND(H64*INDEX(PRICING[Package Ounces],MATCH(A64,PRICING[SKU],0))/U64,2),"") | W64: =IF(H64<>0,ROUND(P64/V64,2),0) -> 0 | X64: =ROUND(W64/43.56,2) -> 0 | AB64: =SUBSTITUTE(F64," gal","") -> 30 | AC64: =H64*AB64 -> 0
A65: D00000673 | B65: =H65>0 -> FALSE | D65: {=IFERROR( _xlfn.TEXTJOIN( "; ", TRUE, _xlfn._xlws.FILTER( IF( ISNUMBER(SEARCH("Terradex",E65)), TEXT(ROUND(PRICING[Rebate $]/AB65,2),"$#,##0.00")& " off per gal with "& SUBSTITUTE(PRICING[Min Qty]," gal","")& " + Terradex gallons", TEXT(PRICING[Rebate $],"$#,##0.00")& " off on "& IF( (PRICING[Min Qty]="")+(PRICING[Min Qty]=0), "1 unit", PRICING[Min Qty]&" units" ) ), (PRICING[SKU]=$A65)* ( ISNUMBER(SEARCH("Terradex",E65))+ ( (PRICING[Rebate $]<>"")* (PRICING[Rebate $]<>0) ) ) ) ), "n/a" )} -> $13.00 off per gal with 150 + Terradex gallons | E65: =_xlfn.XLOOKUP(A65, PRICING[SKU], PRICING[Product], "") -> Terradex® Quick Strike | F65: =_xlfn.XLOOKUP(A65, PRICING[SKU], PRICING[Size], "") -> 1 gal | G65: =IF(_xlfn.XLOOKUP(A65,PRICING[SKU],PRICING[Indication])="I","Insecticide", IF(_xlfn.XLOOKUP(A65,PRICING[SKU],PRICING[Indication])="H","Herbicide", IF(_xlfn.XLOOKUP(A65,PRICING[SKU],PRICING[Indication])="F","Fungicide", IF(_xlfn.XLOOKUP(A65,PRICING[SKU],PRICING[Indication])="PGR","PGR","")))) -> Herbicide | J65: =INDEX(PRICING[NOW Price],MATCH(A65,PRICING[SKU],0)) -> 68.39 | K65: =IF(OR(H65="",O65=""),"", IF(O65=1,INDEX(Rebate_Lookup[REB_MOQ_1],MATCH(A65,Rebate_Lookup[SKU CODE],0)), IF(O65=2,INDEX(Rebate_Lookup[REB_MOQ_2],MATCH(A65,Rebate_Lookup[SKU CODE],0)), IF(O65=3,INDEX(Rebate_Lookup[REB_MOQ_3],MATCH(A65,Rebate_Lookup[SKU CODE],0)), IF(O65=4,INDEX(Rebate_Lookup[REB_MOQ_4],MATCH(A65,Rebate_Lookup[SKU CODE],0)), "#err"))))) | L65: =IF(H65*I65= 0,"",ROUND(H65*I65,2)) | M65: =IF(OR(H65=0,J65=""),"",ROUND(H65*J65,2)) | N65: =IF(OR(H65=0,H65=""),"",M65) | O65: =IF(OR(H65="",$AD$63=FALSE),"",1) | P65: =IF( K65="", IF(OR(H65=0,H65=""),"",L65), IF(OR(H65=0,H65=""),"",ROUND((I65-K65)*H65,2)) ) | Q65: =IF(OR(ISBLANK(H65),ISBLANK(I65)),"",ROUND(P65/H65,2)) | T65: {=IF(OR(H65="",H65=0), ROUND(_xlfn.XLOOKUP(1,(PRICING[SKU]=A65)*(PRICING[Set]=1),PRICING[Standard Use Rate (oz/M)]),2),ROUND( _xlfn.XLOOKUP( 1, (PRICING[SKU]=A65)* (PRICING[Set]=IF( _xlfn.XLOOKUP(A65,Rebate_Lookup[SKU CODE],Rebate_Lookup[MOQ_2])=0, 1, IF( AND( _xlfn.XLOOKUP(A65,Rebate_Lookup[SKU CODE],Rebate_Lookup[MOQ_3])=0, H65>=_xlfn.XLOOKUP(A65,Rebate_Lookup[SKU CODE],Rebate_Lookup[MOQ_2]) ), 2, IF( AND( H65>=_xlfn.XLOOKUP(A65,Rebate_Lookup[SKU CODE],Rebate_Lookup[MOQ_1]), H65<_xlfn.XLOOKUP(A65,Rebate_Lookup[SKU CODE],Rebate_Lookup[MOQ_2]) ), 1, IF( AND( H65>=_xlfn.XLOOKUP(A65,Rebate_Lookup[SKU CODE],Rebate_Lookup[MOQ_2]), OR( _xlfn.XLOOKUP(A65,Rebate_Lookup[SKU CODE],Rebate_Lookup[MOQ_3])=0, H65<_xlfn.XLOOKUP(A65,Rebate_Lookup[SKU CODE],Rebate_Lookup[MOQ_3]) ) ), 2, IF( OR( AND( _xlfn.XLOOKUP(A65,Rebate_Lookup[SKU CODE],Rebate_Lookup[MOQ_4])=0, H65>=_xlfn.XLOOKUP(A65,Rebate_Lookup[SKU CODE],Rebate_Lookup[MOQ_3]) ), AND( _xlfn.XLOOKUP(A65,Rebate_Lookup[SKU CODE],Rebate_Lookup[MOQ_4])>0, H65>=_xlfn.XLOOKUP(A65,Rebate_Lookup[SKU CODE],Rebate_Lookup[MOQ_3]), H65<_xlfn.XLOOKUP(A65,Rebate_Lookup[SKU CODE],Rebate_Lookup[MOQ_4]) ) ), 3, IF( AND( _xlfn.XLOOKUP(A65,Rebate_Lookup[SKU CODE],Rebate_Lookup[MOQ_4])>0, H65>=_xlfn.XLOOKUP(A65,Rebate_Lookup[SKU CODE],Rebate_Lookup[MOQ_4]) ), 4, 1 ) ) ) ) ) )), PRICING[Standard Use Rate (oz/M)] ), 2 ))} -> 1.1 | U65: =ROUND(T65*43.56,2) -> 47.92 | V65: =IF(AND(TRIM(U65)<>"",TRIM(H65)<>""),ROUND(H65*INDEX(PRICING[Package Ounces],MATCH(A65,PRICING[SKU],0))/U65,2),"") | W65: =IF(H65<>0,ROUND(P65/V65,2),0) -> 0 | X65: =ROUND(W65/43.56,2) -> 0 | AB65: =SUBSTITUTE(F65," gal","") -> 1 | AC65: =H65*AB65 -> 0
A66: D00000672 | B66: =H66>0 -> FALSE | D66: {=IFERROR( _xlfn.TEXTJOIN( "; ", TRUE, _xlfn._xlws.FILTER( IF( ISNUMBER(SEARCH("Terradex",E66)), TEXT(ROUND(PRICING[Rebate $]/AB66,2),"$#,##0.00")& " off per gal with "& SUBSTITUTE(PRICING[Min Qty]," gal","")& " + Terradex gallons", TEXT(PRICING[Rebate $],"$#,##0.00")& " off on "& IF( (PRICING[Min Qty]="")+(PRICING[Min Qty]=0), "1 unit", PRICING[Min Qty]&" units" ) ), (PRICING[SKU]=$A66)* ( ISNUMBER(SEARCH("Terradex",E66))+ ( (PRICING[Rebate $]<>"")* (PRICING[Rebate $]<>0) ) ) ) ), "n/a" )} -> $12.80 off per gal with 150 + Terradex gallons | E66: =_xlfn.XLOOKUP(A66, PRICING[SKU], PRICING[Product], "") -> Terradex® Quick Strike | F66: =_xlfn.XLOOKUP(A66, PRICING[SKU], PRICING[Size], "") -> 2.5 gal | G66: =IF(_xlfn.XLOOKUP(A66,PRICING[SKU],PRICING[Indication])="I","Insecticide", IF(_xlfn.XLOOKUP(A66,PRICING[SKU],PRICING[Indication])="H","Herbicide", IF(_xlfn.XLOOKUP(A66,PRICING[SKU],PRICING[Indication])="F","Fungicide", IF(_xlfn.XLOOKUP(A66,PRICING[SKU],PRICING[Indication])="PGR","PGR","")))) -> Herbicide | J66: =INDEX(PRICING[NOW Price],MATCH(A66,PRICING[SKU],0)) -> 162.49 | K66: =IF(OR(H66="",O66=""),"", IF(O66=1,INDEX(Rebate_Lookup[REB_MOQ_1],MATCH(A66,Rebate_Lookup[SKU CODE],0)), IF(O66=2,INDEX(Rebate_Lookup[REB_MOQ_2],MATCH(A66,Rebate_Lookup[SKU CODE],0)), IF(O66=3,INDEX(Rebate_Lookup[REB_MOQ_3],MATCH(A66,Rebate_Lookup[SKU CODE],0)), IF(O66=4,INDEX(Rebate_Lookup[REB_MOQ_4],MATCH(A66,Rebate_Lookup[SKU CODE],0)), "#err"))))) | L66: =IF(H66*I66= 0,"",ROUND(H66*I66,2)) | M66: =IF(OR(H66=0,J66=""),"",ROUND(H66*J66,2)) | N66: =IF(OR(H66=0,H66=""),"",M66) | O66: =IF(OR(H66="",$AD$63=FALSE),"",1) | P66: =IF( K66="", IF(OR(H66=0,H66=""),"",L66), IF(OR(H66=0,H66=""),"",ROUND((I66-K66)*H66,2)) ) | Q66: =IF(OR(ISBLANK(H66),ISBLANK(I66)),"",ROUND(P66/H66,2)) | T66: {=IF(OR(H66="",H66=0), ROUND(_xlfn.XLOOKUP(1,(PRICING[SKU]=A66)*(PRICING[Set]=1),PRICING[Standard Use Rate (oz/M)]),2),ROUND( _xlfn.XLOOKUP( 1, (PRICING[SKU]=A66)* (PRICING[Set]=IF( _xlfn.XLOOKUP(A66,Rebate_Lookup[SKU CODE],Rebate_Lookup[MOQ_2])=0, 1, IF( AND( _xlfn.XLOOKUP(A66,Rebate_Lookup[SKU CODE],Rebate_Lookup[MOQ_3])=0, H66>=_xlfn.XLOOKUP(A66,Rebate_Lookup[SKU CODE],Rebate_Lookup[MOQ_2]) ), 2, IF( AND( H66>=_xlfn.XLOOKUP(A66,Rebate_Lookup[SKU CODE],Rebate_Lookup[MOQ_1]), H66<_xlfn.XLOOKUP(A66,Rebate_Lookup[SKU CODE],Rebate_Lookup[MOQ_2]) ), 1, IF( AND( H66>=_xlfn.XLOOKUP(A66,Rebate_Lookup[SKU CODE],Rebate_Lookup[MOQ_2]), OR( _xlfn.XLOOKUP(A66,Rebate_Lookup[SKU CODE],Rebate_Lookup[MOQ_3])=0, H66<_xlfn.XLOOKUP(A66,Rebate_Lookup[SKU CODE],Rebate_Lookup[MOQ_3]) ) ), 2, IF( OR( AND( _xlfn.XLOOKUP(A66,Rebate_Lookup[SKU CODE],Rebate_Lookup[MOQ_4])=0, H66>=_xlfn.XLOOKUP(A66,Rebate_Lookup[SKU CODE],Rebate_Lookup[MOQ_3]) ), AND( _xlfn.XLOOKUP(A66,Rebate_Lookup[SKU CODE],Rebate_Lookup[MOQ_4])>0, H66>=_xlfn.XLOOKUP(A66,Rebate_Lookup[SKU CODE],Rebate_Lookup[MOQ_3]), H66<_xlfn.XLOOKUP(A66,Rebate_Lookup[SKU CODE],Rebate_Lookup[MOQ_4]) ) ), 3, IF( AND( _xlfn.XLOOKUP(A66,Rebate_Lookup[SKU CODE],Rebate_Lookup[MOQ_4])>0, H66>=_xlfn.XLOOKUP(A66,Rebate_Lookup[SKU CODE],Rebate_Lookup[MOQ_4]) ), 4, 1 ) ) ) ) ) )), PRICING[Standard Use Rate (oz/M)] ), 2 ))} -> 1.1 | U66: =ROUND(T66*43.56,2) -> 47.92 | V66: =IF(AND(TRIM(U66)<>"",TRIM(H66)<>""),ROUND(H66*INDEX(PRICING[Package Ounces],MATCH(A66,PRICING[SKU],0))/U66,2),"") | W66: =IF(H66<>0,ROUND(P66/V66,2),0) -> 0 | X66: =ROUND(W66/43.56,2) -> 0 | AB66: =SUBSTITUTE(F66," gal","") -> 2.5 | AC66: =H66*AB66 -> 0
A67: D00000671 | B67: =H67>0 -> FALSE | D67: {=IFERROR( _xlfn.TEXTJOIN( "; ", TRUE, _xlfn._xlws.FILTER( IF( ISNUMBER(SEARCH("Terradex",E67)), TEXT(ROUND(PRICING[Rebate $]/AB67,2),"$#,##0.00")& " off per gal with "& SUBSTITUTE(PRICING[Min Qty]," gal","")& " + Terradex gallons", TEXT(PRICING[Rebate $],"$#,##0.00")& " off on "& IF( (PRICING[Min Qty]="")+(PRICING[Min Qty]=0), "1 unit", PRICING[Min Qty]&" units" ) ), (PRICING[SKU]=$A67)* ( ISNUMBER(SEARCH("Terradex",E67))+ ( (PRICING[Rebate $]<>"")* (PRICING[Rebate $]<>0) ) ) ) ), "n/a" )} -> $13.33 off per gal with 150 + Terradex gallons | E67: =_xlfn.XLOOKUP(A67, PRICING[SKU], PRICING[Product], "") -> Terradex® Quick Strike | F67: =_xlfn.XLOOKUP(A67, PRICING[SKU], PRICING[Size], "") -> 30 gal | G67: =IF(_xlfn.XLOOKUP(A67,PRICING[SKU],PRICING[Indication])="I","Insecticide", IF(_xlfn.XLOOKUP(A67,PRICING[SKU],PRICING[Indication])="H","Herbicide", IF(_xlfn.XLOOKUP(A67,PRICING[SKU],PRICING[Indication])="F","Fungicide", IF(_xlfn.XLOOKUP(A67,PRICING[SKU],PRICING[Indication])="PGR","PGR","")))) -> Herbicide | J67: =INDEX(PRICING[NOW Price],MATCH(A67,PRICING[SKU],0)) -> 1846.97 | K67: =IF(OR(H67="",O67=""),"", IF(O67=1,INDEX(Rebate_Lookup[REB_MOQ_1],MATCH(A67,Rebate_Lookup[SKU CODE],0)), IF(O67=2,INDEX(Rebate_Lookup[REB_MOQ_2],MATCH(A67,Rebate_Lookup[SKU CODE],0)), IF(O67=3,INDEX(Rebate_Lookup[REB_MOQ_3],MATCH(A67,Rebate_Lookup[SKU CODE],0)), IF(O67=4,INDEX(Rebate_Lookup[REB_MOQ_4],MATCH(A67,Rebate_Lookup[SKU CODE],0)), "#err"))))) | L67: =IF(H67*I67= 0,"",ROUND(H67*I67,2)) | M67: =IF(OR(H67=0,J67=""),"",ROUND(H67*J67,2)) | N67: =IF(OR(H67=0,H67=""),"",M67) | O67: =IF(OR(H67="",$AD$63=FALSE),"",1) | P67: =IF( K67="", IF(OR(H67=0,H67=""),"",L67), IF(OR(H67=0,H67=""),"",ROUND((I67-K67)*H67,2)) ) | Q67: =IF(OR(ISBLANK(H67),ISBLANK(I67)),"",ROUND(P67/H67,2)) | T67: {=IF(OR(H67="",H67=0), ROUND(_xlfn.XLOOKUP(1,(PRICING[SKU]=A67)*(PRICING[Set]=1),PRICING[Standard Use Rate (oz/M)]),2),ROUND( _xlfn.XLOOKUP( 1, (PRICING[SKU]=A67)* (PRICING[Set]=IF( _xlfn.XLOOKUP(A67,Rebate_Lookup[SKU CODE],Rebate_Lookup[MOQ_2])=0, 1, IF( AND( _xlfn.XLOOKUP(A67,Rebate_Lookup[SKU CODE],Rebate_Lookup[MOQ_3])=0, H67>=_xlfn.XLOOKUP(A67,Rebate_Lookup[SKU CODE],Rebate_Lookup[MOQ_2]) ), 2, IF( AND( H67>=_xlfn.XLOOKUP(A67,Rebate_Lookup[SKU CODE],Rebate_Lookup[MOQ_1]), H67<_xlfn.XLOOKUP(A67,Rebate_Lookup[SKU CODE],Rebate_Lookup[MOQ_2]) ), 1, IF( AND( H67>=_xlfn.XLOOKUP(A67,Rebate_Lookup[SKU CODE],Rebate_Lookup[MOQ_2]), OR( _xlfn.XLOOKUP(A67,Rebate_Lookup[SKU CODE],Rebate_Lookup[MOQ_3])=0, H67<_xlfn.XLOOKUP(A67,Rebate_Lookup[SKU CODE],Rebate_Lookup[MOQ_3]) ) ), 2, IF( OR( AND( _xlfn.XLOOKUP(A67,Rebate_Lookup[SKU CODE],Rebate_Lookup[MOQ_4])=0, H67>=_xlfn.XLOOKUP(A67,Rebate_Lookup[SKU CODE],Rebate_Lookup[MOQ_3]) ), AND( _xlfn.XLOOKUP(A67,Rebate_Lookup[SKU CODE],Rebate_Lookup[MOQ_4])>0, H67>=_xlfn.XLOOKUP(A67,Rebate_Lookup[SKU CODE],Rebate_Lookup[MOQ_3]), H67<_xlfn.XLOOKUP(A67,Rebate_Lookup[SKU CODE],Rebate_Lookup[MOQ_4]) ) ), 3, IF( AND( _xlfn.XLOOKUP(A67,Rebate_Lookup[SKU CODE],Rebate_Lookup[MOQ_4])>0, H67>=_xlfn.XLOOKUP(A67,Rebate_Lookup[SKU CODE],Rebate_Lookup[MOQ_4]) ), 4, 1 ) ) ) ) ) )), PRICING[Standard Use Rate (oz/M)] ), 2 ))} -> 1.1 | U67: =ROUND(T67*43.56,2) -> 47.92 | V67: =IF(AND(TRIM(U67)<>"",TRIM(H67)<>""),ROUND(H67*INDEX(PRICING[Package Ounces],MATCH(A67,PRICING[SKU],0))/U67,2),"") | W67: =IF(H67<>0,ROUND(P67/V67,2),0) -> 0 | X67: =ROUND(W67/43.56,2) -> 0 | AB67: =SUBSTITUTE(F67," gal","") -> 30 | AC67: =H67*AB67 -> 0
A68: D00001012 | B68: =H68>0 -> TRUE | D68: {=IFERROR( _xlfn.TEXTJOIN( "; ", TRUE, _xlfn._xlws.FILTER( IF( ISNUMBER(SEARCH("Terradex",E68)), TEXT(ROUND(PRICING[Rebate $]/AB68,2),"$#,##0.00")& " off per gal with "& SUBSTITUTE(PRICING[Min Qty]," gal","")& " + Terradex gallons", TEXT(PRICING[Rebate $],"$#,##0.00")& " off on "& IF( (PRICING[Min Qty]="")+(PRICING[Min Qty]=0), "1 unit", PRICING[Min Qty]&" units" ) ), (PRICING[SKU]=$A68)* ( ISNUMBER(SEARCH("Terradex",E68))+ ( (PRICING[Rebate $]<>"")* (PRICING[Rebate $]<>0) ) ) ) ), "n/a" )} -> $2.00 off on 1 unit | E68: =_xlfn.XLOOKUP(A68, PRICING[SKU], PRICING[Product], "") -> TopChoice® | F68: =_xlfn.XLOOKUP(A68, PRICING[SKU], PRICING[Size], "") -> 50 lb | G68: =IF(_xlfn.XLOOKUP(A68,PRICING[SKU],PRICING[Indication])="I","Insecticide", IF(_xlfn.XLOOKUP(A68,PRICING[SKU],PRICING[Indication])="H","Herbicide", IF(_xlfn.XLOOKUP(A68,PRICING[SKU],PRICING[Indication])="F","Fungicide", IF(_xlfn.XLOOKUP(A68,PRICING[SKU],PRICING[Indication])="PGR","PGR","")))) -> Insecticide | H68: 1000 | I68: 200 | J68: =INDEX(PRICING[NOW Price],MATCH(A68,PRICING[SKU],0)) -> 64.77 | K68: =IF(OR(H68="",O68=""),"", IF(O68=1,INDEX(Rebate_Lookup[REB_MOQ_1],MATCH(A68,Rebate_Lookup[SKU CODE],0)), IF(O68=2,INDEX(Rebate_Lookup[REB_MOQ_2],MATCH(A68,Rebate_Lookup[SKU CODE],0)), IF(O68=3,INDEX(Rebate_Lookup[REB_MOQ_3],MATCH(A68,Rebate_Lookup[SKU CODE],0)), IF(O68=4,INDEX(Rebate_Lookup[REB_MOQ_4],MATCH(A68,Rebate_Lookup[SKU CODE],0)), "#err"))))) -> 2 | L68: =IF(H68*I68= 0,"",ROUND(H68*I68,2)) -> 200000 | M68: =IF(OR(H68=0,J68=""),"",ROUND(H68*J68,2)) -> 64770 | N68: =IF(OR(H68=0,H68=""),"",M68) -> 64770 | O68: =IF(H68="","",INDEX(Rebate_Lookup[Qualified Rebate Tier],MATCH(A68,Rebate_Lookup[SKU CODE],0))) -> 1 | P68: =IF( K68="", IF(OR(H68=0,H68=""),"",L68), IF(OR(H68=0,H68=""),"",ROUND((I68-K68)*H68,2)) ) -> 198000 | Q68: =IF(OR(ISBLANK(H68),ISBLANK(I68)),"",ROUND(P68/H68,2)) -> 198 | T68: {=IF(OR(H68="",H68=0), ROUND(_xlfn.XLOOKUP(1,(PRICING[SKU]=A68)*(PRICING[Set]=1),PRICING[Standard Use Rate (oz/M)]),2),ROUND( _xlfn.XLOOKUP( 1, (PRICING[SKU]=A68)* (PRICING[Set]=IF( _xlfn.XLOOKUP(A68,Rebate_Lookup[SKU CODE],Rebate_Lookup[MOQ_2])=0, 1, IF( AND( _xlfn.XLOOKUP(A68,Rebate_Lookup[SKU CODE],Rebate_Lookup[MOQ_3])=0, H68>=_xlfn.XLOOKUP(A68,Rebate_Lookup[SKU CODE],Rebate_Lookup[MOQ_2]) ), 2, IF( AND( H68>=_xlfn.XLOOKUP(A68,Rebate_Lookup[SKU CODE],Rebate_Lookup[MOQ_1]), H68<_xlfn.XLOOKUP(A68,Rebate_Lookup[SKU CODE],Rebate_Lookup[MOQ_2]) ), 1, IF( AND( H68>=_xlfn.XLOOKUP(A68,Rebate_Lookup[SKU CODE],Rebate_Lookup[MOQ_2]), OR( _xlfn.XLOOKUP(A68,Rebate_Lookup[SKU CODE],Rebate_Lookup[MOQ_3])=0, H68<_xlfn.XLOOKUP(A68,Rebate_Lookup[SKU CODE],Rebate_Lookup[MOQ_3]) ) ), 2, IF( OR( AND( _xlfn.XLOOKUP(A68,Rebate_Lookup[SKU CODE],Rebate_Lookup[MOQ_4])=0, H68>=_xlfn.XLOOKUP(A68,Rebate_Lookup[SKU CODE],Rebate_Lookup[MOQ_3]) ), AND( _xlfn.XLOOKUP(A68,Rebate_Lookup[SKU CODE],Rebate_Lookup[MOQ_4])>0, H68>=_xlfn.XLOOKUP(A68,Rebate_Lookup[SKU CODE],Rebate_Lookup[MOQ_3]), H68<_xlfn.XLOOKUP(A68,Rebate_Lookup[SKU CODE],Rebate_Lookup[MOQ_4]) ) ), 3, IF( AND( _xlfn.XLOOKUP(A68,Rebate_Lookup[SKU CODE],Rebate_Lookup[MOQ_4])>0, H68>=_xlfn.XLOOKUP(A68,Rebate_Lookup[SKU CODE],Rebate_Lookup[MOQ_4]) ), 4, 1 ) ) ) ) ) )), PRICING[Standard Use Rate (oz/M)] ), 2 ))} -> 2 | U68: =ROUND(T68*43.56,2) -> 87.12 | V68: =IF(AND(TRIM(U68)<>"",TRIM(H68)<>""),ROUND(H68*INDEX(PRICING[Package Ounces],MATCH(A68,PRICING[SKU],0))/U68,2),"") -> 9182.74 | W68: =IF(H68<>0,ROUND(P68/V68,2),0) -> 21.56 | X68: =ROUND(W68/43.56,2) -> 0.49
L69: =SUM(L45:L68) -> 200000 | M69: =SUM(M45:M68) -> 64770 | N69: =SUM(N45:N68) -> 64770 | P69: =SUM(P45:P68) -> 198000
J71: **ERROR**: MISSING PRICE INPUT VALUE
I72: =IF(COUNTIFS(H45:H68,"<>",I45:I68,"")>0,"**ERROR**: MISSING PRICE INPUT VALUE","")
D75: Summary
D76: Summary is provided as an estimate only. See program rules and conditions.
D78: Estimated Total Before Off Invoice Discounts: | G78: =J41+L69 -> 200000 | K78: *Pricing for all states except CA or WA. Must be purchased on a single invoice to receive volume discount price. Purchase tier amount credited for non-agency products is predetermined by Envu. **Must be registered in Envu Horizon and accept current Terms and Conditions to participate. ***Customer Envu Horizon Early Order Program cumulative purchases (Aug. 1 - Dec. 4, 2026) must be $5,000 or more to qualify for program rebates. ++Specticle® FLO is not eligible for Envu Extras or tier rebates. New members signed up before Dec. 31, 2026, will receive 2026 Envu Horizon Early Order Program rebates. All rebates for 2026 Envu Horizon Early Order Program will be paid in points, which can be redeemed for thousands of catalog items, distributor credits and/or company checks (no checks can be issued to a third party). All Products must be invoiced between Oct. 1 and Dec. 4, 2026, to qualify. Rebate calculations will be based on the date of actual product invoice and calculator tools are provided for estimation purposes only. Rebates will only be paid or delivered to the company or name listed on the invoice. Please allow for rebates to be fulfilled by July 31, 2027. End users are only eligible for one Envu incentive program on these invoiced products. Resale of product(s) purchased within this program will not qualify for rebates. If questions arise, please contact Envu Horizon Headquarters at 1-888-456-6464 or email info@envuhorizon.com. Envu reserves the right to modify any portion thereof, or discontinue this program without prior notice. ALWAYS READ AND FOLLOW LABEL INSTRUCTIONS. Environmental Science U.S. LLC, 5000 CentreGreen Way, Suite 400, Cary, NC 27513. For additional product information, call toll-free 1-800-331-2867. www.envu.com. Not all products are registered in all states. Envu® and the Envu logo are trademarks owned by Environmental Science U.S. LLC or one of its affiliates. Other trademarks are the property of their respective owners. ©2026 Environmental Science U.S. LLC.
D79: Estimated Invoice Total: | G79: =L41+L69 -> 200000
D80: Estimated Off-Invoice Discount: | G80: =IFERROR(ROUND(H80/G78,3),"n/a") -> 0 | H80: =G78-G79 -> 0
D81: Volume Buy Rebate, Envu Extras & Tier Rebates:
D82: Estimated Total Volume Buy Rebate: | G82: =IFERROR(ROUND(H82/G79,3),"n/a") -> 0.01 | H82: =P41+(L69-P69) -> 2000
D83: Estimated Tier Rebate Amount: | G83: =IF(S6=TRUE,S5,IF(T6=TRUE,T5,IF(U6=TRUE,U5,IF(V6=TRUE,V5,IF(W6=TRUE,W5,IF(X6=TRUE,X5,"n/a")))))) -> 0.06 | H83: =IFERROR(ROUND((SUM(L15:L40)-SUMIF(E15:E40,"*Specticle*FLO*",L15:L40))*$G$83,2),"n/a") -> 0
D84: Estimated Dismiss NXT Rebate (8+ units): | G84: =S9 -> n/a | H84: =IFERROR(ROUND((SUM(L15:L40)-SUMIF(E15:E40,"*Specticle*FLO*",L15:L40))*$G$84,2),"n/a") -> n/a
D85: Estimated Scion Rebate (16+ units): | G85: =V9 -> n/a | H85: =IFERROR(ROUND((SUM(L15:L40)-SUMIF(E15:E40,"*Specticle*FLO*",L15:L40))*$G$85,2),"n/a") -> n/a
D86: October Bonus | G86: =IF(L41+L69>5000,IF(R10="Yes",2%,"n/a"),"n/a") -> 0.02 | H86: {=_xlfn.LET( _xlpm.v, ROUND( SUM( _xlfn._xlws.FILTER( L15:L40, (_xlfn.XLOOKUP(A15:A40,PRICING[SKU],PRICING[October Bonus],FALSE)=TRUE) ) )*$G$86, 2 ), IFERROR(IF(_xlpm.v=0,"n/a",_xlpm.v),"n/a") )} -> n/a
D87: Estimated Total Rebate: | G87: =SUM(G82:G86) -> 0.09 | H87: =SUM(H82:H86) -> 2000
D88: Estimated Total Savings (Rebates + Off Invoice Discounts): | G88: =IFERROR(ROUND(H88/G79,3),"n/a") -> 0.01 | H88: =H87+H80 -> 2000
D89: Estimated Net Total after Rebates & Discounts: | G89: =G79-H87 -> 198000
D91: =CONCATENATE("Estimated Envu Horizon points to be earned: ",TEXT(IF(AND(H87 <>"", H87 > 0),H87*100, 0),"#,##0")) -> Estimated Envu Horizon points to be earned: 200,000

Sheet SUMMARY-UNITS(2026)
D2: =Estimates!D4 -> NAME YOUR DRAFT ORDER HERE:
D3: Description: | E3: =IF(Estimates!E5="","",Estimates!E5)
D4: Distributor/DSR: | E4: =IF(Estimates!E6="","",Estimates!E6)
D5: Envu Horizon ID: | E5: =IF(Estimates!E7="","",Estimates!E7)
D6: Last Updated: | E6: =IF(Estimates!E8="","",Estimates!E8)
D7: Created For: | E7: =IF(Estimates!E9="","",Estimates!E9)
D8: Page 1 of 1
A11: SKU CODE | B11: VOLUME BUY MET | D11: PRODUCT NAME | E11: UNIT SIZE | F11: Category | G11: # UNITS | H11: IN-SEASON PRICE/UNIT | I11: EOP PRICE/UNIT | J11: SUBTOTAL (before rebates & discounts) | K11: SUBTOTAL (after rebates & discounts) | L11: NET PRICE/UNIT (after rebate)
A14: D00000903-1 | B14: =G14>0 -> FALSE | D14: =Estimates!E15 -> Altus® | E14: =Estimates!F15 -> 64 oz | F14: =Estimates!G15 -> Insecticide | G14: =Estimates!H15 -> 0 | H14: =Estimates!I15 -> 471.04 | I14: =Estimates!K15 -> 471.04 | J14: =Estimates!L15 | K14: =Estimates!S15 | L14: =K14/G14 -> #VALUE!
A15: D00000903-2 | B15: =G15>0 -> FALSE | D15: =Estimates!E16 -> Altus® | E15: =Estimates!F16 -> 64 oz | F15: =Estimates!G16 -> Insecticide | G15: =Estimates!H16 -> 0 | H15: =Estimates!I16 -> 471.04 | I15: =Estimates!K16 -> 447.36 | J15: =Estimates!L16 | K15: =Estimates!S16 | L15: =K15/G15 -> #VALUE!
A16: D00000903-3 | B16: =G16>0 -> FALSE | D16: =Estimates!E17 -> Altus® | E16: =Estimates!F17 -> 64 oz | F16: =Estimates!G17 -> Insecticide | G16: =Estimates!H17 -> 0 | H16: =Estimates!I17 -> 471.04 | I16: =Estimates!K17 -> 423.68 | J16: =Estimates!L17 | K16: =Estimates!S17 | L16: =K16/G16 -> #VALUE!
A17: D00001204 | B17: =G17>0 -> FALSE | D17: =Estimates!E18 -> Celsius® WG | E17: =Estimates!F18 -> 10 oz | F17: =Estimates!G18 -> Herbicide | G17: =Estimates!H18 -> 0 | H17: =Estimates!I18 -> 137.2 | I17: =Estimates!K18 -> 133.2 | J17: =Estimates!L18 | K17: =Estimates!S18 | L17: =K17/G17 -> #VALUE!
A18: D00000911 | B18: =G18>0 -> FALSE | D18: =Estimates!E19 -> Celsius® XTRA | E18: =Estimates!F19 -> 10 oz | F18: =Estimates!G19 -> Herbicide | G18: =Estimates!H19 -> 0 | H18: =Estimates!I19 -> 165.3 | I18: =Estimates!K19 -> 165.3 | J18: =Estimates!L19 | K18: =Estimates!S19 | L18: =K18/G18 -> #VALUE!
A19: 11008409 | B19: =G19>0 -> FALSE | D19: =Estimates!E20 -> Dismiss® NXT Herbicide | E19: =Estimates!F20 -> 10 oz | F19: =Estimates!G20 -> Herbicide | G19: =Estimates!H20 -> 0 | H19: =Estimates!I20 -> 99.1 | I19: =Estimates!K20 -> 94.3 | J19: =Estimates!L20 | K19: =Estimates!S20 | L19: =K19/G19 -> #VALUE!
A20: 11008589 | B20: =G20>0 -> FALSE | D20: =Estimates!E21 -> Dismiss® NXT Herbicide | E20: =Estimates!F21 -> 60 oz | F20: =Estimates!G21 -> Herbicide | G20: =Estimates!H21 -> 0 | H20: =Estimates!I21 -> 528 | I20: =Estimates!K21 -> 512.4 | J20: =Estimates!L21 | K20: =Estimates!S21 | L20: =K20/G20 -> #VALUE!
A21: 11015390 | B21: =G21>0 -> FALSE | D21: =Estimates!E22 -> Durentis® Insecticide | E21: =Estimates!F22 -> 16 oz | F21: =Estimates!G22 -> Insecticide | G21: =Estimates!H22 -> 0 | H21: =Estimates!I22 -> 658.72 | I21: =Estimates!K22 -> 560.64 | J21: =Estimates!L22 | K21: =Estimates!S22 | L21: =K21/G21 -> #VALUE!
A22: 11015391 | B22: =G22>0 -> FALSE | D22: =Estimates!E23 -> Durentis® Insecticide | E22: =Estimates!F23 -> 64 oz | F22: =Estimates!G23 -> Insecticide | G22: =Estimates!H23 -> 0 | H22: =Estimates!I23 -> 2470.4 | I22: =Estimates!K23 -> 2100.48 | J22: =Estimates!L23 | K22: =Estimates!S23 | L22: =K22/G22 -> #VALUE!
A23: 11008464 | B23: =G23>0 -> FALSE | D23: =Estimates!E24 -> Echelon® 4SC Herbicide | E23: =Estimates!F24 -> 1 gal | F23: =Estimates!G24 -> Herbicide | G23: =Estimates!H24 -> 0 | H23: =Estimates!I24 -> 464.64 | I23: =Estimates!K24 -> 464.64 | J23: =Estimates!L24 | K23: =Estimates!S24 | L23: =K23/G23 -> #VALUE!
A24: 11008557 | B24: =G24>0 -> FALSE | D24: =Estimates!E25 -> Fame® SC Fungicide | E24: =Estimates!F25 -> 64 oz | F24: =Estimates!G25 -> Fungicide | G24: =Estimates!H25 -> 0 | H24: =Estimates!I25 -> 1652.48 | I24: =Estimates!K25 -> 1652.48 | J24: =Estimates!L25 | K24: =Estimates!S25 | L24: =K24/G24 -> #VALUE!
A25: 11009500 | B25: =G25>0 -> FALSE | D25: =Estimates!E26 -> Fame® SC Fungicide | E25: =Estimates!F26 -> 2.5 gal | F25: =Estimates!G26 -> Fungicide | G25: =Estimates!H26 -> 0 | H25: =Estimates!I26 -> 7462.4 | I25: =Estimates!K26 -> 7462.4 | J25: =Estimates!L26 | K25: =Estimates!S26 | L25: =K25/G25 -> #VALUE!
A26: 79545312 | B26: =G26>0 -> FALSE | D26: =Estimates!E27 -> Revolver® | E26: =Estimates!F27 -> 87 fl oz | F26: =Estimates!G27 -> Herbicide | G26: =Estimates!H27 -> 0 | H26: =Estimates!I27 -> 832.59 | I26: =Estimates!K27 -> 808.23 | J26: =Estimates!L27 | K26: =Estimates!S27 | L26: =K26/G26 -> #VALUE!
A27: 11009495 | B27: =G27>0 -> FALSE | D27: =Estimates!E28 -> Scion® with UVX Technology | E27: =Estimates!F28 -> 32 oz | F27: =Estimates!G28 -> Insecticide | G27: =Estimates!H28 -> 0 | H27: =Estimates!I28 -> 164.53 | I27: =Estimates!K28 -> 164.53 | J27: =Estimates!L28 | K27: =Estimates!S28 | L27: =K27/G27 -> #VALUE!
A28: 11008522 | B28: =G28>0 -> FALSE | D28: =Estimates!E29 -> Solitare® Herbicide | E28: =Estimates!F29 -> 4 lb | F28: =Estimates!G29 -> Herbicide | G28: =Estimates!H29 -> 0 | H28: =Estimates!I29 -> 611.08 | I28: =Estimates!K29 -> 611.08 | J28: =Estimates!L29 | K28: =Estimates!S29 | L28: =K28/G28 -> #VALUE!
A29: 11013862 | B29: =G29>0 -> FALSE | D29: =Estimates!E30 -> Solitare® WSL Herbicide | E29: =Estimates!F30 -> 2.5 gal | F29: =Estimates!G30 -> Herbicide | G29: =Estimates!H30 -> 0 | H29: =Estimates!I30 -> 268.8 | I29: =Estimates!K30 -> 268.8 | J29: =Estimates!L30 | K29: =Estimates!S30 | L29: =K29/G29 -> #VALUE!
A30: D00000991 | B30: =G30>0 -> FALSE | D30: =Estimates!E31 -> Specticle® FLO | E30: =Estimates!F31 -> 18 oz | F30: =Estimates!G31 -> Herbicide | G30: =Estimates!H31 -> 0 | H30: =Estimates!I31 -> 340.02 | I30: =Estimates!K31 -> 340.02 | J30: =Estimates!L31 | K30: =Estimates!S31 | L30: =K30/G30 -> #VALUE!
A31: D00000990-1 | B31: =G31>0 -> FALSE | D31: =Estimates!E32 -> Specticle® FLO | E31: =Estimates!F32 -> 1 gal | F31: =Estimates!G32 -> Herbicide | G31: =Estimates!H32 -> 0 | H31: =Estimates!I32 -> 2232.32 | I31: =Estimates!K32 -> 2143.03 | J31: =Estimates!L32 | K31: =Estimates!S32 | L31: =K31/G31 -> #VALUE!
A32: D00000990-2 | B32: =G32>0 -> FALSE | D32: =Estimates!E33 -> Specticle® FLO | E32: =Estimates!F33 -> 1 gal | F32: =Estimates!G33 -> Herbicide | G32: =Estimates!H33 -> 0 | H32: =Estimates!I33 -> 2232.32 | I32: =Estimates!K33 -> 2098.38 | J32: =Estimates!L33 | K32: =Estimates!S33 | L32: =K32/G32 -> #VALUE!
A33: D00000990-3 | B33: =G33>0 -> FALSE | D33: =Estimates!E34 -> Specticle® FLO | E33: =Estimates!F34 -> 1 gal | F33: =Estimates!G34 -> Herbicide | G33: =Estimates!H34 -> 0 | H33: =Estimates!I34 -> 1916.16 | I33: =Estimates!K34 -> 1839.51 | J33: =Estimates!L34 | K33: =Estimates!S34 | L33: =K33/G33 -> #VALUE!
A34: D00000990-4 | B34: =G34>0 -> FALSE | D34: =Estimates!E35 -> Specticle® FLO | E34: =Estimates!F35 -> 1 gal | F34: =Estimates!G35 -> Herbicide | G34: =Estimates!H35 -> 0 | H34: =Estimates!I35 -> 1916.16 | I34: =Estimates!K35 -> 1820.35 | J34: =Estimates!L35 | K34: =Estimates!S35 | L34: =K34/G34 -> #VALUE!
A35: D00000992 | B35: =G35>0 -> FALSE | D35: =Estimates!E36 -> Specticle® G | E35: =Estimates!F36 -> 50 lb | F35: =Estimates!G36 -> Herbicide | G35: =Estimates!H36 -> 0 | H35: =Estimates!I36 -> 139 | I35: =Estimates!K36 -> 139 | J35: =Estimates!L36 | K35: =Estimates!S36 | L35: =K35/G35 -> #VALUE!
A36: 86797658 | B36: =G36>0 -> FALSE | D36: =Estimates!E37 -> Tetrino® | E36: =Estimates!F37 -> 1 gal | F36: =Estimates!G37 -> Insecticide | G36: =Estimates!H37 -> 0 | H36: =Estimates!I37 -> 606.72 | I36: =Estimates!K37 -> 606.72 | J36: =Estimates!L37 | K36: =Estimates!S37 | L36: =K36/G36 -> #VALUE!
A37: 81746257 | B37: =G37>0 -> FALSE | D37: =Estimates!E38 -> Tribute® Total | E37: =Estimates!F38 -> 6 oz | F37: =Estimates!G38 -> Herbicide | G37: =Estimates!H38 -> 0 | H37: =Estimates!I38 -> 445.8 | I37: =Estimates!K38 -> 445.8 | J37: =Estimates!L38 | K37: =Estimates!S38 | L37: =K37/G37 -> #VALUE!
A38: 11008520 | B38: =G38>0 -> FALSE | D38: =Estimates!E39 -> Triple Crown® T&O Insecticide | E38: =Estimates!F39 -> 1 gal | F38: =Estimates!G39 -> Insecticide | G38: =Estimates!H39 -> 0 | H38: =Estimates!I39 -> 371.2 | I38: =Estimates!K39 -> 371.2 | J38: =Estimates!L39 | K38: =Estimates!S39 | L38: =K38/G38 -> #VALUE!
A39: 11008590 | B39: =G39>0 -> FALSE | D39: =Estimates!E40 -> Xonerate® 2SC Herbicide | E39: =Estimates!F40 -> 12 oz | F39: =Estimates!G40 -> Herbicide | G39: =Estimates!H40 -> 0 | H39: =Estimates!I40 -> 496.32 | I39: =Estimates!K40 -> 351.12 | J39: =Estimates!L40 | K39: =Estimates!S40 | L39: =K39/G39 -> #VALUE!
D40: NON-AGENCY PRODUCTS
A42: 87300722 | B42: =G42>0 -> FALSE | D42: =Estimates!E45 -> Acclaim Extra® | E42: =Estimates!F45 -> 1 gal | F42: =Estimates!G45 -> Herbicide | G42: =Estimates!H45 -> 0 | I42: =IF(OR(G42=0,G42=""),"",Estimates!I45) | J42: =Estimates!L45 | K42: =Estimates!P45 | L42: =Estimates!Q45
A43: 7271250 | B43: =G43>0 -> FALSE | D43: =Estimates!E46 -> Acclaim Extra® | E43: =Estimates!F46 -> 16 oz | F43: =Estimates!G46 -> Herbicide | G43: =Estimates!H46 -> 0 | I43: =IF(OR(G43=0,G43=""),"",Estimates!I46) | J43: =Estimates!L46 | K43: =Estimates!P46 | L43: =Estimates!Q46
A44: D00000898 | B44: =G44>0 -> FALSE | D44: =Estimates!E47 -> Armada® 50 WDG | E44: =Estimates!F47 -> 2 lb | F44: =Estimates!G47 -> Fungicide | G44: =Estimates!H47 -> 0 | I44: =IF(OR(G44=0,G44=""),"",Estimates!I47) | J44: =Estimates!L47 | K44: =Estimates!P47 | L44: =Estimates!Q47
A45: 11008351 | B45: =G45>0 -> FALSE | D45: =Estimates!E48 -> Blindside® Herbicide | E45: =Estimates!F48 -> 0.5 lb | F45: =Estimates!G48 -> Herbicide | G45: =Estimates!H48 -> 0 | I45: =IF(OR(G45=0,G45=""),"",Estimates!I48) | J45: =Estimates!L48 | K45: =Estimates!P48 | L45: =Estimates!Q48
A46: 11008357 | B46: =G46>0 -> FALSE | D46: =Estimates!E49 -> Dismiss® CA Herbicide | E46: =Estimates!F49 -> 6 oz | F46: =Estimates!G49 -> Herbicide | G46: =Estimates!H49 -> 0 | I46: =IF(OR(G46=0,G46=""),"",Estimates!I49) | J46: =Estimates!L49 | K46: =Estimates!P49 | L46: =Estimates!Q49
A47: 11008474 | B47: =G47>0 -> FALSE | D47: =Estimates!E50 -> Dismiss® South Herbicide | E47: =Estimates!F50 -> 1 pint | F47: =Estimates!G50 -> Herbicide | G47: =Estimates!H50 -> 0 | I47: =IF(OR(G47=0,G47=""),"",Estimates!I50) | J47: =Estimates!L50 | K47: =Estimates!P50 | L47: =Estimates!Q50
A48: 11008475 | B48: =G48>0 -> FALSE | D48: =Estimates!E51 -> Dismiss® Turf Herbicide | E48: =Estimates!F51 -> 6 oz | F48: =Estimates!G51 -> Herbicide | G48: =Estimates!H51 -> 0 | I48: =IF(OR(G48=0,G48=""),"",Estimates!I51) | J48: =Estimates!L51 | K48: =Estimates!P51 | L48: =Estimates!Q51
A49: 11008336 | B49: =G49>0 -> FALSE | D49: =Estimates!E52 -> Dismiss® Turf Herbicide | E49: =Estimates!F52 -> 64 oz | F49: =Estimates!G52 -> Herbicide | G49: =Estimates!H52 -> 0 | I49: =IF(OR(G49=0,G49=""),"",Estimates!I52) | J49: =Estimates!L52 | K49: =Estimates!P52 | L49: =Estimates!Q52
A50: NA | B50: =G50>0 -> FALSE | D50: =Estimates!E53 -> Durentis® 0.058% On-Fertilizer | E50: =Estimates!F53 -> 50 lb | F50: =Estimates!G53 -> Insecticide | G50: =Estimates!H53 -> 0 | I50: =IF(OR(G50=0,G50=""),"",Estimates!I53) | J50: =Estimates!L53 | K50: =Estimates!P53 | L50: =Estimates!Q53
A51: NA-1 | B51: =G51>0 -> FALSE | D51: =Estimates!E54 -> Durentis® 0.067% On-Fertilizer | E51: =Estimates!F54 -> 50 lb | F51: =Estimates!G54 -> Insecticide | G51: =Estimates!H54 -> 0 | I51: =IF(OR(G51=0,G51=""),"",Estimates!I54) | J51: =Estimates!L54 | K51: =Estimates!P54 | L51: =Estimates!Q54
A52: D00001040 | B52: =G52>0 -> FALSE | D52: =Estimates!E55 -> Dylox® 420 SL | E52: =Estimates!F55 -> 2.5 gal | F52: =Estimates!G55 -> Insecticide | G52: =Estimates!H55 -> 0 | I52: =IF(OR(G52=0,G52=""),"",Estimates!I55) | J52: =Estimates!L55 | K52: =Estimates!P55 | L52: =Estimates!Q55
A53: D00001041 | B53: =G53>0 -> FALSE | D53: =Estimates!E56 -> Dylox® 6.2 G | E53: =Estimates!F56 -> 30 lb | F53: =Estimates!G56 -> Insecticide | G53: =Estimates!H56 -> 0 | I53: =IF(OR(G53=0,G53=""),"",Estimates!I56) | J53: =Estimates!L56 | K53: =Estimates!P56 | L53: =Estimates!Q56
A54: D00000961 | B54: =G54>0 -> FALSE | D54: =Estimates!E57 -> Merit® 2F® | E54: =Estimates!F57 -> 1 gal | F54: =Estimates!G57 -> Insecticide | G54: =Estimates!H57 -> 0 | I54: =IF(OR(G54=0,G54=""),"",Estimates!I57) | J54: =Estimates!L57 | K54: =Estimates!P57 | L54: =Estimates!Q57
A55: D00000962 | B55: =G55>0 -> FALSE | D55: =Estimates!E58 -> Merit WP 75 | E55: =Estimates!F58 -> 1.6 oz | F55: =Estimates!G58 -> Insecticide | G55: =Estimates!H58 -> 0 | I55: =IF(OR(G55=0,G55=""),"",Estimates!I58) | J55: =Estimates!L58 | K55: =Estimates!P58 | L55: =Estimates!Q58
A56: 11008447 | B56: =G56>0 -> FALSE | D56: =Estimates!E59 -> QuickSilver® Herbicide | E56: =Estimates!F59 -> 8 oz | F56: =Estimates!G59 -> Herbicide | G56: =Estimates!H59 -> 0 | I56: =IF(OR(G56=0,G56=""),"",Estimates!I59) | J56: =Estimates!L59 | K56: =Estimates!P59 | L56: =Estimates!Q59
